Workbook

Sheet MUTABAKAT LİSTE indirimli 
A1: NO | B1: FİRMA | C1: ÜLKE | D1: SÖZL. TARİHİ | E1: SALON NO | F1: STAND NO | G1: KİRALANAN ALAN (M2) | H1: M2 BİRİM FİYATI | I1: 2. KAT UYG. ÜCRETİ | J1: STANDART STAND KURULUMU M2 | K1: STANDART STAND ÜCRETİ | L1: KATALOG VE REKLAM ÜCRETİ | M1: EKSTRA HİZMET ÜCRETİ | N1: YAPILAN İNDİRİM ORANI(%) | O1: İNDİRİM MİKTARI | P1: YAPILAN İNDİRİM ORANI | Q1: İNDİRİM MİKTARI | R1: STAND SATIŞLARI (KDV.SİZ) | S1: STAND SATIŞLARI KDV | T1: ELEKTRİK HİZMET BEDELİ | U1: TOPLAM SÖZLEŞME BEDELİ (KDV SİZ) | V1: KDV | W1: DAMGA VERGİSİ | X1: TOPLAM SÖZLEŞME BEDELİ (KDV Lİ) | Y1: EKSTRA STAND MALZ. VE EKSTRA HİZMET (KDV.SİZ) | Z1: EKSTRA STAND MALZ. VE EKSTRA HİZMET (KDV.Lİ) | AA1: KATALOG REKLAM. VE REKLAM PANOSU GELİRLERİ (KDV.SİZ) | AB1: KATALOG REKLAM. VE REKLAM PANOSU GELİRLERİ(KDV.Lİ) | AC1: GÜMRÜK VE NAKLİYE HİZMET GELİRLERİ (KDV.SİZ) | AD1: GÜMRÜK VE NAKLİYE HİZMET GELİRLERİ (KDV.Lİ) | AE1: ÖDENECEK KDV.SİZ TOPLAM | AF1: ÖDENECEK KDV.Lİ (İNDİRİMLİ) TOPLAM | AG1: KDV TUTARI | AH1: ÖDENECEK (KDV.Lİ) | AI1: ÖDENECEK VAKIF PAYI (KDV.SİZ) | AJ1: ÖDENEN DAMGA VERGİSİ | AK1: ÖDENEN SÖZLEŞME BEDELİ | AL1: ÖDENEN SÖZLEŞME BEDELİ (KDV Lİ DV DÜŞÜLMÜŞ) | AM1: ÖDENENDEN VAKIF PAYI (KDV.SİZ) | AN1: BAKİYE (KDV.Lİ) | AO1: TÜYAPTAN VAKFA ÖDENECEK İLAVE PAY | AP1: FİRMALARIN YAPTIĞI FAZLA ÖDEME TUTARI | AQ1: TAHSİL EDİLECEK BAKİYE | AR1: FİRMALARIN YAPTIĞI FAZLA ÖDEME | AT1: FİRMANIN KALAN DAMGA VERGİSİ
A2: 1 | B2: =#REF! -> #REF! | C2: =#REF! -> #REF! | D2: =#REF! -> #REF! | G2: =#REF! -> #REF! | H2: =#REF! -> #REF! | I2: =#REF! -> #REF! | J2: =#REF! -> #REF! | K2: =J2*50 -> #REF! | P2: =#REF! -> #REF! | Q2: =R2*P2 -> #REF! | R2: =#REF!+I2 -> #REF! | T2: =#REF! -> #REF! | U2: =R2+T2 -> #REF! | V2: =U2*0.18 -> #REF! | W2: =U2*16.5/1000 -> #REF! | X2: =U2+V2+W2 -> #REF! | Y2: =#REF!+#REF!+#REF!+#REF!+#REF! -> #REF! | Z2: =#REF!+#REF!+#REF!+#REF!+#REF! -> #REF! | AA2: =#REF! -> #REF! | AB2: =#REF! -> #REF! | AD2: =AC2*1.18 -> 0 | AE2: =U2+Y2+AA2+AC2 -> #REF! | AF2: =X2+Z2+AB2+AD2 -> #REF! | AI2: =AE2/2 -> #REF! | AJ2: 181.5 | AK2: =AL2/1.18 -> #REF! | AL2: =#REF!-AJ2 -> #REF! | AM2: =AK2/2 -> #REF! | AN2: =AF2-AL2-AJ2 -> #REF! | AT2: =W2-AJ2 -> #REF!
A3: =A2+1 -> 2 | B3: =#REF! -> #REF! | C3: =#REF! -> #REF! | D3: =#REF! -> #REF! | G3: =#REF! -> #REF! | H3: =#REF! -> #REF! | I3: =#REF! -> #REF! | J3: =#REF! -> #REF! | K3: =J3*50 -> #REF! | P3: =#REF! -> #REF! | Q3: =R3*P3 -> #REF! | R3: =#REF!+I3 -> #REF! | T3: =#REF! -> #REF! | U3: =R3+T3 -> #REF! | V3: =U3*0.18 -> #REF! | W3: =U3*16.5/1000 -> #REF! | X3: =U3+V3+W3 -> #REF! | Y3: =#REF!+#REF!+#REF!+#REF!+#REF! -> #REF! | Z3: =#REF!+#REF!+#REF!+#REF!+#REF! -> #REF! | AA3: =#REF! -> #REF! | AB3: =#REF! -> #REF! | AD3: =AC3*1.18 -> 0 | AE3: =U3+Y3+AA3+AC3 -> #REF! | AF3: =X3+Z3+AB3+AD3 -> #REF! | AI3: =AE3/2 -> #REF! | AJ3: 377.52 | AK3: =AL3/1.18 -> #REF! | AL3: =#REF!-AJ3 -> #REF! | AM3: =AK3/2 -> #REF! | AN3: =AF3-AL3-AJ3 -> #REF! | AT3: =W3-AJ3 -> #REF!
A4: =A3+1 -> 3 | B4: =#REF! -> #REF! | C4: =#REF! -> #REF! | D4: =#REF! -> #REF! | G4: =#REF! -> #REF! | H4: =#REF! -> #REF! | I4: =#REF! -> #REF! | J4: =#REF! -> #REF! | K4: =J4*50 -> #REF! | P4: =#REF! -> #REF! | Q4: =R4*P4 -> #REF! | R4: =#REF!+I4 -> #REF! | T4: =#REF! -> #REF! | U4: =R4+T4 -> #REF! | V4: =U4*0.18 -> #REF! | W4: =U4*16.5/1000 -> #REF! | X4: =U4+V4+W4 -> #REF! | Y4: =#REF!+#REF!+#REF!+#REF!+#REF! -> #REF! | Z4: =#REF!+#REF!+#REF!+#REF!+#REF! -> #REF! | AA4: =#REF! -> #REF! | AB4: =#REF! -> #REF! | AD4: =AC4*1.18 -> 0 | AE4: =U4+Y4+AA4+AC4 -> #REF! | AF4: =X4+Z4+AB4+AD4 -> #REF! | AI4: =AE4/2 -> #REF! | AJ4: 484.44 | AK4: =AL4/1.18 -> #REF! | AL4: =#REF!-AJ4 -> #REF! | AM4: =AK4/2 -> #REF! | AN4: =AF4-AL4-AJ4 -> #REF! | AT4: =W4-AJ4 -> #REF!
A5: =A4+1 -> 4 | B5: =#REF! -> #REF! | C5: =#REF! -> #REF! | D5: =#REF! -> #REF! | G5: =#REF! -> #REF! | H5: =#REF! -> #REF! | I5: =#REF! -> #REF! | J5: =#REF! -> #REF! | K5: =J5*50 -> #REF! | P5: =#REF! -> #REF! | Q5: =R5*P5 -> #REF! | R5: =#REF!+I5 -> #REF! | T5: =#REF! -> #REF! | U5: =R5+T5 -> #REF! | V5: =U5*0.18 -> #REF! | W5: =(U5*16.5/1000)+252.78 -> #REF! | X5: =U5+V5+W5 -> #REF! | Y5: =#REF!+#REF!+#REF!+#REF!+#REF! -> #REF! | Z5: =#REF!+#REF!+#REF!+#REF!+#REF! -> #REF! | AA5: =#REF! -> #REF! | AB5: =#REF! -> #REF! | AD5: =AC5*1.18 -> 0 | AE5: =U5+Y5+AA5+AC5 -> #REF! | AF5: =X5+Z5+AB5+AD5 -> #REF! | AI5: =AE5/2 -> #REF! | AJ5: =(451/1.782)+216.83 -> 469.91642 | AK5: =AL5/1.18 -> #REF! | AL5: =#REF!-AJ5 -> #REF! | AM5: =AK5/2 -> #REF! | AN5: =AF5-AL5-AJ5 -> #REF! | AT5: =W5-AJ5 -> #REF!
A6: =A5+1 -> 5 | B6: =#REF! -> #REF! | C6: =#REF! -> #REF! | D6: =#REF! -> #REF! | G6: =#REF! -> #REF! | H6: =#REF! -> #REF! | I6: =#REF! -> #REF! | J6: =#REF! -> #REF! | K6: =J6*50 -> #REF! | P6: =#REF! -> #REF! | Q6: =R6*P6 -> #REF! | R6: =#REF!+I6 -> #REF! | T6: =#REF! -> #REF! | U6: =R6+T6 -> #REF! | V6: =U6*0.18 -> #REF! | W6: =U6*16.5/1000 -> #REF! | X6: =U6+V6+W6 -> #REF! | Y6: =#REF!+#REF!+#REF!+#REF!+#REF! -> #REF! | Z6: =#REF!+#REF!+#REF!+#REF!+#REF! -> #REF! | AA6: =#REF! -> #REF! | AB6: =#REF! -> #REF! | AD6: =AC6*1.18 -> 0 | AE6: =U6+Y6+AA6+AC6 -> #REF! | AF6: =X6+Z6+AB6+AD6 -> #REF! | AI6: =AE6/2 -> #REF! | AJ6: 644.82 | AK6: =AL6/1.18 -> #REF! | AL6: =#REF!-AJ6 -> #REF! | AM6: =AK6/2 -> #REF! | AN6: =AF6-AL6-AJ6 -> #REF! | AT6: =W6-AJ6 -> #REF!
A7: =A6+1 -> 6 | B7: =#REF! -> #REF! | C7: =#REF! -> #REF! | D7: =#REF! -> #REF! | G7: =#REF! -> #REF! | H7: =#REF! -> #REF! | I7: =#REF! -> #REF! | J7: =#REF! -> #REF! | K7: =J7*50 -> #REF! | P7: =#REF! -> #REF! | Q7: =R7*P7 -> #REF! | R7: =#REF!+I7 -> #REF! | T7: =#REF! -> #REF! | U7: =R7+T7 -> #REF! | V7: =U7*0.18 -> #REF! | W7: =U7*16.5/1000 -> #REF! | X7: =U7+V7+W7 -> #REF! | Y7: =#REF!+#REF!+#REF!+#REF!+#REF! -> #REF! | Z7: =#REF!+#REF!+#REF!+#REF!+#REF! -> #REF! | AA7: =#REF! -> #REF! | AB7: =#REF! -> #REF! | AD7: =AC7*1.18 -> 0 | AE7: =U7+Y7+AA7+AC7 -> #REF! | AF7: =X7+Z7+AB7+AD7 -> #REF! | AI7: =AE7/2 -> #REF! | AJ7: 493.35 | AK7: =AL7/1.18 -> #REF! | AL7: =#REF!-AJ7 -> #REF! | AM7: =AK7/2 -> #REF! | AN7: =AF7-AL7-AJ7 -> #REF! | AT7: =W7-AJ7 -> #REF!
A8: =A7+1 -> 7 | B8: =#REF! -> #REF! | C8: =#REF! -> #REF! | D8: =#REF! -> #REF! | G8: =#REF! -> #REF! | H8: =#REF! -> #REF! | I8: =#REF! -> #REF! | J8: =#REF! -> #REF! | K8: =J8*50 -> #REF! | P8: =#REF! -> #REF! | Q8: =R8*P8 -> #REF! | R8: =#REF!+I8 -> #REF! | T8: =#REF! -> #REF! | U8: =R8+T8 -> #REF! | V8: =U8*0.18 -> #REF! | W8: =U8*16.5/1000 -> #REF! | X8: =U8+V8+W8 -> #REF! | Y8: =#REF!+#REF!+#REF!+#REF!+#REF! -> #REF! | Z8: =#REF!+#REF!+#REF!+#REF!+#REF! -> #REF! | AA8: =#REF! -> #REF! | AB8: =#REF! -> #REF! | AD8: =AC8*1.18 -> 0 | AE8: =U8+Y8+AA8+AC8 -> #REF! | AF8: =X8+Z8+AB8+AD8 -> #REF! | AI8: =AE8/2 -> #REF! | AJ8: 270.6 | AK8: =AL8/1.18 -> #REF! | AL8: =#REF!-AJ8 -> #REF! | AM8: =AK8/2 -> #REF! | AN8: =AF8-AL8-AJ8 -> #REF! | AT8: =W8-AJ8 -> #REF!
A9: =A8+1 -> 8 | B9: =#REF! -> #REF! | C9: =#REF! -> #REF! | D9: =#REF! -> #REF! | G9: =#REF! -> #REF! | H9: =#REF! -> #REF! | I9: =#REF! -> #REF! | J9: =#REF! -> #REF! | K9: =J9*50 -> #REF! | P9: =#REF! -> #REF! | Q9: =R9*P9 -> #REF! | R9: =#REF!+I9 -> #REF! | T9: =#REF! -> #REF! | U9: =R9+T9 -> #REF! | V9: =U9*0.18 -> #REF! | W9: =U9*16.5/1000 -> #REF! | X9: =U9+V9+W9 -> #REF! | Y9: =#REF!+#REF!+#REF!+#REF!+#REF! -> #REF! | Z9: =#REF!+#REF!+#REF!+#REF!+#REF! -> #REF! | AA9: =#REF! -> #REF! | AB9: =#REF! -> #REF! | AD9: =AC9*1.18 -> 0 | AE9: =U9+Y9+AA9+AC9 -> #REF! | AF9: =X9+Z9+AB9+AD9 -> #REF! | AI9: =AE9/2 -> #REF! | AJ9: 965.58 | AK9: =AL9/1.18 -> #REF! | AL9: =#REF!-AJ9 -> #REF! | AM9: =AK9/2 -> #REF! | AN9: =AF9-AL9-AJ9 -> #REF! | AT9: =W9-AJ9 -> #REF!
A10: =A9+1 -> 9 | B10: =#REF! -> #REF! | C10: =#REF! -> #REF! | D10: =#REF! -> #REF! | G10: =#REF! -> #REF! | H10: =#REF! -> #REF! | I10: =#REF! -> #REF! | J10: =#REF! -> #REF! | K10: =J10*50 -> #REF! | P10: =#REF! -> #REF! | Q10: =R10*P10 -> #REF! | R10: =#REF!+I10 -> #REF! | T10: =#REF! -> #REF! | U10: =R10+T10 -> #REF! | V10: =U10*0.18 -> #REF! | W10: =U10*16.5/1000 -> #REF! | X10: =U10+V10+W10 -> #REF! | Y10: =#REF!+#REF!+#REF!+#REF!+#REF! -> #REF! | Z10: =#REF!+#REF!+#REF!+#REF!+#REF! -> #REF! | AA10: =#REF! -> #REF! | AB10: =#REF! -> #REF! | AD10: =AC10*1.18 -> 0 | AE10: =U10+Y10+AA10+AC10 -> #REF! | AF10: =X10+Z10+AB10+AD10 -> #REF! | AI10: =AE10/2 -> #REF! | AJ10: 359.7 | AK10: =AL10/1.18 -> #REF! | AL10: =#REF!-AJ10 -> #REF! | AM10: =AK10/2 -> #REF! | AN10: =AF10-AL10-AJ10 -> #REF! | AT10: =W10-AJ10 -> #REF!
A11: =A10+1 -> 10 | B11: =#REF! -> #REF! | C11: =#REF! -> #REF! | D11: =#REF! -> #REF! | G11: =#REF! -> #REF! | H11: =#REF! -> #REF! | I11: =#REF! -> #REF! | J11: =#REF! -> #REF! | K11: =J11*50 -> #REF! | P11: =#REF! -> #REF! | Q11: =R11*P11 -> #REF! | R11: =#REF!+I11 -> #REF! | T11: =#REF! -> #REF! | U11: =R11+T11 -> #REF! | V11: =U11*0.18 -> #REF! | W11: =U11*16.5/1000 -> #REF! | X11: =U11+V11+W11 -> #REF! | Y11: =#REF!+#REF!+#REF!+#REF!+#REF! -> #REF! | Z11: =#REF!+#REF!+#REF!+#REF!+#REF! -> #REF! | AA11: =#REF! -> #REF! | AB11: =#REF! -> #REF! | AD11: =AC11*1.18 -> 0 | AE11: =U11+Y11+AA11+AC11 -> #REF! | AF11: =X11+Z11+AB11+AD11 -> #REF! | AI11: =AE11/2 -> #REF! | AJ11: 350.79 | AK11: =AL11/1.18 -> #REF! | AL11: =#REF!-AJ11 -> #REF! | AM11: =AK11/2 -> #REF! | AN11: =AF11-AL11-AJ11 -> #REF! | AT11: =W11-AJ11 -> #REF!
A12: =A11+1 -> 11 | B12: =#REF! -> #REF! | C12: =#REF! -> #REF! | D12: =#REF! -> #REF! | G12: =#REF! -> #REF! | H12: =#REF! -> #REF! | I12: =#REF! -> #REF! | J12: =#REF! -> #REF! | K12: =J12*50 -> #REF! | P12: =#REF! -> #REF! | Q12: =R12*P12 -> #REF! | R12: =#REF!+I12 -> #REF! | T12: =#REF! -> #REF! | U12: =R12+T12 -> #REF! | V12: =U12*0.18 -> #REF! | W12: =U12*16.5/1000 -> #REF! | X12: =U12+V12+W12 -> #REF! | Y12: =#REF!+#REF!+#REF!+#REF!+#REF! -> #REF! | Z12: =#REF!+#REF!+#REF!+#REF!+#REF! -> #REF! | AA12: =#REF! -> #REF! | AB12: =#REF! -> #REF! | AD12: =AC12*1.18 -> 0 | AE12: =U12+Y12+AA12+AC12 -> #REF! | AF12: =X12+Z12+AB12+AD12 -> #REF! | AI12: =AE12/2 -> #REF! | AJ12: 279.51 | AK12: =AL12/1.18 -> #REF! | AL12: =#REF!-AJ12 -> #REF! | AM12: =AK12/2 -> #REF! | AN12: =AF12-AL12-AJ12 -> #REF! | AT12: =W12-AJ12 -> #REF!
A13: =A12+1 -> 12 | B13: =#REF! -> #REF! | C13: =#REF! -> #REF! | D13: =#REF! -> #REF! | G13: =#REF! -> #REF! | H13: =#REF! -> #REF! | I13: =#REF! -> #REF! | J13: =#REF! -> #REF! | K13: =J13*50 -> #REF! | P13: =#REF! -> #REF! | Q13: =R13*P13 -> #REF! | R13: =#REF!+I13 -> #REF! | T13: =#REF! -> #REF! | U13: =R13+T13 -> #REF! | V13: =U13*0.18 -> #REF! | W13: =U13*16.5/1000 -> #REF! | X13: =U13+V13+W13 -> #REF! | Y13: =#REF!+#REF!+#REF!+#REF!+#REF! -> #REF! | Z13: =#REF!+#REF!+#REF!+#REF!+#REF! -> #REF! | AA13: =#REF! -> #REF! | AB13: =#REF! -> #REF! | AD13: =AC13*1.18 -> 0 | AE13: =U13+Y13+AA13+AC13 -> #REF! | AF13: =X13+Z13+AB13+AD13 -> #REF! | AI13: =AE13/2 -> #REF! | AJ13: =799.67/1.7818 -> 448.79897 | AK13: =AL13/1.18 -> #REF! | AL13: =#REF!-AJ13 -> #REF! | AM13: =AK13/2 -> #REF! | AN13: =AF13-AL13-AJ13 -> #REF! | AT13: =W13-AJ13 -> #REF!
A14: =A13+1 -> 13 | B14: =#REF! -> #REF! | C14: =#REF! -> #REF! | D14: =#REF! -> #REF! | G14: =#REF! -> #REF! | H14: =#REF! -> #REF! | I14: =#REF! -> #REF! | J14: =#REF! -> #REF! | K14: =J14*50 -> #REF! | P14: =#REF! -> #REF! | Q14: =R14*P14 -> #REF! | R14: =#REF!+I14 -> #REF! | T14: =#REF! -> #REF! | U14: =R14+T14 -> #REF! | V14: =U14*0.18 -> #REF! | W14: =U14*16.5/1000 -> #REF! | X14: =U14+V14+W14 -> #REF! | Y14: =#REF!+#REF!+#REF!+#REF!+#REF! -> #REF! | Z14: =#REF!+#REF!+#REF!+#REF!+#REF! -> #REF! | AA14: =#REF! -> #REF! | AB14: =#REF! -> #REF! | AD14: =AC14*1.18 -> 0 | AE14: =U14+Y14+AA14+AC14 -> #REF! | AF14: =X14+Z14+AB14+AD14 -> #REF! | AI14: =AE14/2 -> #REF! | AJ14: 377.52 | AK14: =AL14/1.18 -> #REF! | AL14: =#REF!-AJ14 -> #REF! | AM14: =AK14/2 -> #REF! | AN14: =AF14-AL14-AJ14 -> #REF! | AT14: =W14-AJ14 -> #REF!
A15: =A14+1 -> 14 | B15: =#REF! -> #REF! | C15: =#REF! -> #REF! | D15: =#REF! -> #REF! | G15: =#REF! -> #REF! | H15: =#REF! -> #REF! | I15: =#REF! -> #REF! | J15: =#REF! -> #REF! | K15: =J15*50 -> #REF! | P15: =#REF! -> #REF! | Q15: =R15*P15 -> #REF! | R15: =#REF!+I15 -> #REF! | T15: =#REF! -> #REF! | U15: =R15+T15 -> #REF! | V15: =U15*0.18 -> #REF! | W15: =U15*16.5/1000 -> #REF! | X15: =U15+V15+W15 -> #REF! | Y15: =#REF!+#REF!+#REF!+#REF!+#REF! -> #REF! | Z15: =#REF!+#REF!+#REF!+#REF!+#REF! -> #REF! | AA15: =#REF! -> #REF! | AB15: =#REF! -> #REF! | AD15: =AC15*1.18 -> 0 | AE15: =U15+Y15+AA15+AC15 -> #REF! | AF15: =X15+Z15+AB15+AD15 -> #REF! | AI15: =AE15/2 -> #REF! | AJ15: =293.4/1.7925 -> 163.68201 | AK15: =AL15/1.18 -> #REF! | AL15: =#REF!-AJ15 -> #REF! | AM15: =AK15/2 -> #REF! | AN15: =AF15-AL15-AJ15 -> #REF! | AT15: =W15-AJ15 -> #REF!
A16: =A15+1 -> 15 | B16: =#REF! -> #REF! | C16: =#REF! -> #REF! | D16: =#REF! -> #REF! | G16: =#REF! -> #REF! | H16: =#REF! -> #REF! | I16: =#REF! -> #REF! | J16: =#REF! -> #REF! | K16: =J16*50 -> #REF! | P16: =#REF! -> #REF! | Q16: =R16*P16 -> #REF! | R16: =#REF!+I16 -> #REF! | T16: =#REF! -> #REF! | U16: =R16+T16 -> #REF! | V16: =U16*0.18 -> #REF! | W16: =U16*16.5/1000 -> #REF! | X16: =U16+V16+W16 -> #REF! | Y16: =#REF!+#REF!+#REF!+#REF!+#REF! -> #REF! | Z16: =#REF!+#REF!+#REF!+#REF!+#REF! -> #REF! | AA16: =#REF! -> #REF! | AB16: =#REF! -> #REF! | AD16: =AC16*1.18 -> 0 | AE16: =U16+Y16+AA16+AC16 -> #REF! | AF16: =X16+Z16+AB16+AD16 -> #REF! | AI16: =AE16/2 -> #REF! | AJ16: =872.57/1.8012 -> 484.43815 | AK16: =AL16/1.18 -> #REF! | AL16: =#REF!-AJ16 -> #REF! | AM16: =AK16/2 -> #REF! | AN16: =AF16-AL16-AJ16 -> #REF! | AT16: =W16-AJ16 -> #REF!
A17: =A16+1 -> 16 | B17: =#REF! -> #REF! | C17: =#REF! -> #REF! | D17: =#REF! -> #REF! | G17: =#REF! -> #REF! | H17: =#REF! -> #REF! | I17: =#REF! -> #REF! | J17: =#REF! -> #REF! | K17: =J17*50 -> #REF! | P17: =#REF! -> #REF! | Q17: =R17*P17 -> #REF! | R17: =#REF!+I17 -> #REF! | T17: =#REF! -> #REF! | U17: =R17+T17 -> #REF! | V17: =U17*0.18 -> #REF! | W17: =U17*16.5/1000 -> #REF! | X17: =U17+V17+W17 -> #REF! | Y17: =#REF!+#REF!+#REF!+#REF!+#REF! -> #REF! | Z17: =#REF!+#REF!+#REF!+#REF!+#REF! -> #REF! | AA17: =#REF! -> #REF! | AB17: =#REF! -> #REF! | AD17: =AC17*1.18 -> 0 | AE17: =U17+Y17+AA17+AC17 -> #REF! | AF17: =X17+Z17+AB17+AD17 -> #REF! | AI17: =AE17/2 -> #REF! | AJ17: 181.5 | AK17: =AL17/1.18 -> #REF! | AL17: =#REF!-AJ17 -> #REF! | AM17: =AK17/2 -> #REF! | AN17: =AF17-AL17-AJ17 -> #REF! | AT17: =W17-AJ17 -> #REF!
A18: =A17+1 -> 17 | B18: =#REF! -> #REF! | C18: =#REF! -> #REF! | D18: =#REF! -> #REF! | G18: =#REF! -> #REF! | H18: =#REF! -> #REF! | I18: =#REF! -> #REF! | J18: =#REF! -> #REF! | K18: =J18*50 -> #REF! | P18: =#REF! -> #REF! | Q18: =R18*P18 -> #REF! | R18: =#REF!+I18 -> #REF! | T18: =#REF! -> #REF! | U18: =R18+T18 -> #REF! | V18: =U18*0.18 -> #REF! | W18: =U18*16.5/1000 -> #REF! | X18: =U18+V18+W18 -> #REF! | Y18: =#REF!+#REF!+#REF!+#REF!+#REF! -> #REF! | Z18: =#REF!+#REF!+#REF!+#REF!+#REF! -> #REF! | AA18: =#REF! -> #REF! | AB18: =#REF! -> #REF! | AD18: =AC18*1.18 -> 0 | AE18: =U18+Y18+AA18+AC18 -> #REF! | AF18: =X18+Z18+AB18+AD18 -> #REF! | AI18: =AE18/2 -> #REF! | AJ18: 181.5 | AK18: =AL18/1.18 -> #REF! | AL18: =#REF!-AJ18 -> #REF! | AM18: =AK18/2 -> #REF! | AN18: =AF18-AL18-AJ18 -> #REF! | AT18: =W18-AJ18 -> #REF!
A19: =A18+1 -> 18 | B19: =#REF! -> #REF! | C19: =#REF! -> #REF! | D19: =#REF! -> #REF! | G19: =#REF! -> #REF! | H19: =#REF! -> #REF! | I19: =#REF! -> #REF! | J19: =#REF! -> #REF! | K19: =J19*50 -> #REF! | P19: =#REF! -> #REF! | Q19: =R19*P19 -> #REF! | R19: =#REF!+I19 -> #REF! | T19: =#REF! -> #REF! | U19: =R19+T19 -> #REF! | V19: =U19*0.18 -> #REF! | W19: =U19*16.5/1000 -> #REF! | X19: =U19+V19+W19 -> #REF! | Y19: =#REF!+#REF!+#REF!+#REF!+#REF! -> #REF! | Z19: =#REF!+#REF!+#REF!+#REF!+#REF! -> #REF! | AA19: =#REF! -> #REF! | AB19: =#REF! -> #REF! | AD19: =AC19*1.18 -> 0 | AE19: =U19+Y19+AA19+AC19 -> #REF! | AF19: =X19+Z19+AB19+AD19 -> #REF! | AI19: =AE19/2 -> #REF! | AJ19: =747.86/1.8045 -> 414.44167 | AK19: =AL19/1.18 -> #REF! | AL19: =#REF!-AJ19 -> #REF! | AM19: =AK19/2 -> #REF! | AN19: =AF19-AL19-AJ19 -> #REF! | AT19: =W19-AJ19 -> #REF!
A20: =A19+1 -> 19 | B20: =#REF! -> #REF! | C20: =#REF! -> #REF! | D20: =#REF! -> #REF! | G20: =#REF! -> #REF! | H20: =#REF! -> #REF! | I20: =#REF! -> #REF! | J20: =#REF! -> #REF! | K20: =J20*50 -> #REF! | P20: =#REF! -> #REF! | Q20: =R20*P20 -> #REF! | R20: =#REF!+I20 -> #REF! | T20: =#REF! -> #REF! | U20: =R20+T20 -> #REF! | V20: =U20*0.18 -> #REF! | W20: =U20*16.5/1000 -> #REF! | X20: =U20+V20+W20 -> #REF! | Y20: =#REF!+#REF!+#REF!+#REF!+#REF! -> #REF! | Z20: =#REF!+#REF!+#REF!+#REF!+#REF! -> #REF! | AA20: =#REF! -> #REF! | AB20: =#REF! -> #REF! | AD20: =AC20*1.18 -> 0 | AE20: =U20+Y20+AA20+AC20 -> #REF! | AF20: =X20+Z20+AB20+AD20 -> #REF! | AI20: =AE20/2 -> #REF! | AJ20: =515/1.7921 -> 287.37236 | AK20: =AL20/1.18 -> #REF! | AL20: =#REF!-AJ20 -> #REF! | AM20: =AK20/2 -> #REF! | AN20: =AF20-AL20-AJ20 -> #REF! | AT20: =W20-AJ20 -> #REF!
A21: =A20+1 -> 20 | B21: =#REF! -> #REF! | C21: =#REF! -> #REF! | D21: =#REF! -> #REF! | G21: =#REF! -> #REF! | H21: =#REF! -> #REF! | I21: =#REF! -> #REF! | J21: =#REF! -> #REF! | K21: =J21*50 -> #REF! | P21: =#REF! -> #REF! | Q21: =R21*P21 -> #REF! | R21: =#REF!+I21 -> #REF! | T21: =#REF! -> #REF! | U21: =R21+T21 -> #REF! | V21: =U21*0.18 -> #REF! | W21: =U21*16.5/1000 -> #REF! | X21: =U21+V21+W21 -> #REF! | Y21: =#REF!+#REF!+#REF!+#REF!+#REF! -> #REF! | Z21: =#REF!+#REF!+#REF!+#REF!+#REF! -> #REF! | AA21: =#REF! -> #REF! | AB21: =#REF! -> #REF! | AD21: =AC21*1.18 -> 0 | AE21: =U21+Y21+AA21+AC21 -> #REF! | AF21: =X21+Z21+AB21+AD21 -> #REF! | AI21: =AE21/2 -> #REF! | AJ21: =350.72/1.7713 -> 198.00147 | AK21: =AL21/1.18 -> #REF! | AL21: =#REF!-AJ21 -> #REF! | AM21: =AK21/2 -> #REF! | AN21: =AF21-AL21-AJ21 -> #REF! | AT21: =W21-AJ21 -> #REF!
A22: =A21+1 -> 21 | B22: =#REF! -> #REF! | C22: =#REF! -> #REF! | D22: =#REF! -> #REF! | G22: =#REF! -> #REF! | H22: =#REF! -> #REF! | I22: =#REF! -> #REF! | J22: =#REF! -> #REF! | K22: =J22*50 -> #REF! | P22: =#REF! -> #REF! | Q22: =R22*P22 -> #REF! | R22: =#REF!+I22 -> #REF! | T22: =#REF! -> #REF! | U22: =R22+T22 -> #REF! | V22: =U22*0.18 -> #REF! | W22: =U22*16.5/1000 -> #REF! | X22: =U22+V22+W22 -> #REF! | Y22: =#REF!+#REF!+#REF!+#REF!+#REF! -> #REF! | Z22: =#REF!+#REF!+#REF!+#REF!+#REF! -> #REF! | AA22: =#REF! -> #REF! | AB22: =#REF! -> #REF! | AD22: =AC22*1.18 -> 0 | AE22: =U22+Y22+AA22+AC22 -> #REF! | AF22: =X22+Z22+AB22+AD22 -> #REF! | AI22: =AE22/2 -> #REF! | AJ22: =728.18/1.8013 -> 404.25248 | AK22: =AL22/1.18 -> #REF! | AL22: =#REF!-AJ22 -> #REF! | AM22: =AK22/2 -> #REF! | AN22: =AF22-AL22-AJ22 -> #REF! | AT22: =W22-AJ22 -> #REF!
A23: =A22+1 -> 22 | B23: =#REF! -> #REF! | C23: =#REF! -> #REF! | D23: =#REF! -> #REF! | G23: =#REF! -> #REF! | H23: =#REF! -> #REF! | I23: =#REF! -> #REF! | J23: =#REF! -> #REF! | K23: =J23*50 -> #REF! | P23: =#REF! -> #REF! | Q23: =R23*P23 -> #REF! | R23: =#REF!+I23 -> #REF! | T23: =#REF! -> #REF! | U23: =R23+T23 -> #REF! | V23: =U23*0.18 -> #REF! | W23: =U23*16.5/1000 -> #REF! | X23: =U23+V23+W23 -> #REF! | Y23: =#REF!+#REF!+#REF!+#REF!+#REF! -> #REF! | Z23: =#REF!+#REF!+#REF!+#REF!+#REF! -> #REF! | AA23: =#REF! -> #REF! | AB23: =#REF! -> #REF! | AD23: =AC23*1.18 -> 0 | AE23: =U23+Y23+AA23+AC23 -> #REF! | AF23: =X23+Z23+AB23+AD23 -> #REF! | AI23: =AE23/2 -> #REF! | AJ23: 644.82 | AK23: =AL23/1.18 -> #REF! | AL23: =#REF!-AJ23 -> #REF! | AM23: =AK23/2 -> #REF! | AN23: =AF23-AL23-AJ23 -> #REF! | AT23: =W23-AJ23 -> #REF!
A24: =A23+1 -> 23 | B24: =#REF! -> #REF! | C24: =#REF! -> #REF! | D24: =#REF! -> #REF! | G24: =#REF! -> #REF! | H24: =#REF! -> #REF! | I24: =#REF! -> #REF! | J24: =#REF! -> #REF! | K24: =J24*50 -> #REF! | P24: =#REF! -> #REF! | Q24: =R24*P24 -> #REF! | R24: =#REF!+I24 -> #REF! | T24: =#REF! -> #REF! | U24: =R24+T24 -> #REF! | V24: =U24*0.18 -> #REF! | W24: =U24*16.5/1000 -> #REF! | X24: =U24+V24+W24 -> #REF! | Y24: =#REF!+#REF!+#REF!+#REF!+#REF! -> #REF! | Z24: =#REF!+#REF!+#REF!+#REF!+#REF! -> #REF! | AA24: =#REF! -> #REF! | AB24: =#REF! -> #REF! | AD24: =AC24*1.18 -> 0 | AE24: =U24+Y24+AA24+AC24 -> #REF! | AF24: =X24+Z24+AB24+AD24 -> #REF! | AI24: =AE24/2 -> #REF! | AJ24: 110.22 | AK24: =AL24/1.18 -> #REF! | AL24: =#REF!-AJ24 -> #REF! | AM24: =AK24/2 -> #REF! | AN24: =AF24-AL24-AJ24 -> #REF! | AT24: =W24-AJ24 -> #REF!
A25: =A24+1 -> 24 | B25: =#REF! -> #REF! | C25: =#REF! -> #REF! | D25: =#REF! -> #REF! | G25: =#REF! -> #REF! | H25: =#REF! -> #REF! | I25: =#REF! -> #REF! | J25: =#REF! -> #REF! | K25: =J25*50 -> #REF! | P25: =#REF! -> #REF! | Q25: =R25*P25 -> #REF! | R25: =#REF!+I25 -> #REF! | T25: =#REF! -> #REF! | U25: =R25+T25 -> #REF! | V25: =U25*0.18 -> #REF! | W25: =U25*16.5/1000 -> #REF! | X25: =U25+V25+W25 -> #REF! | Y25: =#REF!+#REF!+#REF!+#REF!+#REF! -> #REF! | Z25: =#REF!+#REF!+#REF!+#REF!+#REF! -> #REF! | AA25: =#REF! -> #REF! | AB25: =#REF! -> #REF! | AD25: =AC25*1.18 -> 0 | AE25: =U25+Y25+AA25+AC25 -> #REF! | AF25: =X25+Z25+AB25+AD25 -> #REF! | AI25: =AE25/2 -> #REF! | AJ25: =197.53/1.8034+(1.25/1.8161) -> 110.22028 | AK25: =AL25/1.18 -> #REF! | AL25: =#REF!-AJ25 -> #REF! | AM25: =AK25/2 -> #REF! | AN25: =AF25-AL25-AJ25 -> #REF! | AT25: =W25-AJ25 -> #REF!
A26: =A25+1 -> 25 | B26: =#REF! -> #REF! | C26: =#REF! -> #REF! | D26: =#REF! -> #REF! | G26: =#REF! -> #REF! | H26: =#REF! -> #REF! | I26: =#REF! -> #REF! | J26: =#REF! -> #REF! | K26: =J26*50 -> #REF! | P26: =#REF! -> #REF! | Q26: =R26*P26 -> #REF! | R26: =#REF!+I26 -> #REF! | T26: =#REF! -> #REF! | U26: =R26+T26 -> #REF! | V26: =U26*0.18 -> #REF! | W26: =U26*16.5/1000 -> #REF! | X26: =U26+V26+W26 -> #REF! | Y26: =#REF!+#REF!+#REF!+#REF!+#REF! -> #REF! | Z26: =#REF!+#REF!+#REF!+#REF!+#REF! -> #REF! | AA26: =#REF! -> #REF! | AB26: =#REF! -> #REF! | AD26: =AC26*1.18 -> 0 | AE26: =U26+Y26+AA26+AC26 -> #REF! | AF26: =X26+Z26+AB26+AD26 -> #REF! | AI26: =AE26/2 -> #REF! | AJ26: =166.9/1.8063 -> 92.398826 | AK26: =AL26/1.18 -> #REF! | AL26: =#REF!-AJ26 -> #REF! | AM26: =AK26/2 -> #REF! | AN26: =AF26-AL26-AJ26 -> #REF! | AT26: =W26-AJ26 -> #REF!
A27: =A26+1 -> 26 | B27: =#REF! -> #REF! | C27: =#REF! -> #REF! | D27: =#REF! -> #REF! | G27: =#REF! -> #REF! | H27: =#REF! -> #REF! | I27: =#REF! -> #REF! | J27: =#REF! -> #REF! | K27: =J27*50 -> #REF! | P27: =#REF! -> #REF! | Q27: =R27*P27 -> #REF! | R27: =#REF!+I27 -> #REF! | T27: =#REF! -> #REF! | U27: =R27+T27 -> #REF! | V27: =U27*0.18 -> #REF! | W27: =U27*16.5/1000 -> #REF! | X27: =U27+V27+W27 -> #REF! | Y27: =#REF!+#REF!+#REF!+#REF!+#REF! -> #REF! | Z27: =#REF!+#REF!+#REF!+#REF!+#REF! -> #REF! | AA27: =#REF! -> #REF! | AB27: =#REF! -> #REF! | AD27: =AC27*1.18 -> 0 | AE27: =U27+Y27+AA27+AC27 -> #REF! | AF27: =X27+Z27+AB27+AD27 -> #REF! | AI27: =AE27/2 -> #REF! | AJ27: 324.06 | AK27: =AL27/1.18 -> #REF! | AL27: =#REF!-AJ27 -> #REF! | AM27: =AK27/2 -> #REF! | AN27: =AF27-AL27-AJ27 -> #REF! | AT27: =W27-AJ27 -> #REF!
A28: =A27+1 -> 27 | B28: =#REF! -> #REF! | C28: =#REF! -> #REF! | D28: =#REF! -> #REF! | G28: =#REF! -> #REF! | H28: =#REF! -> #REF! | I28: =#REF! -> #REF! | J28: =#REF! -> #REF! | K28: =J28*50 -> #REF! | P28: =#REF! -> #REF! | Q28: =R28*P28 -> #REF! | R28: =#REF!+I28 -> #REF! | T28: =#REF! -> #REF! | U28: =R28+T28 -> #REF! | V28: =U28*0.18 -> #REF! | W28: =U28*16.5/1000 -> #REF! | X28: =U28+V28+W28 -> #REF! | Y28: =#REF!+#REF!+#REF!+#REF!+#REF! -> #REF! | Z28: =#REF!+#REF!+#REF!+#REF!+#REF! -> #REF! | AA28: =#REF! -> #REF! | AB28: =#REF! -> #REF! | AD28: =AC28*1.18 -> 0 | AE28: =U28+Y28+AA28+AC28 -> #REF! | AF28: =X28+Z28+AB28+AD28 -> #REF! | AI28: =AE28/2 -> #REF! | AJ28: 377.52 | AK28: =AL28/1.18 -> #REF! | AL28: =#REF!-AJ28 -> #REF! | AM28: =AK28/2 -> #REF! | AN28: =AF28-AL28-AJ28 -> #REF! | AT28: =W28-AJ28 -> #REF!
A29: =A28+1 -> 28 | B29: =#REF! -> #REF! | C29: =#REF! -> #REF! | D29: =#REF! -> #REF! | G29: =#REF! -> #REF! | H29: =#REF! -> #REF! | I29: =#REF! -> #REF! | J29: =#REF! -> #REF! | K29: =J29*50 -> #REF! | P29: =#REF! -> #REF! | Q29: =R29*P29 -> #REF! | R29: =#REF!+I29 -> #REF! | T29: =#REF! -> #REF! | U29: =R29+T29 -> #REF! | V29: =U29*0.18 -> #REF! | W29: =U29*16.5/1000 -> #REF! | X29: =U29+V29+W29 -> #REF! | Y29: =#REF!+#REF!+#REF!+#REF!+#REF! -> #REF! | Z29: =#REF!+#REF!+#REF!+#REF!+#REF! -> #REF! | AA29: =#REF! -> #REF! | AB29: =#REF! -> #REF! | AD29: =AC29*1.18 -> 0 | AE29: =U29+Y29+AA29+AC29 -> #REF! | AF29: =X29+Z29+AB29+AD29 -> #REF! | AI29: =AE29/2 -> #REF! | AJ29: =483.44 -> 483.44 | AK29: =AL29/1.18 -> #REF! | AL29: =#REF!-AJ29 -> #REF! | AM29: =AK29/2 -> #REF! | AN29: =AF29-AL29-AJ29 -> #REF! | AT29: =W29-AJ29 -> #REF!
A30: =A29+1 -> 29 | B30: =#REF! -> #REF! | C30: =#REF! -> #REF! | D30: =#REF! -> #REF! | G30: =#REF! -> #REF! | H30: =#REF! -> #REF! | I30: =#REF! -> #REF! | J30: =#REF! -> #REF! | K30: =J30*50 -> #REF! | P30: =#REF! -> #REF! | Q30: =R30*P30 -> #REF! | R30: =#REF!+I30 -> #REF! | T30: =#REF! -> #REF! | U30: =R30+T30 -> #REF! | V30: =U30*0.18 -> #REF! | W30: =(12000*16.5/1000)+(9720*18.96/1000) -> 382.2912 | X30: =U30+V30+W30 -> #REF! | Y30: =#REF!+#REF!+#REF!+#REF!+#REF! -> #REF! | Z30: =#REF!+#REF!+#REF!+#REF!+#REF! -> #REF! | AA30: =#REF! -> #REF! | AB30: =#REF! -> #REF! | AD30: =AC30*1.18 -> 0 | AE30: =U30+Y30+AA30+AC30 -> #REF! | AF30: =X30+Z30+AB30+AD30 -> #REF! | AI30: =AE30/2 -> #REF! | AJ30: =(352.8/1.7818)+184.29 -> 382.29202 | AK30: =AL30/1.18 -> #REF! | AL30: =#REF!-AJ30 -> #REF! | AM30: =AK30/2 -> #REF! | AN30: =AF30-AL30-AJ30 -> #REF! | AT30: =W30-AJ30 -> -0.00082042878
A31: =A30+1 -> 30 | B31: =#REF! -> #REF! | C31: =#REF! -> #REF! | D31: =#REF! -> #REF! | G31: =#REF! -> #REF! | H31: =#REF! -> #REF! | I31: =#REF! -> #REF! | J31: =#REF! -> #REF! | K31: =J31*50 -> #REF! | P31: =#REF! -> #REF! | Q31: =R31*P31 -> #REF! | R31: =#REF!+I31 -> #REF! | T31: =#REF! -> #REF! | U31: =R31+T31 -> #REF! | V31: =U31*0.18 -> #REF! | W31: =U31*16.5/1000 -> #REF! | X31: =U31+V31+W31 -> #REF! | Y31: =#REF!+#REF!+#REF!+#REF!+#REF! -> #REF! | Z31: =#REF!+#REF!+#REF!+#REF!+#REF! -> #REF! | AA31: =#REF! -> #REF! | AB31: =#REF! -> #REF! | AD31: =AC31*1.18 -> 0 | AE31: =U31+Y31+AA31+AC31 -> #REF! | AF31: =X31+Z31+AB31+AD31 -> #REF! | AI31: =AE31/2 -> #REF! | AJ31: =638.82/1.8211 -> 350.78799 | AK31: =AL31/1.18 -> #REF! | AL31: =#REF!-AJ31 -> #REF! | AM31: =AK31/2 -> #REF! | AN31: =AF31-AL31-AJ31 -> #REF! | AT31: =W31-AJ31 -> #REF!
A32: =A31+1 -> 31 | B32: =#REF! -> #REF! | C32: =#REF! -> #REF! | D32: =#REF! -> #REF! | G32: =#REF! -> #REF! | H32: =#REF! -> #REF! | I32: =#REF! -> #REF! | J32: =#REF! -> #REF! | K32: =J32*50 -> #REF! | P32: =#REF! -> #REF! | Q32: =R32*P32 -> #REF! | R32: =#REF!+I32 -> #REF! | T32: =#REF! -> #REF! | U32: =R32+T32 -> #REF! | V32: =U32*0.18 -> #REF! | W32: =U32*16.5/1000 -> #REF! | X32: =U32+V32+W32 -> #REF! | Y32: =#REF!+#REF!+#REF!+#REF!+#REF! -> #REF! | Z32: =#REF!+#REF!+#REF!+#REF!+#REF! -> #REF! | AA32: =#REF! -> #REF! | AB32: =#REF! -> #REF! | AD32: =AC32*1.18 -> 0 | AE32: =U32+Y32+AA32+AC32 -> #REF! | AF32: =X32+Z32+AB32+AD32 -> #REF! | AI32: =AE32/2 -> #REF! | AJ32: =196.56/1.7833 -> 110.22262 | AK32: =AL32/1.18 -> #REF! | AL32: =#REF!-AJ32 -> #REF! | AM32: =AK32/2 -> #REF! | AN32: =AF32-AL32-AJ32 -> #REF! | AT32: =W32-AJ32 -> #REF!
A33: =A32+1 -> 32 | B33: =#REF! -> #REF! | C33: =#REF! -> #REF! | D33: =#REF! -> #REF! | G33: =#REF! -> #REF! | H33: =#REF! -> #REF! | I33: =#REF! -> #REF! | J33: =#REF! -> #REF! | K33: =J33*50 -> #REF! | P33: =#REF! -> #REF! | Q33: =R33*P33 -> #REF! | R33: =#REF!+I33 -> #REF! | T33: =#REF! -> #REF! | U33: =R33+T33 -> #REF! | V33: =U33*0.18 -> #REF! | W33: =U33*16.5/1000 -> #REF! | X33: =U33+V33+W33 -> #REF! | Y33: =#REF!+#REF!+#REF!+#REF!+#REF! -> #REF! | Z33: =#REF!+#REF!+#REF!+#REF!+#REF! -> #REF! | AA33: =#REF! -> #REF! | AB33: =#REF! -> #REF! | AD33: =AC33*1.18 -> 0 | AE33: =U33+Y33+AA33+AC33 -> #REF! | AF33: =X33+Z33+AB33+AD33 -> #REF! | AI33: =AE33/2 -> #REF! | AJ33: 413.16 | AK33: =AL33/1.18 -> #REF! | AL33: =#REF!-AJ33 -> #REF! | AM33: =AK33/2 -> #REF! | AN33: =AF33-AL33-AJ33 -> #REF! | AT33: =W33-AJ33 -> #REF!
A34: =A33+1 -> 33 | B34: =#REF! -> #REF! | C34: =#REF! -> #REF! | D34: =#REF! -> #REF! | G34: =#REF! -> #REF! | H34: =#REF! -> #REF! | I34: =#REF! -> #REF! | J34: =#REF! -> #REF! | K34: =J34*50 -> #REF! | P34: =#REF! -> #REF! | Q34: =R34*P34 -> #REF! | R34: =#REF!+I34 -> #REF! | T34: =#REF! -> #REF! | U34: =R34+T34 -> #REF! | V34: =U34*0.18 -> #REF! | W34: =U34*16.5/1000 -> #REF! | X34: =U34+V34+W34 -> #REF! | Y34: =#REF!+#REF!+#REF!+#REF!+#REF! -> #REF! | Z34: =#REF!+#REF!+#REF!+#REF!+#REF! -> #REF! | AA34: =#REF! -> #REF! | AB34: =#REF! -> #REF! | AD34: =AC34*1.18 -> 0 | AE34: =U34+Y34+AA34+AC34 -> #REF! | AF34: =X34+Z34+AB34+AD34 -> #REF! | AI34: =AE34/2 -> #REF! | AJ34: 155 | AK34: =AL34/1.18 -> #REF! | AL34: =#REF!-AJ34 -> #REF! | AM34: =AK34/2 -> #REF! | AN34: =AF34-AL34-AJ34 -> #REF! | AT34: =W34-AJ34 -> #REF!
A35: =A34+1 -> 34 | B35: =#REF! -> #REF! | C35: =#REF! -> #REF! | D35: =#REF! -> #REF! | G35: =#REF! -> #REF! | H35: =#REF! -> #REF! | I35: =#REF! -> #REF! | J35: =#REF! -> #REF! | K35: =J35*50 -> #REF! | P35: =#REF! -> #REF! | Q35: =R35*P35 -> #REF! | R35: =#REF!+I35 -> #REF! | T35: =#REF! -> #REF! | U35: =R35+T35 -> #REF! | V35: =U35*0.18 -> #REF! | W35: =U35*16.5/1000 -> #REF! | X35: =U35+V35+W35 -> #REF! | Y35: =#REF!+#REF!+#REF!+#REF!+#REF! -> #REF! | Z35: =#REF!+#REF!+#REF!+#REF!+#REF! -> #REF! | AA35: =#REF! -> #REF! | AB35: =#REF! -> #REF! | AD35: =AC35*1.18 -> 0 | AE35: =U35+Y35+AA35+AC35 -> #REF! | AF35: =X35+Z35+AB35+AD35 -> #REF! | AI35: =AE35/2 -> #REF! | AJ35: =762.83/1.77 -> 430.9774 | AK35: =AL35/1.18 -> #REF! | AL35: =#REF!-AJ35 -> #REF! | AM35: =AK35/2 -> #REF! | AN35: =AF35-AL35-AJ35 -> #REF! | AT35: =W35-AJ35 -> #REF!
A36: =A35+1 -> 35 | B36: =#REF! -> #REF! | C36: =#REF! -> #REF! | D36: =#REF! -> #REF! | G36: =#REF! -> #REF! | H36: 400 | I36: =#REF! -> #REF! | J36: =#REF! -> #REF! | K36: =J36*50 -> #REF! | P36: =#REF! -> #REF! | Q36: =R36*P36 -> #REF! | R36: =#REF!+I36 -> #REF! | T36: =#REF! -> #REF! | U36: =R36+T36 -> #REF! | V36: =U36*0.18 -> #REF! | W36: =(216200*16.5/1000)+(59480*18.96/1000) -> 4695.0408 | X36: =U36+V36+W36 -> #REF! | Y36: =#REF!+#REF!+#REF!+#REF!+#REF! -> #REF! | Z36: =#REF!+#REF!+#REF!+#REF!+#REF! -> #REF! | AA36: =#REF! -> #REF! | AB36: =#REF! -> #REF! | AD36: =AC36*1.18 -> 0 | AE36: =U36+Y36+AA36+AC36 -> #REF! | AF36: =X36+Z36+AB36+AD36 -> #REF! | AI36: =AE36/2 -> #REF! | AJ36: 3567.3 | AK36: =AL36/1.18 -> #REF! | AL36: =#REF!-AJ36 -> #REF! | AM36: =AK36/2 -> #REF! | AN36: =AF36-AL36-AJ36 -> #REF! | AT36: =W36-AJ36 -> 1127.7408
A37: =A36+1 -> 36 | B37: =#REF! -> #REF! | C37: =#REF! -> #REF! | D37: =#REF! -> #REF! | G37: =#REF! -> #REF! | H37: =#REF! -> #REF! | I37: =#REF! -> #REF! | J37: =#REF! -> #REF! | K37: =J37*50 -> #REF! | P37: =#REF! -> #REF! | Q37: =R37*P37 -> #REF! | R37: =#REF!+I37 -> #REF! | T37: =#REF! -> #REF! | U37: =R37+T37 -> #REF! | V37: =U37*0.18 -> #REF! | W37: =U37*16.5/1000 -> #REF! | X37: =U37+V37+W37 -> #REF! | Y37: =#REF!+#REF!+#REF!+#REF!+#REF! -> #REF! | Z37: =#REF!+#REF!+#REF!+#REF!+#REF! -> #REF! | AA37: =#REF! -> #REF! | AB37: =#REF! -> #REF! | AD37: =AC37*1.18 -> 0 | AE37: =U37+Y37+AA37+AC37 -> #REF! | AF37: =X37+Z37+AB37+AD37 -> #REF! | AI37: =AE37/2 -> #REF! | AJ37: 181.5 | AK37: =AL37/1.18 -> #REF! | AL37: =#REF!-AJ37 -> #REF! | AM37: =AK37/2 -> #REF! | AN37: =AF37-AL37-AJ37 -> #REF! | AT37: =W37-AJ37 -> #REF!
A38: =A37+1 -> 37 | B38: =#REF! -> #REF! | C38: =#REF! -> #REF! | D38: =#REF! -> #REF! | G38: =#REF! -> #REF! | H38: =#REF! -> #REF! | I38: =#REF! -> #REF! | J38: =#REF! -> #REF! | K38: =J38*50 -> #REF! | P38: =#REF! -> #REF! | Q38: =R38*P38 -> #REF! | R38: =#REF!+I38 -> #REF! | T38: =#REF! -> #REF! | U38: =R38+T38 -> #REF! | V38: =U38*0.18 -> #REF! | W38: =U38*16.5/1000 -> #REF! | X38: =U38+V38+W38 -> #REF! | Y38: =#REF!+#REF!+#REF!+#REF!+#REF! -> #REF! | Z38: =#REF!+#REF!+#REF!+#REF!+#REF! -> #REF! | AA38: =#REF! -> #REF! | AB38: =#REF! -> #REF! | AD38: =AC38*1.18 -> 0 | AE38: =U38+Y38+AA38+AC38 -> #REF! | AF38: =X38+Z38+AB38+AD38 -> #REF! | AI38: =AE38/2 -> #REF! | AJ38: 564.63 | AK38: =AL38/1.18 -> #REF! | AL38: =#REF!-AJ38 -> #REF! | AM38: =AK38/2 -> #REF! | AN38: =AF38-AL38-AJ38 -> #REF! | AT38: =W38-AJ38 -> #REF!
A39: =A38+1 -> 38 | B39: =#REF! -> #REF! | C39: =#REF! -> #REF! | D39: =#REF! -> #REF! | G39: =#REF! -> #REF! | H39: =#REF! -> #REF! | I39: =#REF! -> #REF! | J39: =#REF! -> #REF! | K39: =J39*50 -> #REF! | P39: =#REF! -> #REF! | Q39: =R39*P39 -> #REF! | R39: =#REF!+I39 -> #REF! | T39: =#REF! -> #REF! | U39: =R39+T39 -> #REF! | V39: =U39*0.18 -> #REF! | W39: =U39*16.5/1000 -> #REF! | X39: =U39+V39+W39 -> #REF! | Y39: =#REF!+#REF!+#REF!+#REF!+#REF! -> #REF! | Z39: =#REF!+#REF!+#REF!+#REF!+#REF! -> #REF! | AA39: =#REF! -> #REF! | AB39: =#REF! -> #REF! | AD39: =AC39*1.18 -> 0 | AE39: =U39+Y39+AA39+AC39 -> #REF! | AF39: =X39+Z39+AB39+AD39 -> #REF! | AI39: =AE39/2 -> #REF! | AJ39: 216.14 | AK39: =AL39/1.18 -> #REF! | AL39: =#REF!-AJ39 -> #REF! | AM39: =AK39/2 -> #REF! | AN39: =AF39-AL39-AJ39 -> #REF! | AT39: =W39-AJ39 -> #REF!
A40: =A39+1 -> 39 | B40: =#REF! -> #REF! | C40: =#REF! -> #REF! | D40: =#REF! -> #REF! | G40: =#REF! -> #REF! | H40: =#REF! -> #REF! | I40: =#REF! -> #REF! | J40: =#REF! -> #REF! | K40: =J40*50 -> #REF! | P40: =#REF! -> #REF! | Q40: =R40*P40 -> #REF! | R40: =#REF!+I40 -> #REF! | T40: =#REF! -> #REF! | U40: =R40+T40 -> #REF! | V40: =U40*0.18 -> #REF! | W40: =U40*16.5/1000 -> #REF! | X40: =U40+V40+W40 -> #REF! | Y40: =#REF!+#REF!+#REF!+#REF!+#REF! -> #REF! | Z40: =#REF!+#REF!+#REF!+#REF!+#REF! -> #REF! | AA40: =#REF! -> #REF! | AB40: =#REF! -> #REF! | AD40: =AC40*1.18 -> 0 | AE40: =U40+Y40+AA40+AC40 -> #REF! | AF40: =X40+Z40+AB40+AD40 -> #REF! | AI40: =AE40/2 -> #REF! | AJ40: 466.62 | AK40: =AL40/1.18 -> #REF! | AL40: =#REF!-AJ40 -> #REF! | AM40: =AK40/2 -> #REF! | AN40: =AF40-AL40-AJ40 -> #REF! | AT40: =W40-AJ40 -> #REF!
A41: =A40+1 -> 40 | B41: =#REF! -> #REF! | C41: =#REF! -> #REF! | D41: =#REF! -> #REF! | G41: =#REF! -> #REF! | H41: =#REF! -> #REF! | I41: =#REF! -> #REF! | J41: =#REF! -> #REF! | K41: =J41*50 -> #REF! | P41: =#REF! -> #REF! | Q41: =R41*P41 -> #REF! | R41: =#REF!+I41 -> #REF! | U41: =R41+T41 -> #REF! | V41: =U41*0.18 -> #REF! | W41: 261.69 | X41: =U41+V41+W41 -> #REF! | Y41: =#REF!+#REF!+#REF!+#REF!+#REF! -> #REF! | Z41: =#REF!+#REF!+#REF!+#REF!+#REF! -> #REF! | AA41: =#REF! -> #REF! | AB41: =#REF! -> #REF! | AD41: =AC41*1.18 -> 0 | AE41: =U41+Y41+AA41+AC41 -> #REF! | AF41: =X41+Z41+AB41+AD41 -> #REF! | AI41: =AE41/2 -> #REF! | AJ41: 261.69 | AK41: =AL41/1.18 -> #REF! | AL41: =#REF!-AJ41 -> #REF! | AM41: =AK41/2 -> #REF! | AN41: =AF41-AL41-AJ41 -> #REF! | AT41: =W41-AJ41 -> 0
A42: =A41+1 -> 41 | B42: =#REF! -> #REF! | C42: =#REF! -> #REF! | D42: =#REF! -> #REF! | G42: =#REF! -> #REF! | H42: =#REF! -> #REF! | I42: =#REF! -> #REF! | J42: =#REF! -> #REF! | K42: =J42*50 -> #REF! | P42: =#REF! -> #REF! | Q42: =R42*P42 -> #REF! | R42: =#REF!+I42 -> #REF! | T42: =#REF! -> #REF! | U42: =R42+T42 -> #REF! | V42: =U42*0.18 -> #REF! | W42: =U42*16.5/1000 -> #REF! | X42: =U42+V42+W42 -> #REF! | Y42: =#REF!+#REF!+#REF!+#REF!+#REF! -> #REF! | Z42: =#REF!+#REF!+#REF!+#REF!+#REF! -> #REF! | AA42: =#REF! -> #REF! | AB42: =#REF! -> #REF! | AD42: =AC42*1.18 -> 0 | AE42: =U42+Y42+AA42+AC42 -> #REF! | AF42: =X42+Z42+AB42+AD42 -> #REF! | AI42: =AE42/2 -> #REF! | AJ42: 190.41 | AK42: =AL42/1.18 -> #REF! | AL42: =#REF!-AJ42 -> #REF! | AM42: =AK42/2 -> #REF! | AN42: =AF42-AL42-AJ42 -> #REF! | AT42: =W42-AJ42 -> #REF!
A43: =A42+1 -> 42 | B43: =#REF! -> #REF! | C43: =#REF! -> #REF! | D43: =#REF! -> #REF! | G43: =#REF! -> #REF! | H43: =#REF! -> #REF! | I43: =#REF! -> #REF! | J43: =#REF! -> #REF! | K43: =J43*50 -> #REF! | P43: =#REF! -> #REF! | Q43: =R43*P43 -> #REF! | R43: =#REF!+I43 -> #REF! | T43: =#REF! -> #REF! | U43: =R43+T43 -> #REF! | V43: =U43*0.18 -> #REF! | W43: =U43*16.5/1000 -> #REF! | X43: =U43+V43+W43 -> #REF! | Y43: =#REF!+#REF!+#REF!+#REF!+#REF! -> #REF! | Z43: =#REF!+#REF!+#REF!+#REF!+#REF! -> #REF! | AA43: =#REF! -> #REF! | AB43: =#REF! -> #REF! | AD43: =AC43*1.18 -> 0 | AE43: =U43+Y43+AA43+AC43 -> #REF! | AF43: =X43+Z43+AB43+AD43 -> #REF! | AI43: =AE43/2 -> #REF! | AJ43: =870.97/1.7979 -> 484.4374 | AK43: =AL43/1.18 -> #REF! | AL43: =#REF!-AJ43 -> #REF! | AM43: =AK43/2 -> #REF! | AN43: =AF43-AL43-AJ43 -> #REF! | AT43: =W43-AJ43 -> #REF!
A44: =A43+1 -> 43 | B44: =#REF! -> #REF! | C44: =#REF! -> #REF! | D44: =#REF! -> #REF! | G44: =#REF! -> #REF! | H44: =#REF! -> #REF! | I44: =#REF! -> #REF! | J44: =#REF! -> #REF! | K44: =J44*50 -> #REF! | P44: =#REF! -> #REF! | Q44: =R44*P44 -> #REF! | R44: =#REF!+I44 -> #REF! | T44: =#REF! -> #REF! | U44: =R44+T44 -> #REF! | V44: =U44*0.18 -> #REF! | W44: =U44*16.5/1000 -> #REF! | X44: =U44+V44+W44 -> #REF! | Y44: =#REF!+#REF!+#REF!+#REF!+#REF! -> #REF! | Z44: =#REF!+#REF!+#REF!+#REF!+#REF! -> #REF! | AA44: =#REF! -> #REF! | AB44: =#REF! -> #REF! | AD44: =AC44*1.18 -> 0 | AE44: =U44+Y44+AA44+AC44 -> #REF! | AF44: =X44+Z44+AB44+AD44 -> #REF! | AI44: =AE44/2 -> #REF! | AJ44: 217.14 | AK44: =AL44/1.18 -> #REF! | AL44: =#REF!-AJ44 -> #REF! | AM44: =AK44/2 -> #REF! | AN44: =AF44-AL44-AJ44 -> #REF! | AT44: =W44-AJ44 -> #REF!
A45: =A44+1 -> 44 | B45: =#REF! -> #REF! | C45: =#REF! -> #REF! | D45: =#REF! -> #REF! | G45: =#REF! -> #REF! | H45: =#REF! -> #REF! | I45: =#REF! -> #REF! | J45: =#REF! -> #REF! | K45: =J45*50 -> #REF! | P45: =#REF! -> #REF! | Q45: =R45*P45 -> #REF! | R45: =#REF!+I45 -> #REF! | T45: =#REF! -> #REF! | U45: =R45+T45 -> #REF! | V45: =U45*0.18 -> #REF! | W45: =U45*16.5/1000 -> #REF! | X45: =U45+V45+W45 -> #REF! | Y45: =#REF!+#REF!+#REF!+#REF!+#REF! -> #REF! | Z45: =#REF!+#REF!+#REF!+#REF!+#REF! -> #REF! | AA45: =#REF! -> #REF! | AB45: =#REF! -> #REF! | AD45: =AC45*1.18 -> 0 | AE45: =U45+Y45+AA45+AC45 -> #REF! | AF45: =X45+Z45+AB45+AD45 -> #REF! | AI45: =AE45/2 -> #REF! | AJ45: =74.72+35.5 -> 110.22 | AK45: =AL45/1.18 -> #REF! | AL45: =#REF!-AJ45 -> #REF! | AM45: =AK45/2 -> #REF! | AN45: =AF45-AL45-AJ45 -> #REF! | AT45: =W45-AJ45 -> #REF!
A46: =A45+1 -> 45 | B46: =#REF! -> #REF! | C46: =#REF! -> #REF! | D46: =#REF! -> #REF! | G46: =#REF! -> #REF! | H46: =#REF! -> #REF! | I46: =#REF! -> #REF! | J46: =#REF! -> #REF! | K46: =J46*50 -> #REF! | P46: =#REF! -> #REF! | Q46: =R46*P46 -> #REF! | R46: =#REF!+I46 -> #REF! | T46: =#REF! -> #REF! | U46: =R46+T46 -> #REF! | V46: =U46*0.18 -> #REF! | W46: =U46*16.5/1000 -> #REF! | X46: =U46+V46+W46 -> #REF! | Y46: =#REF!+#REF!+#REF!+#REF!+#REF! -> #REF! | Z46: =#REF!+#REF!+#REF!+#REF!+#REF! -> #REF! | AA46: =#REF! -> #REF! | AB46: =#REF! -> #REF! | AD46: =AC46*1.18 -> 0 | AE46: =U46+Y46+AA46+AC46 -> #REF! | AF46: =X46+Z46+AB46+AD46 -> #REF! | AI46: =AE46/2 -> #REF! | AJ46: =890.05/1.8041 -> 493.34848 | AK46: =AL46/1.18 -> #REF! | AL46: =#REF!-AJ46 -> #REF! | AM46: =AK46/2 -> #REF! | AN46: =AF46-AL46-AJ46 -> #REF! | AT46: =W46-AJ46 -> #REF!
A47: =A46+1 -> 46 | B47: =#REF! -> #REF! | C47: =#REF! -> #REF! | D47: =#REF! -> #REF! | G47: =#REF! -> #REF! | H47: =#REF! -> #REF! | I47: =#REF! -> #REF! | J47: =#REF! -> #REF! | K47: =J47*50 -> #REF! | P47: =#REF! -> #REF! | Q47: =R47*P47 -> #REF! | R47: =#REF!+I47 -> #REF! | T47: =#REF! -> #REF! | U47: =R47+T47 -> #REF! | V47: =U47*0.18 -> #REF! | W47: =U47*16.5/1000 -> #REF! | X47: =U47+V47+W47 -> #REF! | Y47: =#REF!+#REF!+#REF!+#REF!+#REF! -> #REF! | Z47: =#REF!+#REF!+#REF!+#REF!+#REF! -> #REF! | AA47: =#REF! -> #REF! | AB47: =#REF! -> #REF! | AD47: =AC47*1.18 -> 0 | AE47: =U47+Y47+AA47+AC47 -> #REF! | AF47: =X47+Z47+AB47+AD47 -> #REF! | AI47: =AE47/2 -> #REF! | AJ47: =483.01*1.335 -> 644.81835 | AK47: =AL47/1.18 -> #REF! | AL47: =#REF!-AJ47 -> #REF! | AM47: =AK47/2 -> #REF! | AN47: =AF47-AL47-AJ47 -> #REF! | AT47: =W47-AJ47 -> #REF!
A48: =A47+1 -> 47 | B48: =#REF! -> #REF! | C48: =#REF! -> #REF! | D48: =#REF! -> #REF! | G48: =#REF! -> #REF! | H48: =#REF! -> #REF! | I48: =#REF! -> #REF! | J48: =#REF! -> #REF! | K48: =J48*50 -> #REF! | P48: =#REF! -> #REF! | Q48: =R48*P48 -> #REF! | R48: =#REF!+I48 -> #REF! | T48: =#REF! -> #REF! | U48: =R48+T48 -> #REF! | V48: =U48*0.18 -> #REF! | W48: =U48*16.5/1000/2+(255.96) -> #REF! | X48: =U48+V48+W48 -> #REF! | Y48: =#REF!+#REF!+#REF!+#REF!+#REF! -> #REF! | Z48: =#REF!+#REF!+#REF!+#REF!+#REF! -> #REF! | AA48: =#REF! -> #REF! | AB48: =#REF! -> #REF! | AD48: =AC48*1.18 -> 0 | AE48: =U48+Y48+AA48+AC48 -> #REF! | AF48: =X48+Z48+AB48+AD48 -> #REF! | AI48: =AE48/2 -> #REF! | AJ48: 2073.23 | AK48: =AL48/1.18 -> #REF! | AL48: =#REF!-AJ48 -> #REF! | AM48: =AK48/2 -> #REF! | AN48: =AF48-AL48-AJ48 -> #REF! | AT48: =W48-AJ48 -> #REF!
A49: =A48+1 -> 48 | B49: =#REF! -> #REF! | C49: =#REF! -> #REF! | D49: =#REF! -> #REF! | G49: =#REF! -> #REF! | H49: =#REF! -> #REF! | I49: =#REF! -> #REF! | J49: =#REF! -> #REF! | K49: =J49*50 -> #REF! | P49: =#REF! -> #REF! | Q49: =R49*P49 -> #REF! | R49: =#REF!+I49 -> #REF! | T49: =#REF! -> #REF! | U49: =R49+T49 -> #REF! | V49: =U49*0.18 -> #REF! | W49: =U49*16.5/1000 -> #REF! | X49: =U49+V49+W49 -> #REF! | Y49: =#REF!+#REF!+#REF!+#REF!+#REF! -> #REF! | Z49: =#REF!+#REF!+#REF!+#REF!+#REF! -> #REF! | AA49: =#REF! -> #REF! | AB49: =#REF! -> #REF! | AD49: =AC49*1.18 -> 0 | AE49: =U49+Y49+AA49+AC49 -> #REF! | AF49: =X49+Z49+AB49+AD49 -> #REF! | AI49: =AE49/2 -> #REF! | AJ49: =901.15/1.7942 -> 502.25727 | AK49: =AL49/1.18 -> #REF! | AL49: =#REF!-AJ49 -> #REF! | AM49: =AK49/2 -> #REF! | AN49: =AF49-AL49-AJ49 -> #REF! | AT49: =W49-AJ49 -> #REF!
A50: =A49+1 -> 49 | B50: =#REF! -> #REF! | C50: =#REF! -> #REF! | D50: =#REF! -> #REF! | G50: =#REF! -> #REF! | H50: =#REF! -> #REF! | I50: =#REF! -> #REF! | J50: =#REF! -> #REF! | K50: =J50*50 -> #REF! | P50: =#REF! -> #REF! | Q50: =R50*P50 -> #REF! | R50: =#REF!+I50 -> #REF! | T50: =#REF! -> #REF! | U50: =R50+T50 -> #REF! | V50: =U50*0.18 -> #REF! | W50: =U50*16.5/1000 -> #REF! | X50: =U50+V50+W50 -> #REF! | Y50: =#REF!+#REF!+#REF!+#REF!+#REF! -> #REF! | Z50: =#REF!+#REF!+#REF!+#REF!+#REF! -> #REF! | AA50: =#REF! -> #REF! | AB50: =#REF! -> #REF! | AD50: =AC50*1.18 -> 0 | AE50: =U50+Y50+AA50+AC50 -> #REF! | AF50: =X50+Z50+AB50+AD50 -> #REF! | AI50: =AE50/2 -> #REF! | AJ50: =583.2/1.7994 -> 324.10804 | AK50: =AL50/1.18 -> #REF! | AL50: =#REF!-AJ50 -> #REF! | AM50: =AK50/2 -> #REF! | AN50: =AF50-AL50-AJ50 -> #REF! | AT50: =W50-AJ50 -> #REF!
A51: =A50+1 -> 50 | B51: =#REF! -> #REF! | C51: =#REF! -> #REF! | D51: =#REF! -> #REF! | G51: =#REF! -> #REF! | H51: =#REF! -> #REF! | I51: =#REF! -> #REF! | J51: =#REF! -> #REF! | K51: =J51*50 -> #REF! | P51: =#REF! -> #REF! | Q51: =R51*P51 -> #REF! | R51: =#REF!+I51 -> #REF! | T51: =#REF! -> #REF! | U51: =R51+T51 -> #REF! | V51: =U51*0.18 -> #REF! | W51: =U51*16.5/1000 -> #REF! | X51: =U51+V51+W51 -> #REF! | Y51: =#REF!+#REF!+#REF!+#REF!+#REF! -> #REF! | Z51: =#REF!+#REF!+#REF!+#REF!+#REF! -> #REF! | AA51: =#REF! -> #REF! | AB51: =#REF! -> #REF! | AD51: =AC51*1.18 -> 0 | AE51: =U51+Y51+AA51+AC51 -> #REF! | AF51: =X51+Z51+AB51+AD51 -> #REF! | AI51: =AE51/2 -> #REF! | AJ51: =390.13/1.7994 -> 216.81116 | AK51: =AL51/1.18 -> #REF! | AL51: =#REF!-AJ51 -> #REF! | AM51: =AK51/2 -> #REF! | AN51: =AF51-AL51-AJ51 -> #REF! | AT51: =W51-AJ51 -> #REF!
A52: =A51+1 -> 51 | B52: =#REF! -> #REF! | C52: =#REF! -> #REF! | D52: =#REF! -> #REF! | G52: =#REF! -> #REF! | H52: 540 | I52: =#REF! -> #REF! | J52: =#REF! -> #REF! | K52: =J52*50 -> #REF! | P52: =#REF! -> #REF! | Q52: =R52*P52 -> #REF! | R52: =#REF!+I52 -> #REF! | T52: =#REF! -> #REF! | U52: =R52+T52 -> #REF! | V52: =U52*0.18 -> #REF! | W52: =U52*16.5/1000 -> #REF! | X52: =U52+V52+W52 -> #REF! | Y52: =#REF!+#REF!+#REF!+#REF!+#REF! -> #REF! | Z52: =#REF!+#REF!+#REF!+#REF!+#REF! -> #REF! | AA52: =#REF! -> #REF! | AB52: =#REF! -> #REF! | AD52: =AC52*1.18 -> 0 | AE52: =U52+Y52+AA52+AC52 -> #REF! | AF52: =X52+Z52+AB52+AD52 -> #REF! | AI52: =AE52/2 -> #REF! | AJ52: =286.35/1.8003 -> 159.05682 | AK52: =AL52/1.18 -> #REF! | AL52: =#REF!-AJ52 -> #REF! | AM52: =AK52/2 -> #REF! | AN52: =AF52-AL52-AJ52 -> #REF! | AT52: =W52-AJ52 -> #REF!
A53: =A52+1 -> 52 | B53: =#REF! -> #REF! | C53: =#REF! -> #REF! | D53: =#REF! -> #REF! | G53: =#REF! -> #REF! | H53: =#REF! -> #REF! | I53: =#REF! -> #REF! | J53: =#REF! -> #REF! | K53: =J53*50 -> #REF! | P53: =#REF! -> #REF! | Q53: =R53*P53 -> #REF! | R53: =#REF!+I53 -> #REF! | T53: =#REF! -> #REF! | U53: =R53+T53 -> #REF! | V53: =U53*0.18 -> #REF! | W53: =U53*16.5/1000 -> #REF! | X53: =U53+V53+W53 -> #REF! | Y53: =#REF!+#REF!+#REF!+#REF!+#REF! -> #REF! | Z53: =#REF!+#REF!+#REF!+#REF!+#REF! -> #REF! | AA53: =#REF! -> #REF! | AB53: =#REF! -> #REF! | AD53: =AC53*1.18 -> 0 | AE53: =U53+Y53+AA53+AC53 -> #REF! | AF53: =X53+Z53+AB53+AD53 -> #REF! | AI53: =AE53/2 -> #REF! | AJ53: =(326.16+16)/1.7915 -> 190.99079 | AK53: =AL53/1.18 -> #REF! | AL53: =#REF!-AJ53 -> #REF! | AM53: =AK53/2 -> #REF! | AN53: =AF53-AL53-AJ53 -> #REF! | AT53: =W53-AJ53 -> #REF!
A54: =A53+1 -> 53 | B54: =#REF! -> #REF! | C54: =#REF! -> #REF! | D54: =#REF! -> #REF! | G54: =#REF! -> #REF! | H54: =#REF! -> #REF! | I54: =#REF! -> #REF! | J54: =#REF! -> #REF! | K54: =J54*50 -> #REF! | P54: =#REF! -> #REF! | Q54: =R54*P54 -> #REF! | R54: =#REF!+I54 -> #REF! | T54: =#REF! -> #REF! | U54: =R54+T54 -> #REF! | V54: =U54*0.18 -> #REF! | W54: =U54*16.5/1000 -> #REF! | X54: =U54+V54+W54 -> #REF! | Y54: =#REF!+#REF!+#REF!+#REF!+#REF! -> #REF! | Z54: =#REF!+#REF!+#REF!+#REF!+#REF! -> #REF! | AA54: =#REF! -> #REF! | AB54: =#REF! -> #REF! | AD54: =AC54*1.18 -> 0 | AE54: =U54+Y54+AA54+AC54 -> #REF! | AF54: =X54+Z54+AB54+AD54 -> #REF! | AI54: =AE54/2 -> #REF! | AJ54: =389.53/1.7955 -> 216.94793 | AK54: =AL54/1.18 -> #REF! | AL54: =#REF!-AJ54 -> #REF! | AM54: =AK54/2 -> #REF! | AN54: =AF54-AL54-AJ54 -> #REF! | AT54: =W54-AJ54 -> #REF!
A55: =A54+1 -> 54 | B55: =#REF! -> #REF! | C55: =#REF! -> #REF! | D55: =#REF! -> #REF! | G55: =#REF! -> #REF! | H55: =#REF! -> #REF! | I55: =#REF! -> #REF! | J55: =#REF! -> #REF! | K55: =J55*50 -> #REF! | P55: =#REF! -> #REF! | Q55: =R55*P55 -> #REF! | R55: =#REF!+I55 -> #REF! | T55: =#REF! -> #REF! | U55: =R55+T55 -> #REF! | V55: =U55*0.18 -> #REF! | W55: =U55*16.5/1000 -> #REF! | X55: =U55+V55+W55 -> #REF! | Y55: =#REF!+#REF!+#REF!+#REF!+#REF! -> #REF! | Z55: =#REF!+#REF!+#REF!+#REF!+#REF! -> #REF! | AA55: =#REF! -> #REF! | AB55: =#REF! -> #REF! | AD55: =AC55*1.18 -> 0 | AE55: =U55+Y55+AA55+AC55 -> #REF! | AF55: =X55+Z55+AB55+AD55 -> #REF! | AI55: =AE55/2 -> #REF! | AJ55: =196.39/1.7818 -> 110.22 | AK55: =AL55/1.18 -> #REF! | AL55: =#REF!-AJ55 -> #REF! | AM55: =AK55/2 -> #REF! | AN55: =AF55-AL55-AJ55 -> #REF! | AT55: =W55-AJ55 -> #REF!
A56: =A55+1 -> 55 | B56: =#REF! -> #REF! | C56: =#REF! -> #REF! | D56: =#REF! -> #REF! | G56: =#REF! -> #REF! | H56: =#REF! -> #REF! | I56: =#REF! -> #REF! | J56: =#REF! -> #REF! | K56: =J56*50 -> #REF! | P56: =#REF! -> #REF! | Q56: =R56*P56 -> #REF! | R56: =#REF!+I56 -> #REF! | T56: =#REF! -> #REF! | U56: =R56+T56 -> #REF! | V56: =U56*0.18 -> #REF! | W56: =U56*16.5/1000 -> #REF! | X56: =U56+V56+W56 -> #REF! | Y56: =#REF!+#REF!+#REF!+#REF!+#REF! -> #REF! | Z56: =#REF!+#REF!+#REF!+#REF!+#REF! -> #REF! | AA56: =#REF! -> #REF! | AB56: =#REF! -> #REF! | AD56: =AC56*1.18 -> 0 | AE56: =U56+Y56+AA56+AC56 -> #REF! | AF56: =X56+Z56+AB56+AD56 -> #REF! | AI56: =AE56/2 -> #REF! | AJ56: 181.5 | AK56: =AL56/1.18 -> #REF! | AL56: =#REF!-AJ56 -> #REF! | AM56: =AK56/2 -> #REF! | AN56: =AF56-AL56-AJ56 -> #REF! | AT56: =W56-AJ56 -> #REF!
A57: =A56+1 -> 56 | B57: =#REF! -> #REF! | C57: =#REF! -> #REF! | D57: =#REF! -> #REF! | G57: =#REF! -> #REF! | H57: =#REF! -> #REF! | I57: =#REF! -> #REF! | J57: =#REF! -> #REF! | K57: =J57*50 -> #REF! | P57: =#REF! -> #REF! | Q57: =R57*P57 -> #REF! | R57: =#REF!+I57 -> #REF! | T57: =#REF! -> #REF! | U57: =R57+T57 -> #REF! | V57: =U57*0.18 -> #REF! | W57: =U57*16.5/1000 -> #REF! | X57: =U57+V57+W57 -> #REF! | Y57: =#REF!+#REF!+#REF!+#REF!+#REF! -> #REF! | Z57: =#REF!+#REF!+#REF!+#REF!+#REF! -> #REF! | AA57: =#REF! -> #REF! | AB57: =#REF! -> #REF! | AD57: =AC57*1.18 -> 0 | AE57: =U57+Y57+AA57+AC57 -> #REF! | AF57: =X57+Z57+AB57+AD57 -> #REF! | AI57: =AE57/2 -> #REF! | AJ57: 198 | AK57: =AL57/1.18 -> #REF! | AL57: =#REF!-AJ57 -> #REF! | AM57: =AK57/2 -> #REF! | AN57: =AF57-AL57-AJ57 -> #REF! | AT57: =W57-AJ57 -> #REF!
A58: =A57+1 -> 57 | B58: =#REF! -> #REF! | C58: =#REF! -> #REF! | D58: =#REF! -> #REF! | G58: =#REF! -> #REF! | H58: =#REF! -> #REF! | I58: =#REF! -> #REF! | J58: =#REF! -> #REF! | K58: =J58*50 -> #REF! | P58: =#REF! -> #REF! | Q58: =R58*P58 -> #REF! | R58: =#REF!+I58 -> #REF! | T58: =#REF! -> #REF! | U58: =R58+T58 -> #REF! | V58: =U58*0.18 -> #REF! | W58: =U58*16.5/1000 -> #REF! | X58: =U58+V58+W58 -> #REF! | Y58: =#REF!+#REF!+#REF!+#REF!+#REF! -> #REF! | Z58: =#REF!+#REF!+#REF!+#REF!+#REF! -> #REF! | AA58: =#REF! -> #REF! | AB58: =#REF! -> #REF! | AD58: =AC58*1.18 -> 0 | AE58: =U58+Y58+AA58+AC58 -> #REF! | AF58: =X58+Z58+AB58+AD58 -> #REF! | AI58: =AE58/2 -> #REF! | AJ58: =1221.84/1.7724 -> 689.37035 | AK58: =AL58/1.18 -> #REF! | AL58: =#REF!-AJ58 -> #REF! | AM58: =AK58/2 -> #REF! | AN58: =AF58-AL58-AJ58 -> #REF! | AT58: =W58-AJ58 -> #REF!
A59: =A58+1 -> 58 | B59: =#REF! -> #REF! | C59: =#REF! -> #REF! | D59: =#REF! -> #REF! | G59: =#REF! -> #REF! | H59: =#REF! -> #REF! | I59: =#REF! -> #REF! | J59: =#REF! -> #REF! | K59: =J59*50 -> #REF! | P59: =#REF! -> #REF! | Q59: =R59*P59 -> #REF! | R59: =#REF!+I59 -> #REF! | T59: =#REF! -> #REF! | U59: =R59+T59 -> #REF! | V59: =U59*0.18 -> #REF! | W59: =U59*16.5/1000 -> #REF! | X59: =U59+V59+W59 -> #REF! | Y59: =#REF!+#REF!+#REF!+#REF!+#REF! -> #REF! | Z59: =#REF!+#REF!+#REF!+#REF!+#REF! -> #REF! | AA59: =#REF! -> #REF! | AB59: =#REF! -> #REF! | AD59: =AC59*1.18 -> 0 | AE59: =U59+Y59+AA59+AC59 -> #REF! | AF59: =X59+Z59+AB59+AD59 -> #REF! | AI59: =AE59/2 -> #REF! | AJ59: 208.23 | AK59: =AL59/1.18 -> #REF! | AL59: =#REF!-AJ59 -> #REF! | AM59: =AK59/2 -> #REF! | AN59: =AF59-AL59-AJ59 -> #REF! | AT59: =W59-AJ59 -> #REF!
A60: =A59+1 -> 59 | B60: =#REF! -> #REF! | C60: =#REF! -> #REF! | D60: =#REF! -> #REF! | G60: =#REF! -> #REF! | H60: =#REF! -> #REF! | I60: =#REF! -> #REF! | J60: =#REF! -> #REF! | K60: =J60*50 -> #REF! | P60: =#REF! -> #REF! | Q60: =R60*P60 -> #REF! | R60: =#REF!+I60 -> #REF! | T60: =#REF! -> #REF! | U60: =R60+T60 -> #REF! | V60: =U60*0.18 -> #REF! | W60: =U60*16.5/1000 -> #REF! | X60: =U60+V60+W60 -> #REF! | Y60: =#REF!+#REF!+#REF!+#REF!+#REF! -> #REF! | Z60: =#REF!+#REF!+#REF!+#REF!+#REF! -> #REF! | AA60: =#REF! -> #REF! | AB60: =#REF! -> #REF! | AD60: =AC60*1.18 -> 0 | AE60: =U60+Y60+AA60+AC60 -> #REF! | AF60: =X60+Z60+AB60+AD60 -> #REF! | AI60: =AE60/2 -> #REF! | AJ60: 252.78 | AK60: =AL60/1.18 -> #REF! | AL60: =#REF!-AJ60 -> #REF! | AM60: =AK60/2 -> #REF! | AN60: =AF60-AL60-AJ60 -> #REF! | AT60: =W60-AJ60 -> #REF!
A61: =A60+1 -> 60 | B61: =#REF! -> #REF! | C61: =#REF! -> #REF! | D61: =#REF! -> #REF! | G61: =#REF! -> #REF! | H61: =#REF! -> #REF! | I61: =#REF! -> #REF! | J61: =#REF! -> #REF! | K61: =J61*50 -> #REF! | P61: =#REF! -> #REF! | Q61: =R61*P61 -> #REF! | R61: =#REF!+I61 -> #REF! | T61: =#REF! -> #REF! | U61: =R61+T61 -> #REF! | V61: =U61*0.18 -> #REF! | W61: =U61*16.5/1000 -> #REF! | X61: =U61+V61+W61 -> #REF! | Y61: =#REF!+#REF!+#REF!+#REF!+#REF! -> #REF! | Z61: =#REF!+#REF!+#REF!+#REF!+#REF! -> #REF! | AA61: =#REF! -> #REF! | AB61: =#REF! -> #REF! | AD61: =AC61*1.18 -> 0 | AE61: =U61+Y61+AA61+AC61 -> #REF! | AF61: =X61+Z61+AB61+AD61 -> #REF! | AI61: =AE61/2 -> #REF! | AJ61: =866.37/1.7884 -> 484.4386 | AK61: =AL61/1.18 -> #REF! | AL61: =#REF!-AJ61 -> #REF! | AM61: =AK61/2 -> #REF! | AN61: =AF61-AL61-AJ61 -> #REF! | AT61: =W61-AJ61 -> #REF!
A62: =A61+1 -> 61 | B62: =#REF! -> #REF! | C62: =#REF! -> #REF! | D62: =#REF! -> #REF! | G62: =#REF! -> #REF! | H62: =#REF! -> #REF! | I62: =#REF! -> #REF! | J62: =#REF! -> #REF! | K62: =J62*50 -> #REF! | P62: =#REF! -> #REF! | Q62: =R62*P62 -> #REF! | R62: =#REF!+I62 -> #REF! | T62: =#REF! -> #REF! | U62: =R62+T62 -> #REF! | V62: =U62*0.18 -> #REF! | W62: =U62*16.5/1000 -> #REF! | X62: =U62+V62+W62 -> #REF! | Y62: =#REF!+#REF!+#REF!+#REF!+#REF! -> #REF! | Z62: =#REF!+#REF!+#REF!+#REF!+#REF! -> #REF! | AA62: =#REF! -> #REF! | AB62: =#REF! -> #REF! | AD62: =AC62*1.18 -> 0 | AE62: =U62+Y62+AA62+AC62 -> #REF! | AF62: =X62+Z62+AB62+AD62 -> #REF! | AI62: =AE62/2 -> #REF! | AJ62: =949.06/1.7941 -> 528.98947 | AK62: =AL62/1.18 -> #REF! | AL62: =#REF!-AJ62 -> #REF! | AM62: =AK62/2 -> #REF! | AN62: =AF62-AL62-AJ62 -> #REF! | AT62: =W62-AJ62 -> #REF!
A63: =A62+1 -> 62 | B63: =#REF! -> #REF! | C63: =#REF! -> #REF! | D63: =#REF! -> #REF! | G63: =#REF! -> #REF! | H63: =#REF! -> #REF! | I63: =#REF! -> #REF! | J63: =#REF! -> #REF! | K63: =J63*50 -> #REF! | P63: =#REF! -> #REF! | Q63: =R63*P63 -> #REF! | R63: =#REF!+I63 -> #REF! | T63: =#REF! -> #REF! | U63: =R63+T63 -> #REF! | V63: =U63*0.18 -> #REF! | W63: =U63*16.5/1000 -> #REF! | X63: =U63+V63+W63 -> #REF! | Y63: =#REF!+#REF!+#REF!+#REF!+#REF! -> #REF! | Z63: =#REF!+#REF!+#REF!+#REF!+#REF! -> #REF! | AA63: =#REF! -> #REF! | AB63: =#REF! -> #REF! | AD63: =AC63*1.18 -> 0 | AE63: =U63+Y63+AA63+AC63 -> #REF! | AF63: =X63+Z63+AB63+AD63 -> #REF! | AI63: =AE63/2 -> #REF! | AJ63: 733.92 | AK63: =AL63/1.18 -> #REF! | AL63: =#REF!-AJ63 -> #REF! | AM63: =AK63/2 -> #REF! | AN63: =AF63-AL63-AJ63 -> #REF! | AT63: =W63-AJ63 -> #REF!
A64: =A63+1 -> 63 | B64: =#REF! -> #REF! | C64: =#REF! -> #REF! | D64: =#REF! -> #REF! | G64: =#REF! -> #REF! | H64: =#REF! -> #REF! | I64: =#REF! -> #REF! | J64: =#REF! -> #REF! | K64: =J64*50 -> #REF! | P64: =#REF! -> #REF! | Q64: =R64*P64 -> #REF! | R64: =#REF!+I64 -> #REF! | T64: =#REF! -> #REF! | U64: =R64+T64 -> #REF! | V64: =U64*0.18 -> #REF! | W64: =U64*16.5/1000 -> #REF! | X64: =U64+V64+W64 -> #REF! | Y64: =#REF!+#REF!+#REF!+#REF!+#REF! -> #REF! | Z64: =#REF!+#REF!+#REF!+#REF!+#REF! -> #REF! | AA64: =#REF! -> #REF! | AB64: =#REF! -> #REF! | AD64: =AC64*1.18 -> 0 | AE64: =U64+Y64+AA64+AC64 -> #REF! | AF64: =X64+Z64+AB64+AD64 -> #REF! | AI64: =AE64/2 -> #REF! | AJ64: =451.24/1.7851 -> 252.78136 | AK64: =AL64/1.18 -> #REF! | AL64: =#REF!-AJ64 -> #REF! | AM64: =AK64/2 -> #REF! | AN64: =AF64-AL64-AJ64 -> #REF! | AT64: =W64-AJ64 -> #REF!
A65: =A64+1 -> 64 | B65: =#REF! -> #REF! | C65: =#REF! -> #REF! | D65: =#REF! -> #REF! | G65: =#REF! -> #REF! | H65: =#REF! -> #REF! | I65: =#REF! -> #REF! | J65: =#REF! -> #REF! | K65: =J65*50 -> #REF! | P65: =#REF! -> #REF! | Q65: =R65*P65 -> #REF! | R65: =#REF!+I65 -> #REF! | T65: =#REF! -> #REF! | U65: =R65+T65 -> #REF! | V65: =U65*0.18 -> #REF! | W65: =U65*16.5/1000 -> #REF! | X65: =U65+V65+W65 -> #REF! | Y65: =#REF!+#REF!+#REF!+#REF!+#REF! -> #REF! | Z65: =#REF!+#REF!+#REF!+#REF!+#REF! -> #REF! | AA65: =#REF! -> #REF! | AB65: =#REF! -> #REF! | AD65: =AC65*1.18 -> 0 | AE65: =U65+Y65+AA65+AC65 -> #REF! | AF65: =X65+Z65+AB65+AD65 -> #REF! | AI65: =AE65/2 -> #REF! | AJ65: 90.92 | AK65: =AL65/1.18 -> #REF! | AL65: =#REF!-AJ65 -> #REF! | AM65: =AK65/2 -> #REF! | AN65: =AF65-AL65-AJ65 -> #REF! | AT65: =W65-AJ65 -> #REF!
A66: =A65+1 -> 65 | B66: =#REF! -> #REF! | C66: =#REF! -> #REF! | D66: =#REF! -> #REF! | G66: =#REF! -> #REF! | H66: =#REF! -> #REF! | I66: =#REF! -> #REF! | J66: =#REF! -> #REF! | K66: =J66*50 -> #REF! | P66: =#REF! -> #REF! | Q66: =R66*P66 -> #REF! | R66: =#REF!+I66 -> #REF! | T66: =#REF! -> #REF! | U66: =R66+T66 -> #REF! | V66: =U66*0.18 -> #REF! | W66: =U66*16.5/1000 -> #REF! | X66: =U66+V66+W66 -> #REF! | Y66: =#REF!+#REF!+#REF!+#REF!+#REF! -> #REF! | Z66: =#REF!+#REF!+#REF!+#REF!+#REF! -> #REF! | AA66: =#REF! -> #REF! | AB66: =#REF! -> #REF! | AD66: =AC66*1.18 -> 0 | AE66: =U66+Y66+AA66+AC66 -> #REF! | AF66: =X66+Z66+AB66+AD66 -> #REF! | AI66: =AE66/2 -> #REF! | AJ66: =389.53/1.7939 -> 217.14142 | AK66: =AL66/1.18 -> #REF! | AL66: =#REF!-AJ66 -> #REF! | AM66: =AK66/2 -> #REF! | AN66: =AF66-AL66-AJ66 -> #REF! | AT66: =W66-AJ66 -> #REF!
A67: =A66+1 -> 66 | B67: =#REF! -> #REF! | C67: =#REF! -> #REF! | D67: =#REF! -> #REF! | G67: =#REF! -> #REF! | H67: =#REF! -> #REF! | I67: =#REF! -> #REF! | J67: =#REF! -> #REF! | K67: =J67*50 -> #REF! | P67: =#REF! -> #REF! | Q67: =R67*P67 -> #REF! | R67: =#REF!+I67 -> #REF! | T67: =#REF! -> #REF! | U67: =R67+T67 -> #REF! | V67: =U67*0.18 -> #REF! | W67: =U67*16.5/1000 -> #REF! | X67: =U67+V67+W67 -> #REF! | Y67: =#REF!+#REF!+#REF!+#REF!+#REF! -> #REF! | Z67: =#REF!+#REF!+#REF!+#REF!+#REF! -> #REF! | AA67: =#REF! -> #REF! | AB67: =#REF! -> #REF! | AD67: =AC67*1.18 -> 0 | AE67: =U67+Y67+AA67+AC67 -> #REF! | AF67: =X67+Z67+AB67+AD67 -> #REF! | AI67: =AE67/2 -> #REF! | AJ67: 1001.22 | AK67: =AL67/1.18 -> #REF! | AL67: =#REF!-AJ67 -> #REF! | AM67: =AK67/2 -> #REF! | AN67: =AF67-AL67-AJ67 -> #REF! | AT67: =W67-AJ67 -> #REF!
A68: =A67+1 -> 67 | B68: =#REF! -> #REF! | C68: =#REF! -> #REF! | D68: =#REF! -> #REF! | G68: =#REF! -> #REF! | H68: =#REF! -> #REF! | I68: =#REF! -> #REF! | J68: =#REF! -> #REF! | K68: =J68*50 -> #REF! | P68: =#REF! -> #REF! | Q68: =R68*P68 -> #REF! | R68: =#REF!+I68 -> #REF! | T68: =#REF! -> #REF! | U68: =R68+T68 -> #REF! | V68: =U68*0.18 -> #REF! | W68: =U68*16.5/1000 -> #REF! | X68: =U68+V68+W68 -> #REF! | Y68: =#REF!+#REF!+#REF!+#REF!+#REF! -> #REF! | Z68: =#REF!+#REF!+#REF!+#REF!+#REF! -> #REF! | AA68: =#REF! -> #REF! | AB68: =#REF! -> #REF! | AD68: =AC68*1.18 -> 0 | AE68: =U68+Y68+AA68+AC68 -> #REF! | AF68: =X68+Z68+AB68+AD68 -> #REF! | AI68: =AE68/2 -> #REF! | AJ68: 90.92 | AK68: =AL68/1.18 -> #REF! | AL68: =#REF!-AJ68 -> #REF! | AM68: =AK68/2 -> #REF! | AN68: =AF68-AL68-AJ68 -> #REF! | AT68: =W68-AJ68 -> #REF!
A69: =A68+1 -> 68 | B69: =#REF! -> #REF! | C69: =#REF! -> #REF! | D69: =#REF! -> #REF! | G69: =#REF! -> #REF! | H69: =#REF! -> #REF! | I69: =#REF! -> #REF! | J69: =#REF! -> #REF! | K69: =J69*50 -> #REF! | P69: =#REF! -> #REF! | Q69: =R69*P69 -> #REF! | R69: =#REF!+I69 -> #REF! | T69: =#REF! -> #REF! | U69: =R69+T69 -> #REF! | V69: =U69*0.18 -> #REF! | W69: =U69*16.5/1000 -> #REF! | X69: =U69+V69+W69 -> #REF! | Y69: =#REF!+#REF!+#REF!+#REF!+#REF! -> #REF! | Z69: =#REF!+#REF!+#REF!+#REF!+#REF! -> #REF! | AA69: =#REF! -> #REF! | AB69: =#REF! -> #REF! | AD69: =AC69*1.18 -> 0 | AE69: =U69+Y69+AA69+AC69 -> #REF! | AF69: =X69+Z69+AB69+AD69 -> #REF! | AI69: =AE69/2 -> #REF! | AJ69: 689.37 | AK69: =AL69/1.18 -> #REF! | AL69: =#REF!-AJ69 -> #REF! | AM69: =AK69/2 -> #REF! | AN69: =AF69-AL69-AJ69 -> #REF! | AT69: =W69-AJ69 -> #REF!
A70: =A69+1 -> 69 | B70: =#REF! -> #REF! | C70: =#REF! -> #REF! | D70: =#REF! -> #REF! | G70: =#REF! -> #REF! | H70: =#REF! -> #REF! | I70: =#REF! -> #REF! | J70: =#REF! -> #REF! | K70: =J70*50 -> #REF! | P70: =#REF! -> #REF! | Q70: =R70*P70 -> #REF! | R70: =#REF!+I70 -> #REF! | T70: =#REF! -> #REF! | U70: =R70+T70 -> #REF! | V70: =U70*0.18 -> #REF! | W70: =U70*16.5/1000 -> #REF! | X70: =U70+V70+W70 -> #REF! | Y70: =#REF!+#REF!+#REF!+#REF!+#REF! -> #REF! | Z70: =#REF!+#REF!+#REF!+#REF!+#REF! -> #REF! | AA70: =#REF! -> #REF! | AB70: =#REF! -> #REF! | AD70: =AC70*1.18 -> 0 | AE70: =U70+Y70+AA70+AC70 -> #REF! | AF70: =X70+Z70+AB70+AD70 -> #REF! | AI70: =AE70/2 -> #REF! | AJ70: 208.23 | AK70: =AL70/1.18 -> #REF! | AL70: =#REF!-AJ70 -> #REF! | AM70: =AK70/2 -> #REF! | AN70: =AF70-AL70-AJ70 -> #REF! | AT70: =W70-AJ70 -> #REF!
A71: =A70+1 -> 70 | B71: =#REF! -> #REF! | C71: =#REF! -> #REF! | D71: =#REF! -> #REF! | G71: =#REF! -> #REF! | H71: =#REF! -> #REF! | I71: =#REF! -> #REF! | J71: =#REF! -> #REF! | K71: =J71*50 -> #REF! | P71: =#REF! -> #REF! | Q71: =R71*P71 -> #REF! | R71: =#REF!+I71 -> #REF! | T71: =#REF! -> #REF! | U71: =R71+T71 -> #REF! | V71: =U71*0.18 -> #REF! | W71: =U71*16.5/1000 -> #REF! | X71: =U71+V71+W71 -> #REF! | Y71: =#REF!+#REF!+#REF!+#REF!+#REF! -> #REF! | Z71: =#REF!+#REF!+#REF!+#REF!+#REF! -> #REF! | AA71: =#REF! -> #REF! | AB71: =#REF! -> #REF! | AD71: =AC71*1.18 -> 0 | AE71: =U71+Y71+AA71+AC71 -> #REF! | AF71: =X71+Z71+AB71+AD71 -> #REF! | AI71: =AE71/2 -> #REF! | AJ71: =(262.06/1.7966)+13.2 -> 159.06441 | AK71: =AL71/1.18 -> #REF! | AL71: =#REF!-AJ71 -> #REF! | AM71: =AK71/2 -> #REF! | AN71: =AF71-AL71-AJ71 -> #REF! | AT71: =W71-AJ71 -> #REF!
A72: =A71+1 -> 71 | B72: =#REF! -> #REF! | C72: =#REF! -> #REF! | D72: =#REF! -> #REF! | G72: =#REF! -> #REF! | H72: =#REF! -> #REF! | I72: =#REF! -> #REF! | J72: =#REF! -> #REF! | K72: =J72*50 -> #REF! | P72: =#REF! -> #REF! | Q72: =R72*P72 -> #REF! | R72: =#REF!+I72 -> #REF! | T72: =#REF! -> #REF! | U72: =R72+T72 -> #REF! | V72: =U72*0.18 -> #REF! | W72: =U72*16.5/1000 -> #REF! | X72: =U72+V72+W72 -> #REF! | Y72: =#REF!+#REF!+#REF!+#REF!+#REF! -> #REF! | Z72: =#REF!+#REF!+#REF!+#REF!+#REF! -> #REF! | AA72: =#REF! -> #REF! | AB72: =#REF! -> #REF! | AD72: =AC72*1.18 -> 0 | AE72: =U72+Y72+AA72+AC72 -> #REF! | AF72: =X72+Z72+AB72+AD72 -> #REF! | AI72: =AE72/2 -> #REF! | AJ72: =387.62/1.7851 -> 217.1419 | AK72: =AL72/1.18 -> #REF! | AL72: =#REF!-AJ72 -> #REF! | AM72: =AK72/2 -> #REF! | AN72: =AF72-AL72-AJ72 -> #REF! | AT72: =W72-AJ72 -> #REF!
A73: =A72+1 -> 72 | B73: =#REF! -> #REF! | C73: =#REF! -> #REF! | D73: =#REF! -> #REF! | G73: =#REF! -> #REF! | H73: =#REF! -> #REF! | I73: =#REF! -> #REF! | J73: =#REF! -> #REF! | K73: =J73*50 -> #REF! | P73: =#REF! -> #REF! | Q73: =R73*P73 -> #REF! | R73: =#REF!+I73 -> #REF! | T73: =#REF! -> #REF! | U73: =R73+T73 -> #REF! | V73: =U73*0.18 -> #REF! | W73: =U73*16.5/1000 -> #REF! | X73: =U73+V73+W73 -> #REF! | Y73: =#REF!+#REF!+#REF!+#REF!+#REF! -> #REF! | Z73: =#REF!+#REF!+#REF!+#REF!+#REF! -> #REF! | AA73: =#REF! -> #REF! | AB73: =#REF! -> #REF! | AD73: =AC73*1.18 -> 0 | AE73: =U73+Y73+AA73+AC73 -> #REF! | AF73: =X73+Z73+AB73+AD73 -> #REF! | AI73: =AE73/2 -> #REF! | AJ73: =386.07/1.778 -> 217.13723 | AK73: =AL73/1.18 -> #REF! | AL73: =#REF!-AJ73 -> #REF! | AM73: =AK73/2 -> #REF! | AN73: =AF73-AL73-AJ73 -> #REF! | AT73: =W73-AJ73 -> #REF!
A74: =A73+1 -> 73 | B74: =#REF! -> #REF! | C74: =#REF! -> #REF! | D74: =#REF! -> #REF! | G74: =#REF! -> #REF! | H74: =#REF! -> #REF! | I74: =#REF! -> #REF! | J74: =#REF! -> #REF! | K74: =J74*50 -> #REF! | P74: =#REF! -> #REF! | Q74: =R74*P74 -> #REF! | R74: =#REF!+I74 -> #REF! | T74: =#REF! -> #REF! | U74: =R74+T74 -> #REF! | V74: =U74*0.18 -> #REF! | W74: =U74*16.5/1000 -> #REF! | X74: =U74+V74+W74 -> #REF! | Y74: =#REF!+#REF!+#REF!+#REF!+#REF! -> #REF! | Z74: =#REF!+#REF!+#REF!+#REF!+#REF! -> #REF! | AA74: =#REF! -> #REF! | AB74: =#REF! -> #REF! | AD74: =AC74*1.18 -> 0 | AE74: =U74+Y74+AA74+AC74 -> #REF! | AF74: =X74+Z74+AB74+AD74 -> #REF! | AI74: =AE74/2 -> #REF! | AJ74: =260.51/1.786 -> 145.86226 | AK74: =AL74/1.18 -> #REF! | AL74: =#REF!-AJ74 -> #REF! | AM74: =AK74/2 -> #REF! | AN74: =AF74-AL74-AJ74 -> #REF! | AT74: =W74-AJ74 -> #REF!
A75: =A74+1 -> 74 | B75: =#REF! -> #REF! | C75: =#REF! -> #REF! | D75: =#REF! -> #REF! | G75: =#REF! -> #REF! | H75: =#REF! -> #REF! | I75: =#REF! -> #REF! | J75: =#REF! -> #REF! | K75: =J75*50 -> #REF! | P75: =#REF! -> #REF! | Q75: =R75*P75 -> #REF! | R75: =#REF!+I75 -> #REF! | T75: =#REF! -> #REF! | U75: =R75+T75 -> #REF! | V75: =U75*0.18 -> #REF! | W75: =(8300*16.5/1000)+(750*3.78/1000) -> 139.785 | X75: =U75+V75+W75 -> #REF! | Y75: =#REF!+#REF!+#REF!+#REF!+#REF! -> #REF! | Z75: =#REF!+#REF!+#REF!+#REF!+#REF! -> #REF! | AA75: =#REF! -> #REF! | AB75: =#REF! -> #REF! | AD75: =AC75*1.18 -> 0 | AE75: =U75+Y75+AA75+AC75 -> #REF! | AF75: =X75+Z75+AB75+AD75 -> #REF! | AI75: =AE75/2 -> #REF! | AJ75: =244.47/1.7851+5.18/1.8287 -> 139.78292 | AK75: =AL75/1.18 -> #REF! | AL75: =#REF!-AJ75 -> #REF! | AM75: =AK75/2 -> #REF! | AN75: =AF75-AL75-AJ75 -> #REF! | AT75: =W75-AJ75 -> 0.0020757612
A76: =A75+1 -> 75 | B76: =#REF! -> #REF! | C76: =#REF! -> #REF! | D76: =#REF! -> #REF! | G76: =#REF! -> #REF! | H76: =#REF! -> #REF! | I76: =#REF! -> #REF! | J76: =#REF! -> #REF! | K76: =J76*50 -> #REF! | P76: =#REF! -> #REF! | Q76: =R76*P76 -> #REF! | R76: =#REF!+I76 -> #REF! | T76: =#REF! -> #REF! | U76: =R76+T76 -> #REF! | V76: =U76*0.18 -> #REF! | W76: =U76*16.5/1000 -> #REF! | X76: =U76+V76+W76 -> #REF! | Y76: =#REF!+#REF!+#REF!+#REF!+#REF! -> #REF! | Z76: =#REF!+#REF!+#REF!+#REF!+#REF! -> #REF! | AA76: =#REF! -> #REF! | AB76: =#REF! -> #REF! | AD76: =AC76*1.18 -> 0 | AE76: =U76+Y76+AA76+AC76 -> #REF! | AF76: =X76+Z76+AB76+AD76 -> #REF! | AI76: =AE76/2 -> #REF! | AJ76: =448.86/1.7757 -> 252.77919 | AK76: =AL76/1.18 -> #REF! | AL76: =#REF!-AJ76 -> #REF! | AM76: =AK76/2 -> #REF! | AN76: =AF76-AL76-AJ76 -> #REF! | AT76: =W76-AJ76 -> #REF!
A77: =A76+1 -> 76 | B77: =#REF! -> #REF! | C77: =#REF! -> #REF! | D77: =#REF! -> #REF! | G77: =#REF! -> #REF! | H77: =#REF! -> #REF! | I77: =#REF! -> #REF! | J77: =#REF! -> #REF! | K77: =J77*50 -> #REF! | P77: =#REF! -> #REF! | Q77: =R77*P77 -> #REF! | R77: =#REF!+I77 -> #REF! | T77: =#REF! -> #REF! | U77: =R77+T77 -> #REF! | V77: =U77*0.18 -> #REF! | W77: =U77*16.5/1000 -> #REF! | X77: =U77+V77+W77 -> #REF! | Y77: =#REF!+#REF!+#REF!+#REF!+#REF! -> #REF! | Z77: =#REF!+#REF!+#REF!+#REF!+#REF! -> #REF! | AA77: =#REF! -> #REF! | AB77: =#REF! -> #REF! | AD77: =AC77*1.18 -> 0 | AE77: =U77+Y77+AA77+AC77 -> #REF! | AF77: =X77+Z77+AB77+AD77 -> #REF! | AI77: =AE77/2 -> #REF! | AJ77: =310.71/1.8003 -> 172.5879 | AK77: =AL77/1.18 -> #REF! | AL77: =#REF!-AJ77 -> #REF! | AM77: =AK77/2 -> #REF! | AN77: =AF77-AL77-AJ77 -> #REF! | AT77: =W77-AJ77 -> #REF!
A78: =A77+1 -> 77 | B78: =#REF! -> #REF! | C78: =#REF! -> #REF! | D78: =#REF! -> #REF! | G78: =#REF! -> #REF! | H78: =#REF! -> #REF! | I78: =#REF! -> #REF! | J78: =#REF! -> #REF! | K78: =J78*50 -> #REF! | P78: =#REF! -> #REF! | Q78: =R78*P78 -> #REF! | R78: =#REF!+I78 -> #REF! | T78: =#REF! -> #REF! | U78: =R78+T78 -> #REF! | V78: =U78*0.18 -> #REF! | W78: =U78*16.5/1000 -> #REF! | X78: =U78+V78+W78 -> #REF! | Y78: =#REF!+#REF!+#REF!+#REF!+#REF! -> #REF! | Z78: =#REF!+#REF!+#REF!+#REF!+#REF! -> #REF! | AA78: =#REF! -> #REF! | AB78: =#REF! -> #REF! | AD78: =AC78*1.18 -> 0 | AE78: =U78+Y78+AA78+AC78 -> #REF! | AF78: =X78+Z78+AB78+AD78 -> #REF! | AI78: =AE78/2 -> #REF! | AJ78: =1428.51/1.7741 -> 805.20264 | AK78: =AL78/1.18 -> #REF! | AL78: =#REF!-AJ78 -> #REF! | AM78: =AK78/2 -> #REF! | AN78: =AF78-AL78-AJ78 -> #REF! | AT78: =W78-AJ78 -> #REF!
A79: =A78+1 -> 78 | B79: =#REF! -> #REF! | C79: =#REF! -> #REF! | D79: =#REF! -> #REF! | G79: =#REF! -> #REF! | H79: =#REF! -> #REF! | I79: =#REF! -> #REF! | J79: =#REF! -> #REF! | K79: =J79*50 -> #REF! | P79: =#REF! -> #REF! | Q79: =R79*P79 -> #REF! | R79: =#REF!+I79 -> #REF! | T79: =#REF! -> #REF! | U79: =R79+T79 -> #REF! | V79: =U79*0.18 -> #REF! | W79: =U79*16.5/1000 -> #REF! | X79: =U79+V79+W79 -> #REF! | Y79: =#REF!+#REF!+#REF!+#REF!+#REF! -> #REF! | Z79: =#REF!+#REF!+#REF!+#REF!+#REF! -> #REF! | AA79: =#REF! -> #REF! | AB79: =#REF! -> #REF! | AD79: =AC79*1.18 -> 0 | AE79: =U79+Y79+AA79+AC79 -> #REF! | AF79: =X79+Z79+AB79+AD79 -> #REF! | AI79: =AE79/2 -> #REF! | AJ79: =485.48/1.7941 -> 270.59807 | AK79: =AL79/1.18 -> #REF! | AL79: =#REF!-AJ79 -> #REF! | AM79: =AK79/2 -> #REF! | AN79: =AF79-AL79-AJ79 -> #REF! | AT79: =W79-AJ79 -> #REF!
A80: =A79+1 -> 79 | B80: =#REF! -> #REF! | C80: =#REF! -> #REF! | D80: =#REF! -> #REF! | G80: =#REF! -> #REF! | H80: =#REF! -> #REF! | I80: =#REF! -> #REF! | J80: =#REF! -> #REF! | K80: =J80*50 -> #REF! | P80: =#REF! -> #REF! | Q80: =R80*P80 -> #REF! | R80: =#REF!+I80 -> #REF! | T80: =#REF! -> #REF! | U80: =R80+T80 -> #REF! | V80: =U80*0.18 -> #REF! | W80: =U80*16.5/1000 -> #REF! | X80: =U80+V80+W80 -> #REF! | Y80: =#REF!+#REF!+#REF!+#REF!+#REF! -> #REF! | Z80: =#REF!+#REF!+#REF!+#REF!+#REF! -> #REF! | AA80: =#REF! -> #REF! | AB80: =#REF! -> #REF! | AD80: =AC80*1.18 -> 0 | AE80: =U80+Y80+AA80+AC80 -> #REF! | AF80: =X80+Z80+AB80+AD80 -> #REF! | AI80: =AE80/2 -> #REF! | AJ80: 120.12 | AK80: =AL80/1.18 -> #REF! | AL80: =#REF!-AJ80 -> #REF! | AM80: =AK80/2 -> #REF! | AN80: =AF80-AL80-AJ80 -> #REF! | AT80: =W80-AJ80 -> #REF!
A81: =A80+1 -> 80 | B81: =#REF! -> #REF! | C81: =#REF! -> #REF! | D81: =#REF! -> #REF! | G81: =#REF! -> #REF! | H81: =#REF! -> #REF! | I81: =#REF! -> #REF! | J81: =#REF! -> #REF! | K81: =J81*50 -> #REF! | P81: =#REF! -> #REF! | Q81: =R81*P81 -> #REF! | R81: =#REF!+I81 -> #REF! | T81: =#REF! -> #REF! | U81: =R81+T81 -> #REF! | V81: =U81*0.18 -> #REF! | W81: =U81*16.5/1000 -> #REF! | X81: =U81+V81+W81 -> #REF! | Y81: =#REF!+#REF!+#REF!+#REF!+#REF! -> #REF! | Z81: =#REF!+#REF!+#REF!+#REF!+#REF! -> #REF! | AA81: =#REF! -> #REF! | AB81: =#REF! -> #REF! | AD81: =AC81*1.18 -> 0 | AE81: =U81+Y81+AA81+AC81 -> #REF! | AF81: =X81+Z81+AB81+AD81 -> #REF! | AI81: =AE81/2 -> #REF! | AJ81: =418.98/1.7683 -> 236.93943 | AK81: =AL81/1.18 -> #REF! | AL81: =#REF!-AJ81 -> #REF! | AM81: =AK81/2 -> #REF! | AN81: =AF81-AL81-AJ81 -> #REF! | AT81: =W81-AJ81 -> #REF!
A82: =A81+1 -> 81 | B82: =#REF! -> #REF! | C82: =#REF! -> #REF! | D82: =#REF! -> #REF! | G82: =#REF! -> #REF! | H82: =#REF! -> #REF! | I82: =#REF! -> #REF! | J82: =#REF! -> #REF! | K82: =J82*50 -> #REF! | P82: =#REF! -> #REF! | Q82: =R82*P82 -> #REF! | R82: =#REF!+I82 -> #REF! | T82: =#REF! -> #REF! | U82: =R82+T82 -> #REF! | V82: =U82*0.18 -> #REF! | W82: =U82*16.5/1000 -> #REF! | X82: =U82+V82+W82 -> #REF! | Y82: =#REF!+#REF!+#REF!+#REF!+#REF! -> #REF! | Z82: =#REF!+#REF!+#REF!+#REF!+#REF! -> #REF! | AA82: =#REF! -> #REF! | AB82: =#REF! -> #REF! | AD82: =AC82*1.18 -> 0 | AE82: =U82+Y82+AA82+AC82 -> #REF! | AF82: =X82+Z82+AB82+AD82 -> #REF! | AI82: =AE82/2 -> #REF! | AJ82: =5938.62/1.7942 -> 3309.8986 | AK82: =AL82/1.18 -> #REF! | AL82: =#REF!-AJ82 -> #REF! | AM82: =AK82/2 -> #REF! | AN82: =AF82-AL82-AJ82 -> #REF! | AT82: =W82-AJ82 -> #REF!
A83: =A82+1 -> 82 | B83: =#REF! -> #REF! | C83: =#REF! -> #REF! | D83: =#REF! -> #REF! | G83: =#REF! -> #REF! | H83: =#REF! -> #REF! | I83: =#REF! -> #REF! | J83: =#REF! -> #REF! | K83: =J83*50 -> #REF! | P83: =#REF! -> #REF! | Q83: =R83*P83 -> #REF! | R83: =#REF!+I83 -> #REF! | T83: =#REF! -> #REF! | U83: =R83+T83 -> #REF! | V83: =U83*0.18 -> #REF! | W83: =U83*16.5/1000 -> #REF! | X83: =U83+V83+W83 -> #REF! | Y83: =#REF!+#REF!+#REF!+#REF!+#REF! -> #REF! | Z83: =#REF!+#REF!+#REF!+#REF!+#REF! -> #REF! | AA83: =#REF! -> #REF! | AB83: =#REF! -> #REF! | AD83: =AC83*1.18 -> 0 | AE83: =U83+Y83+AA83+AC83 -> #REF! | AF83: =X83+Z83+AB83+AD83 -> #REF! | AI83: =AE83/2 -> #REF! | AJ83: =2433.12/1.7922 -> 1357.6163 | AK83: =AL83/1.18 -> #REF! | AL83: =#REF!-AJ83 -> #REF! | AM83: =AK83/2 -> #REF! | AN83: =AF83-AL83-AJ83 -> #REF! | AT83: =W83-AJ83 -> #REF!
A84: =A83+1 -> 83 | B84: =#REF! -> #REF! | C84: =#REF! -> #REF! | D84: =#REF! -> #REF! | G84: =#REF! -> #REF! | H84: =#REF! -> #REF! | I84: =#REF! -> #REF! | J84: =#REF! -> #REF! | K84: =J84*50 -> #REF! | P84: =#REF! -> #REF! | Q84: =R84*P84 -> #REF! | R84: =#REF!+I84 -> #REF! | T84: =#REF! -> #REF! | U84: =R84+T84 -> #REF! | V84: =U84*0.18 -> #REF! | W84: =U84*16.5/1000 -> #REF! | X84: =U84+V84+W84 -> #REF! | Y84: =#REF!+#REF!+#REF!+#REF!+#REF! -> #REF! | Z84: =#REF!+#REF!+#REF!+#REF!+#REF! -> #REF! | AA84: =#REF! -> #REF! | AB84: =#REF! -> #REF! | AD84: =AC84*1.18 -> 0 | AE84: =U84+Y84+AA84+AC84 -> #REF! | AF84: =X84+Z84+AB84+AD84 -> #REF! | AI84: =AE84/2 -> #REF! | AJ84: 149.33 | AK84: =AL84/1.18 -> #REF! | AL84: =#REF!-AJ84 -> #REF! | AM84: =AK84/2 -> #REF! | AN84: =AF84-AL84-AJ84 -> #REF! | AT84: =W84-AJ84 -> #REF!
A85: =A84+1 -> 84 | B85: =#REF! -> #REF! | C85: =#REF! -> #REF! | D85: =#REF! -> #REF! | G85: =#REF! -> #REF! | H85: =#REF! -> #REF! | I85: =#REF! -> #REF! | J85: =#REF! -> #REF! | K85: =J85*50 -> #REF! | P85: =#REF! -> #REF! | Q85: =R85*P85 -> #REF! | R85: =#REF!+I85 -> #REF! | T85: =#REF! -> #REF! | U85: =R85+T85 -> #REF! | V85: =U85*0.18 -> #REF! | W85: =U85*16.5/1000 -> #REF! | X85: =U85+V85+W85 -> #REF! | Y85: =#REF!+#REF!+#REF!+#REF!+#REF! -> #REF! | Z85: =#REF!+#REF!+#REF!+#REF!+#REF! -> #REF! | AA85: =#REF! -> #REF! | AB85: =#REF! -> #REF! | AD85: =AC85*1.18 -> 0 | AE85: =U85+Y85+AA85+AC85 -> #REF! | AF85: =X85+Z85+AB85+AD85 -> #REF! | AI85: =AE85/2 -> #REF! | AJ85: 120.12 | AK85: =AL85/1.18 -> #REF! | AL85: =#REF!-AJ85 -> #REF! | AM85: =AK85/2 -> #REF! | AN85: =AF85-AL85-AJ85 -> #REF! | AT85: =W85-AJ85 -> #REF!
A86: =A85+1 -> 85 | B86: =#REF! -> #REF! | C86: =#REF! -> #REF! | D86: =#REF! -> #REF! | G86: =#REF! -> #REF! | H86: =#REF! -> #REF! | I86: =#REF! -> #REF! | J86: =#REF! -> #REF! | K86: =J86*50 -> #REF! | P86: =#REF! -> #REF! | Q86: =R86*P86 -> #REF! | R86: =#REF!+I86 -> #REF! | T86: =#REF! -> #REF! | U86: =R86+T86 -> #REF! | V86: =U86*0.18 -> #REF! | W86: =U86*16.5/1000 -> #REF! | X86: =U86+V86+W86 -> #REF! | Y86: =#REF!+#REF!+#REF!+#REF!+#REF! -> #REF! | Z86: =#REF!+#REF!+#REF!+#REF!+#REF! -> #REF! | AA86: =#REF! -> #REF! | AB86: =#REF! -> #REF! | AD86: =AC86*1.18 -> 0 | AE86: =U86+Y86+AA86+AC86 -> #REF! | AF86: =X86+Z86+AB86+AD86 -> #REF! | AI86: =AE86/2 -> #REF! | AJ86: 1143.78 | AK86: =AL86/1.18 -> #REF! | AL86: =#REF!-AJ86 -> #REF! | AM86: =AK86/2 -> #REF! | AN86: =AF86-AL86-AJ86 -> #REF! | AT86: =W86-AJ86 -> #REF!
A87: =A86+1 -> 86 | B87: =#REF! -> #REF! | C87: =#REF! -> #REF! | D87: =#REF! -> #REF! | G87: =#REF! -> #REF! | H87: =#REF! -> #REF! | I87: =#REF! -> #REF! | J87: =#REF! -> #REF! | K87: =J87*50 -> #REF! | P87: =#REF! -> #REF! | Q87: =R87*P87 -> #REF! | R87: =#REF!+I87 -> #REF! | T87: =#REF! -> #REF! | U87: =R87+T87 -> #REF! | V87: =U87*0.18 -> #REF! | W87: =(332570*16.5/1000)+(38370*18.96/1000) -> 6214.9002 | X87: =U87+V87+W87 -> #REF! | Y87: =#REF!+#REF!+#REF!+#REF!+#REF! -> #REF! | Z87: =#REF!+#REF!+#REF!+#REF!+#REF! -> #REF! | AA87: =#REF! -> #REF! | AB87: =#REF! -> #REF! | AD87: =AC87*1.18 -> 0 | AE87: =U87+Y87+AA87+AC87 -> #REF! | AF87: =X87+Z87+AB87+AD87 -> #REF! | AI87: =AE87/2 -> #REF! | AJ87: =5487.41+727.49 -> 6214.9 | AK87: =AL87/1.18 -> #REF! | AL87: =#REF!-AJ87 -> #REF! | AM87: =AK87/2 -> #REF! | AN87: =AF87-AL87-AJ87 -> #REF! | AT87: =W87-AJ87 -> 0.0002
A88: =A87+1 -> 87 | B88: =#REF! -> #REF! | C88: =#REF! -> #REF! | D88: =#REF! -> #REF! | G88: =#REF! -> #REF! | H88: =#REF! -> #REF! | I88: =#REF! -> #REF! | J88: =#REF! -> #REF! | K88: =J88*50 -> #REF! | P88: =#REF! -> #REF! | Q88: =R88*P88 -> #REF! | R88: =#REF!+I88 -> #REF! | T88: =#REF! -> #REF! | U88: =R88+T88 -> #REF! | V88: =U88*0.18 -> #REF! | W88: =U88*16.5/1000 -> #REF! | X88: =U88+V88+W88 -> #REF! | Y88: =#REF!+#REF!+#REF!+#REF!+#REF! -> #REF! | Z88: =#REF!+#REF!+#REF!+#REF!+#REF! -> #REF! | AA88: =#REF! -> #REF! | AB88: =#REF! -> #REF! | AD88: =AC88*1.18 -> 0 | AE88: =U88+Y88+AA88+AC88 -> #REF! | AF88: =X88+Z88+AB88+AD88 -> #REF! | AI88: =AE88/2 -> #REF! | AJ88: 591.36 | AK88: =AL88/1.18 -> #REF! | AL88: =#REF!-AJ88 -> #REF! | AM88: =AK88/2 -> #REF! | AN88: =AF88-AL88-AJ88 -> #REF! | AT88: =W88-AJ88 -> #REF!
A89: =A88+1 -> 88 | B89: =#REF! -> #REF! | C89: =#REF! -> #REF! | D89: =#REF! -> #REF! | G89: =#REF! -> #REF! | H89: =#REF! -> #REF! | I89: =#REF! -> #REF! | J89: =#REF! -> #REF! | K89: =J89*50 -> #REF! | P89: =#REF! -> #REF! | Q89: =R89*P89 -> #REF! | R89: =#REF!+I89 -> #REF! | T89: =#REF! -> #REF! | U89: =R89+T89 -> #REF! | V89: =U89*0.18 -> #REF! | W89: =U89*16.5/1000 -> #REF! | X89: =U89+V89+W89 -> #REF! | Y89: =#REF!+#REF!+#REF!+#REF!+#REF! -> #REF! | Z89: =#REF!+#REF!+#REF!+#REF!+#REF! -> #REF! | AA89: =#REF! -> #REF! | AB89: =#REF! -> #REF! | AD89: =AC89*1.18 -> 0 | AE89: =U89+Y89+AA89+AC89 -> #REF! | AF89: =X89+Z89+AB89+AD89 -> #REF! | AI89: =AE89/2 -> #REF! | AJ89: 83.49 | AK89: =AL89/1.18 -> #REF! | AL89: =#REF!-AJ89 -> #REF! | AM89: =AK89/2 -> #REF! | AN89: =AF89-AL89-AJ89 -> #REF! | AT89: =W89-AJ89 -> #REF!
A90: =A89+1 -> 89 | B90: =#REF! -> #REF! | C90: =#REF! -> #REF! | D90: =#REF! -> #REF! | G90: =#REF! -> #REF! | H90: =#REF! -> #REF! | I90: =#REF! -> #REF! | J90: =#REF! -> #REF! | K90: =J90*50 -> #REF! | P90: =#REF! -> #REF! | Q90: =R90*P90 -> #REF! | R90: =#REF!+I90 -> #REF! | T90: =#REF! -> #REF! | U90: =R90+T90 -> #REF! | V90: =U90*0.18 -> #REF! | W90: =U90*16.5/1000 -> #REF! | X90: =U90+V90+W90 -> #REF! | Y90: =#REF!+#REF!+#REF!+#REF!+#REF! -> #REF! | Z90: =#REF!+#REF!+#REF!+#REF!+#REF! -> #REF! | AA90: =#REF! -> #REF! | AB90: =#REF! -> #REF! | AD90: =AC90*1.18 -> 0 | AE90: =U90+Y90+AA90+AC90 -> #REF! | AF90: =X90+Z90+AB90+AD90 -> #REF! | AI90: =AE90/2 -> #REF! | AJ90: =535.37/1.8006 -> 297.32867 | AK90: =AL90/1.18 -> #REF! | AL90: =#REF!-AJ90 -> #REF! | AM90: =AK90/2 -> #REF! | AN90: =AF90-AL90-AJ90 -> #REF! | AT90: =W90-AJ90 -> #REF!
A91: =A90+1 -> 90 | B91: =#REF! -> #REF! | C91: =#REF! -> #REF! | D91: =#REF! -> #REF! | G91: =#REF! -> #REF! | H91: =#REF! -> #REF! | I91: =#REF! -> #REF! | J91: =#REF! -> #REF! | K91: =J91*50 -> #REF! | P91: =#REF! -> #REF! | Q91: =R91*P91 -> #REF! | R91: =#REF!+I91 -> #REF! | T91: =#REF! -> #REF! | U91: =R91+T91 -> #REF! | V91: =U91*0.18 -> #REF! | W91: =U91*16.5/1000 -> #REF! | X91: =U91+V91+W91 -> #REF! | Y91: =#REF!+#REF!+#REF!+#REF!+#REF! -> #REF! | Z91: =#REF!+#REF!+#REF!+#REF!+#REF! -> #REF! | AA91: =#REF! -> #REF! | AB91: =#REF! -> #REF! | AD91: =AC91*1.18 -> 0 | AE91: =U91+Y91+AA91+AC91 -> #REF! | AF91: =X91+Z91+AB91+AD91 -> #REF! | AI91: =AE91/2 -> #REF! | AJ91: =1767.48 -> 1767.48 | AK91: =AL91/1.18 -> #REF! | AL91: =#REF!-AJ91 -> #REF! | AM91: =AK91/2 -> #REF! | AN91: =AF91-AL91-AJ91 -> #REF! | AT91: =W91-AJ91 -> #REF!
A92: =A91+1 -> 91 | B92: =#REF! -> #REF! | C92: =#REF! -> #REF! | D92: =#REF! -> #REF! | G92: =#REF! -> #REF! | H92: =#REF! -> #REF! | I92: =#REF! -> #REF! | J92: =#REF! -> #REF! | K92: =J92*50 -> #REF! | P92: =#REF! -> #REF! | Q92: =R92*P92 -> #REF! | R92: =#REF!+I92 -> #REF! | T92: =#REF! -> #REF! | U92: =R92+T92 -> #REF! | V92: 0 | W92: =U92*16.5/1000 -> #REF! | X92: =U92+V92+W92 -> #REF! | Y92: =#REF!+#REF!+#REF!+#REF!+#REF! -> #REF! | Z92: =#REF!+#REF!+#REF!+#REF!+#REF! -> #REF! | AA92: =#REF! -> #REF! | AB92: =#REF! -> #REF! | AD92: =AC92*1.18 -> 0 | AE92: =U92+Y92+AA92+AC92 -> #REF! | AF92: =X92+Z92+AB92+AD92 -> #REF! | AI92: =AE92/2 -> #REF! | AJ92: =2300.49/1.7884 -> 1286.3397 | AK92: =AL92 -> #REF! | AL92: =#REF!-AJ92 -> #REF! | AM92: =AK92/2 -> #REF! | AN92: =AF92-AL92-AJ92 -> #REF! | AT92: =W92-AJ92 -> #REF!
A93: =A92+1 -> 92 | B93: =#REF! -> #REF! | C93: =#REF! -> #REF! | D93: =#REF! -> #REF! | G93: =#REF! -> #REF! | H93: =#REF! -> #REF! | I93: =#REF! -> #REF! | J93: =#REF! -> #REF! | K93: =J93*50 -> #REF! | P93: =#REF! -> #REF! | Q93: =R93*P93 -> #REF! | R93: =#REF!+I93 -> #REF! | T93: =#REF! -> #REF! | U93: =R93+T93 -> #REF! | V93: =U93*0.18 -> #REF! | W93: =(216000*16.5/1000)+(55280*18.96/1000) -> 4612.1088 | X93: =U93+V93+W93 -> #REF! | Y93: =#REF!+#REF!+#REF!+#REF!+#REF! -> #REF! | Z93: =#REF!+#REF!+#REF!+#REF!+#REF! -> #REF! | AA93: =#REF! -> #REF! | AB93: =#REF! -> #REF! | AD93: =AC93*1.18 -> 0 | AE93: =U93+Y93+AA93+AC93 -> #REF! | AF93: =X93+Z93+AB93+AD93 -> #REF! | AI93: =AE93/2 -> #REF! | AJ93: =3564+1048.11 -> 4612.11 | AK93: =AL93/1.18 -> #REF! | AL93: =#REF!-AJ93 -> #REF! | AM93: =AK93/2 -> #REF! | AN93: =AF93-AL93-AJ93 -> #REF! | AT93: =W93-AJ93 -> -0.0012
A94: =A93+1 -> 93 | B94: =#REF! -> #REF! | C94: =#REF! -> #REF! | D94: =#REF! -> #REF! | G94: =#REF! -> #REF! | H94: =#REF! -> #REF! | I94: =#REF! -> #REF! | J94: =#REF! -> #REF! | K94: =J94*50 -> #REF! | P94: =#REF! -> #REF! | Q94: =R94*P94 -> #REF! | R94: =#REF!+I94-(#REF!*'MUTABAKAT LİSTE indirimli '!P94) -> #REF! | T94: =#REF! -> #REF! | U94: =R94+T94 -> #REF! | V94: =U94*0.18 -> #REF! | W94: =U94*16.5/1000 -> #REF! | X94: =U94+V94+W94 -> #REF! | Y94: =#REF!+#REF!+#REF!+#REF!+#REF! -> #REF! | Z94: =#REF!+#REF!+#REF!+#REF!+#REF! -> #REF! | AA94: =#REF! -> #REF! | AB94: =#REF! -> #REF! | AD94: =AC94*1.18 -> 0 | AE94: =U94+Y94+AA94+AC94 -> #REF! | AF94: =X94+Z94+AB94+AD94 -> #REF! | AI94: =AE94/2 -> #REF! | AJ94: 797.18 | AK94: =AL94/1.18 -> #REF! | AL94: =#REF!-AJ94 -> #REF! | AM94: =AK94/2 -> #REF! | AN94: =AF94-AL94-AJ94 -> #REF! | AT94: =W94-AJ94 -> #REF!
A95: =A94+1 -> 94 | B95: =#REF! -> #REF! | C95: =#REF! -> #REF! | D95: =#REF! -> #REF! | G95: =#REF! -> #REF! | H95: =#REF! -> #REF! | I95: =#REF! -> #REF! | J95: =#REF! -> #REF! | K95: =J95*50 -> #REF! | P95: =#REF! -> #REF! | Q95: =R95*P95 -> #REF! | R95: =#REF!+I95 -> #REF! | T95: =#REF! -> #REF! | U95: =R95+T95 -> #REF! | V95: =U95*0.18 -> #REF! | W95: =732.27 -> 732.27 | X95: =U95+V95+W95 -> #REF! | Y95: =#REF!+#REF!+#REF!+#REF!+#REF! -> #REF! | Z95: =#REF!+#REF!+#REF!+#REF!+#REF! -> #REF! | AA95: =#REF! -> #REF! | AB95: =#REF! -> #REF! | AD95: =AC95*1.18 -> 0 | AE95: =U95+Y95+AA95+AC95 -> #REF! | AF95: =X95+Z95+AB95+AD95 -> #REF! | AI95: =AE95/2 -> #REF! | AJ95: =732.27+207.33 -> 939.6 | AK95: =AL95/1.18 -> #REF! | AL95: =#REF!-AJ95 -> #REF! | AM95: =AK95/2 -> #REF! | AN95: =AF95-AL95-AJ95 -> #REF! | AT95: =W95-AJ95 -> -207.33
A96: =A95+1 -> 95 | B96: =#REF! -> #REF! | C96: =#REF! -> #REF! | D96: =#REF! -> #REF! | G96: =#REF! -> #REF! | H96: =#REF! -> #REF! | I96: =#REF! -> #REF! | J96: =#REF! -> #REF! | K96: =J96*50 -> #REF! | P96: =#REF! -> #REF! | Q96: =R96*P96 -> #REF! | R96: =#REF!+I96 -> #REF! | T96: =#REF! -> #REF! | U96: =R96+T96 -> #REF! | V96: =U96*0.18 -> #REF! | W96: =U96*16.5/1000 -> #REF! | X96: =U96+V96+W96 -> #REF! | Y96: =#REF!+#REF!+#REF!+#REF!+#REF! -> #REF! | Z96: =#REF!+#REF!+#REF!+#REF!+#REF! -> #REF! | AA96: =#REF! -> #REF! | AB96: =#REF! -> #REF! | AD96: =AC96*1.18 -> 0 | AE96: =U96+Y96+AA96+AC96 -> #REF! | AF96: =X96+Z96+AB96+AD96 -> #REF! | AI96: =AE96/2 -> #REF! | AJ96: =388.33/1.7884 -> 217.13822 | AK96: =AL96/1.18 -> #REF! | AL96: =#REF!-AJ96 -> #REF! | AM96: =AK96/2 -> #REF! | AN96: =AF96-AL96-AJ96 -> #REF! | AT96: =W96-AJ96 -> #REF!
A97: =A96+1 -> 96 | B97: =#REF! -> #REF! | C97: =#REF! -> #REF! | D97: =#REF! -> #REF! | G97: =#REF! -> #REF! | H97: =#REF! -> #REF! | I97: =#REF! -> #REF! | J97: =#REF! -> #REF! | K97: =J97*50 -> #REF! | P97: =#REF! -> #REF! | Q97: =R97*P97 -> #REF! | R97: =#REF!+I97 -> #REF! | T97: =#REF! -> #REF! | U97: =R97+T97 -> #REF! | V97: =U97*0.18 -> #REF! | W97: =U97*16.5/1000 -> #REF! | X97: =U97+V97+W97 -> #REF! | Y97: =#REF!+#REF!+#REF!+#REF!+#REF! -> #REF! | Z97: =#REF!+#REF!+#REF!+#REF!+#REF! -> #REF! | AA97: =#REF! -> #REF! | AB97: =#REF! -> #REF! | AD97: =AC97*1.18 -> 0 | AE97: =U97+Y97+AA97+AC97 -> #REF! | AF97: =X97+Z97+AB97+AD97 -> #REF! | AI97: =AE97/2 -> #REF! | AJ97: =311.08/1.8024 -> 172.5921 | AK97: =AL97/1.18 -> #REF! | AL97: =#REF!-AJ97 -> #REF! | AM97: =AK97/2 -> #REF! | AN97: =AF97-AL97-AJ97 -> #REF! | AT97: =W97-AJ97 -> #REF!
A98: =A97+1 -> 97 | B98: =#REF! -> #REF! | C98: =#REF! -> #REF! | D98: =#REF! -> #REF! | G98: =#REF! -> #REF! | H98: =#REF! -> #REF! | I98: =#REF! -> #REF! | J98: =#REF! -> #REF! | K98: =J98*50 -> #REF! | P98: =#REF! -> #REF! | Q98: =R98*P98 -> #REF! | R98: =#REF!+I98 -> #REF! | T98: =#REF! -> #REF! | U98: =R98+T98 -> #REF! | V98: =U98*0.18 -> #REF! | W98: =U98*16.5/1000 -> #REF! | X98: =U98+V98+W98 -> #REF! | Y98: =#REF!+#REF!+#REF!+#REF!+#REF! -> #REF! | Z98: =#REF!+#REF!+#REF!+#REF!+#REF! -> #REF! | AA98: =#REF! -> #REF! | AB98: =#REF! -> #REF! | AD98: =AC98*1.18 -> 0 | AE98: =U98+Y98+AA98+AC98 -> #REF! | AF98: =X98+Z98+AB98+AD98 -> #REF! | AI98: =AE98/2 -> #REF! | AJ98: 725.01 | AK98: =AL98/1.18 -> #REF! | AL98: =#REF!-AJ98 -> #REF! | AM98: =AK98/2 -> #REF! | AN98: =AF98-AL98-AJ98 -> #REF! | AT98: =W98-AJ98 -> #REF!
A99: =A98+1 -> 98 | B99: =#REF! -> #REF! | C99: =#REF! -> #REF! | D99: =#REF! -> #REF! | G99: =#REF! -> #REF! | H99: =#REF! -> #REF! | I99: =#REF! -> #REF! | J99: =#REF! -> #REF! | K99: =J99*50 -> #REF! | P99: =#REF! -> #REF! | Q99: =R99*P99 -> #REF! | R99: =#REF!+I99 -> #REF! | T99: =#REF! -> #REF! | U99: =R99+T99 -> #REF! | V99: =U99*0.18 -> #REF! | W99: =U99*16.5/1000 -> #REF! | X99: =U99+V99+W99 -> #REF! | Y99: =#REF!+#REF!+#REF!+#REF!+#REF! -> #REF! | Z99: =#REF!+#REF!+#REF!+#REF!+#REF! -> #REF! | AA99: =#REF! -> #REF! | AB99: =#REF! -> #REF! | AD99: =AC99*1.18 -> 0 | AE99: =U99+Y99+AA99+AC99 -> #REF! | AF99: =X99+Z99+AB99+AD99 -> #REF! | AI99: =AE99/2 -> #REF! | AJ99: 61.71 | AK99: =AL99/1.18 -> #REF! | AL99: =#REF!-AJ99 -> #REF! | AM99: =AK99/2 -> #REF! | AN99: =AF99-AL99-AJ99 -> #REF! | AT99: =W99-AJ99 -> #REF!
A100: =A99+1 -> 99 | B100: =#REF! -> #REF! | C100: =#REF! -> #REF! | D100: =#REF! -> #REF! | G100: =#REF! -> #REF! | H100: =#REF! -> #REF! | I100: =#REF! -> #REF! | J100: =#REF! -> #REF! | K100: =J100*50 -> #REF! | P100: =#REF! -> #REF! | Q100: =R100*P100 -> #REF! | R100: =#REF!+I100-(#REF!*'MUTABAKAT LİSTE indirimli '!P100) -> #REF! | T100: =#REF! -> #REF! | U100: =R100+T100 -> #REF! | V100: =U100*0.18 -> #REF! | W100: =U100*16.5/1000 -> #REF! | X100: =U100+V100+W100 -> #REF! | Y100: =#REF!+#REF!+#REF!+#REF!+#REF! -> #REF! | Z100: =#REF!+#REF!+#REF!+#REF!+#REF! -> #REF! | AA100: =#REF! -> #REF! | AB100: =#REF! -> #REF! | AD100: =AC100*1.18 -> 0 | AE100: =U100+Y100+AA100+AC100 -> #REF! | AF100: =X100+Z100+AB100+AD100 -> #REF! | AI100: =AE100/2 -> #REF! | AJ100: 1286.34 | AK100: =AL100/1.18 -> #REF! | AL100: =#REF!-AJ100 -> #REF! | AM100: =AK100/2 -> #REF! | AN100: =AF100-AL100-AJ100 -> #REF! | AT100: =W100-AJ100 -> #REF!
...

Sheet TAHSİLATLAR euro çek
B2: IDEF 2011 GERÇEKLEŞEN SATIŞ VE TAHSİLAT RAPORU YTL | DG2: =TODAY() -> 43647
K4: Gerçekleşen Tahsilat ARALIK | R4: Gerçekleşen Tahsilat OCAK | Y4: Gerçekleşen Tahsilat ŞUBAT | AJ4: Gerçekleşen Tahsilat MART | AX4: Gerçekleşen Tahsilat NİSAN | BS4: Gerçekleşen Tahsilat MAYIS | CU4: Gerçekleşen Tahsilat HAZİRAN
B5: SIRA | C5: SÖZLEŞME | E5: TEMSİLCİ / KATILIMCI | K5: Tahsilat Detayı | O5: USD KARŞILIĞI | R5: Tahsilat Detayı | V5: USD KARŞILIĞI | Y5: Tahsilat Detayı | AG5: USD KARŞILIĞI | AJ5: Tahsilat Detayı | AN5: USD KARŞILIĞI | AX5: Tahsilat Detayı | BB5: USD KARŞILIĞI | BE5: Tahsilat Detayı | BI5: USD KARŞILIĞI | BL5: Tahsilat Detayı | BP5: USD KARŞILIĞI | BS5: Tahsilat Detayı | BW5: USD KARŞILIĞI | BZ5: Tahsilat Detayı | CD5: USD KARŞILIĞI | CG5: Tahsilat Detayı | CK5: USD KARŞILIĞI | CN5: Tahsilat Detayı | CR5: USD KARŞILIĞI | CU5: Tahsilat Detayı | CY5: USD KARŞILIĞI | DB5: Toplam Tahsilat | DE5: USD KARŞILIĞI
B6: NO | C6: TARİHİ | E6: ADI | F6: TUTAR | G6: KDV | H6: TOPLAM | I6: Net Toplam | K6: Tarih | L6: Toplam | M6: Tuyap | N6: Vakıf | O6: Toplam | P6: Tuyap | Q6: Vakıf | R6: Tarih | S6: Toplam | T6: Tuyap | U6: Vakıf | V6: Toplam | W6: Tuyap | X6: Vakıf | Y6: Tarih | Z6: Toplam | AA6: Tuyap | AB6: Vakıf | AC6: Tarih | AD6: Toplam | AE6: Tuyap | AF6: Vakıf | AG6: Toplam | AH6: Tuyap | AI6: Vakıf | AJ6: Tarih | AK6: Toplam | AL6: Tuyap | AM6: Vakıf | AN6: Toplam | AO6: Tuyap | AP6: Vakıf | AQ6: Tarih | AR6: Toplam | AS6: Tuyap | AT6: Vakıf | AU6: Toplam | AV6: Tuyap | AW6: Vakıf | AX6: Tarih | AY6: Toplam | AZ6: Tuyap | BA6: Vakıf | BB6: Toplam | BC6: Tuyap | BD6: Vakıf | BE6: Tarih | BF6: Toplam | BG6: Tuyap | BH6: Vakıf | BI6: Toplam | BJ6: Tuyap | BK6: Vakıf | BS6: Tarih | BT6: Toplam | BU6: Tuyap | BV6: Vakıf | BW6: Toplam | BX6: Tuyap | BY6: Vakıf | BZ6: Tarih | CA6: Toplam | CB6: Tuyap | CC6: Vakıf | CD6: Toplam | CE6: Tuyap | CF6: Vakıf | CG6: Tarih | CH6: Toplam | CI6: Tuyap | CJ6: Vakıf | CK6: Toplam | CL6: Tuyap | CM6: Vakıf | CN6: Tarih | CO6: Toplam | CP6: Tuyap | CQ6: Vakıf | CR6: Toplam | CS6: Tuyap | CT6: Vakıf | CU6: Tarih | CV6: Toplam | CW6: Tuyap | CX6: Vakıf | CY6: Toplam | CZ6: Tuyap | DA6: Vakıf | DB6: Toplam Tahsilat | DC6: Tüyap | DD6: Vakıf | DE6: Toplam Tahsilat | DF6: Tüyap | DG6: Vakıf
B7: 1 | C7: =+#REF! -> #REF! | D7: K | E7: =#REF! -> #REF! | F7: =SUMIF(#REF!,$E7,#REF!) -> #REF! | G7: =SUMIF(#REF!,$E7,#REF!) -> #REF! | H7: =+G7+F7 -> #REF! | I7: =H7 -> #REF! | M7: =(L7/1.18)/2+((L7/1.18)*0.18) -> 0 | N7: =(L7/1.18)/2 -> 0 | T7: =(S7/1.18)/2+((S7/1.18)*0.18) -> 0 | U7: =(S7/1.18)/2 -> 0 | AA7: =(Z7/1.18)/2+((Z7/1.18)*0.18) -> 0 | AB7: =(Z7/1.18)/2 -> 0 | AE7: =(AD7/1.18)/2+((AD7/1.18)*0.18) -> 0 | AF7: =(AD7/1.18)/2 -> 0 | AL7: =(AK7/1.18)/2+((AK7/1.18)*0.18) -> 0 | AM7: =(AK7/1.18)/2 -> 0 | AZ7: =(AY7/1.18)/2+((AY7/1.18)*0.18) -> 0 | BA7: =(AY7/1.18)/2 -> 0 | BG7: =(BF7/1.18)/2+((BF7/1.18)*0.18) -> 0 | BH7: =(BF7/1.18)/2 -> 0 | BU7: =(BT7/1.18)/2+((BT7/1.18)*0.18) -> 0 | BV7: =(BT7/1.18)/2 -> 0 | CB7: =(CA7/1.18)/2+((CA7/1.18)*0.18) -> 0 | CC7: =(CA7/1.18)/2 -> 0 | CI7: =(CH7/1.18)/2+((CH7/1.18)*0.18) -> 0 | CJ7: =(CH7/1.18)/2 -> 0 | CP7: =(CO7/1.18)/2+((CO7/1.18)*0.18) -> 0 | CQ7: =(CO7/1.18)/2 -> 0 | CW7: =(CV7/1.18)/2+((CV7/1.18)*0.18) -> 0 | CX7: =(CV7/1.18)/2 -> 0 | DB7: =L7+S7+Z7+AD7+AK7+AY7+BF7+BT7+CA7+CH7+CO7+CV7 -> 0 | DC7: =M7+T7+AA7+AE7+AL7+AZ7+BG7+BU7+CB7+CI7+CP7+CW7 -> 0 | DD7: =N7+U7+AB7+AF7+AM7+BA7+BH7+BV7+CC7+CJ7+CQ7+CX7 -> 0 | DE7: =O7+V7+AG7+AN7+BB7+BI7+BW7+CD7+CK7+CR7+CY7 -> 0 | DF7: =P7+W7+AH7+AO7+BC7+BJ7+BX7+CE7+CL7+CS7+CZ7 -> 0 | DG7: =Q7+X7+AI7+AP7+BD7+BK7+BY7+CF7+CM7+CT7+DA7 -> 0
B8: =B7+1 -> 2 | C8: =+#REF! -> #REF! | D8: K | E8: =#REF! -> #REF! | F8: =SUMIF(#REF!,$E8,#REF!) -> #REF! | G8: =SUMIF(#REF!,$E8,#REF!) -> #REF! | H8: =+G8+F8 -> #REF! | I8: =H8 -> #REF! | M8: =(L8/1.18)/2+((L8/1.18)*0.18) -> 0 | N8: =(L8/1.18)/2 -> 0 | T8: =(S8/1.18)/2+((S8/1.18)*0.18) -> 0 | U8: =(S8/1.18)/2 -> 0 | AA8: =(Z8/1.18)/2+((Z8/1.18)*0.18) -> 0 | AB8: =(Z8/1.18)/2 -> 0 | AE8: =(AD8/1.18)/2+((AD8/1.18)*0.18) -> 0 | AF8: =(AD8/1.18)/2 -> 0 | AL8: =(AK8/1.18)/2+((AK8/1.18)*0.18) -> 0 | AM8: =(AK8/1.18)/2 -> 0 | AZ8: =(AY8/1.18)/2+((AY8/1.18)*0.18) -> 0 | BA8: =(AY8/1.18)/2 -> 0 | BG8: =(BF8/1.18)/2+((BF8/1.18)*0.18) -> 0 | BH8: =(BF8/1.18)/2 -> 0 | BU8: =(BT8/1.18)/2+((BT8/1.18)*0.18) -> 0 | BV8: =(BT8/1.18)/2 -> 0 | CB8: =(CA8/1.18)/2+((CA8/1.18)*0.18) -> 0 | CC8: =(CA8/1.18)/2 -> 0 | CI8: =(CH8/1.18)/2+((CH8/1.18)*0.18) -> 0 | CJ8: =(CH8/1.18)/2 -> 0 | CP8: =(CO8/1.18)/2+((CO8/1.18)*0.18) -> 0 | CQ8: =(CO8/1.18)/2 -> 0 | CW8: =(CV8/1.18)/2+((CV8/1.18)*0.18) -> 0 | CX8: =(CV8/1.18)/2 -> 0 | DB8: =L8+S8+Z8+AD8+AK8+AY8+BF8+BT8+CA8+CH8+CO8+CV8 -> 0 | DC8: =M8+T8+AA8+AE8+AL8+AZ8+BG8+BU8+CB8+CI8+CP8+CW8 -> 0 | DD8: =N8+U8+AB8+AF8+AM8+BA8+BH8+BV8+CC8+CJ8+CQ8+CX8 -> 0 | DE8: =O8+V8+AG8+AN8+BB8+BI8+BW8+CD8+CK8+CR8+CY8 -> 0 | DF8: =P8+W8+AH8+AO8+BC8+BJ8+BX8+CE8+CL8+CS8+CZ8 -> 0 | DG8: =Q8+X8+AI8+AP8+BD8+BK8+BY8+CF8+CM8+CT8+DA8 -> 0
B9: =B8+1 -> 3 | C9: =+#REF! -> #REF! | D9: K | E9: =#REF! -> #REF! | F9: =SUMIF(#REF!,$E9,#REF!) -> #REF! | G9: =SUMIF(#REF!,$E9,#REF!) -> #REF! | H9: =+G9+F9 -> #REF! | I9: =H9 -> #REF! | M9: =(L9/1.18)/2+((L9/1.18)*0.18) -> 0 | N9: =(L9/1.18)/2 -> 0 | T9: =(S9/1.18)/2+((S9/1.18)*0.18) -> 0 | U9: =(S9/1.18)/2 -> 0 | AA9: =(Z9/1.18)/2+((Z9/1.18)*0.18) -> 0 | AB9: =(Z9/1.18)/2 -> 0 | AE9: =(AD9/1.18)/2+((AD9/1.18)*0.18) -> 0 | AF9: =(AD9/1.18)/2 -> 0 | AL9: =(AK9/1.18)/2+((AK9/1.18)*0.18) -> 0 | AM9: =(AK9/1.18)/2 -> 0 | AZ9: =(AY9/1.18)/2+((AY9/1.18)*0.18) -> 0 | BA9: =(AY9/1.18)/2 -> 0 | BG9: =(BF9/1.18)/2+((BF9/1.18)*0.18) -> 0 | BH9: =(BF9/1.18)/2 -> 0 | BN9: =(BM9/1.18)/2+((BM9/1.18)*0.18) -> 0 | BO9: =(BM9/1.18)/2 -> 0 | BU9: =(BT9/1.18)/2+((BT9/1.18)*0.18) -> 0 | BV9: =(BT9/1.18)/2 -> 0 | CB9: =(CA9/1.18)/2+((CA9/1.18)*0.18) -> 0 | CC9: =(CA9/1.18)/2 -> 0 | CI9: =(CH9/1.18)/2+((CH9/1.18)*0.18) -> 0 | CJ9: =(CH9/1.18)/2 -> 0 | CP9: =(CO9/1.18)/2+((CO9/1.18)*0.18) -> 0 | CQ9: =(CO9/1.18)/2 -> 0 | CW9: =(CV9/1.18)/2+((CV9/1.18)*0.18) -> 0 | CX9: =(CV9/1.18)/2 -> 0 | DB9: =L9+S9+Z9+AD9+AK9+AY9+BF9+BT9+CA9+CH9+CO9+CV9+BM9 -> 0 | DC9: =M9+T9+AA9+AE9+AL9+AZ9+BG9+BU9+CB9+CI9+CP9+CW9+BN9 -> 0 | DD9: =N9+U9+AB9+AF9+AM9+BA9+BH9+BV9+CC9+CJ9+CQ9+CX9+BO9 -> 0 | DE9: =O9+V9+AG9+AN9+BB9+BI9+BW9+CD9+CK9+CR9+CY9+BP9 -> 0 | DF9: =P9+W9+AH9+AO9+BC9+BJ9+BX9+CE9+CL9+CS9+CZ9+BQ9 -> 0 | DG9: =Q9+X9+AI9+AP9+BD9+BK9+BY9+CF9+CM9+CT9+DA9+BR9 -> 0
B10: =B9+1 -> 4 | C10: =+#REF! -> #REF! | D10: K | E10: =#REF! -> #REF! | F10: =SUMIF(#REF!,$E10,#REF!) -> #REF! | G10: =SUMIF(#REF!,$E10,#REF!) -> #REF! | H10: =+G10+F10 -> #REF! | I10: =H10 -> #REF! | M10: =(L10/1.18)/2+((L10/1.18)*0.18) -> 0 | N10: =(L10/1.18)/2 -> 0 | T10: =(S10/1.18)/2+((S10/1.18)*0.18) -> 0 | U10: =(S10/1.18)/2 -> 0 | AA10: =(Z10/1.18)/2+((Z10/1.18)*0.18) -> 0 | AB10: =(Z10/1.18)/2 -> 0 | AE10: =(AD10/1.18)/2+((AD10/1.18)*0.18) -> 0 | AF10: =(AD10/1.18)/2 -> 0 | AL10: =(AK10/1.18)/2+((AK10/1.18)*0.18) -> 0 | AM10: =(AK10/1.18)/2 -> 0 | AZ10: =(AY10/1.18)/2+((AY10/1.18)*0.18) -> 0 | BA10: =(AY10/1.18)/2 -> 0 | BG10: =(BF10/1.18)/2+((BF10/1.18)*0.18) -> 0 | BH10: =(BF10/1.18)/2 -> 0 | BN10: =(BM10/1.18)/2+((BM10/1.18)*0.18) -> 0 | BO10: =(BM10/1.18)/2 -> 0 | BU10: =(BT10/1.18)/2+((BT10/1.18)*0.18) -> 0 | BV10: =(BT10/1.18)/2 -> 0 | CB10: =(CA10/1.18)/2+((CA10/1.18)*0.18) -> 0 | CC10: =(CA10/1.18)/2 -> 0 | CI10: =(CH10/1.18)/2+((CH10/1.18)*0.18) -> 0 | CJ10: =(CH10/1.18)/2 -> 0 | CP10: =(CO10/1.18)/2+((CO10/1.18)*0.18) -> 0 | CQ10: =(CO10/1.18)/2 -> 0 | CW10: =(CV10/1.18)/2+((CV10/1.18)*0.18) -> 0 | CX10: =(CV10/1.18)/2 -> 0 | DB10: =L10+S10+Z10+AD10+AK10+AY10+BF10+BT10+CA10+CH10+CO10+CV10+BM10 -> 0 | DC10: =M10+T10+AA10+AE10+AL10+AZ10+BG10+BU10+CB10+CI10+CP10+CW10+BN10 -> 0 | DD10: =N10+U10+AB10+AF10+AM10+BA10+BH10+BV10+CC10+CJ10+CQ10+CX10+BO10 -> 0 | DE10: =O10+V10+AG10+AN10+BB10+BI10+BW10+CD10+CK10+CR10+CY10+BP10 -> 0 | DF10: =P10+W10+AH10+AO10+BC10+BJ10+BX10+CE10+CL10+CS10+CZ10+BQ10 -> 0 | DG10: =Q10+X10+AI10+AP10+BD10+BK10+BY10+CF10+CM10+CT10+DA10+BR10 -> 0
B11: =B10+1 -> 5 | C11: =+#REF! -> #REF! | D11: K | E11: =#REF! -> #REF! | F11: =SUMIF(#REF!,$E11,#REF!) -> #REF! | G11: =SUMIF(#REF!,$E11,#REF!) -> #REF! | H11: =+G11+F11 -> #REF! | I11: =H11 -> #REF! | M11: =(L11/1.18)/2+((L11/1.18)*0.18) -> 0 | N11: =(L11/1.18)/2 -> 0 | T11: =(S11/1.18)/2+((S11/1.18)*0.18) -> 0 | U11: =(S11/1.18)/2 -> 0 | AA11: =(Z11/1.18)/2+((Z11/1.18)*0.18) -> 0 | AB11: =(Z11/1.18)/2 -> 0 | AE11: =(AD11/1.18)/2+((AD11/1.18)*0.18) -> 0 | AF11: =(AD11/1.18)/2 -> 0 | AL11: =(AK11/1.18)/2+((AK11/1.18)*0.18) -> 0 | AM11: =(AK11/1.18)/2 -> 0 | AZ11: =(AY11/1.18)/2+((AY11/1.18)*0.18) -> 0 | BA11: =(AY11/1.18)/2 -> 0 | BG11: =(BF11/1.18)/2+((BF11/1.18)*0.18) -> 0 | BH11: =(BF11/1.18)/2 -> 0 | BU11: =(BT11/1.18)/2+((BT11/1.18)*0.18) -> 0 | BV11: =(BT11/1.18)/2 -> 0 | CB11: =(CA11/1.18)/2+((CA11/1.18)*0.18) -> 0 | CC11: =(CA11/1.18)/2 -> 0 | CI11: =(CH11/1.18)/2+((CH11/1.18)*0.18) -> 0 | CJ11: =(CH11/1.18)/2 -> 0 | CP11: =(CO11/1.18)/2+((CO11/1.18)*0.18) -> 0 | CQ11: =(CO11/1.18)/2 -> 0 | CW11: =(CV11/1.18)/2+((CV11/1.18)*0.18) -> 0 | CX11: =(CV11/1.18)/2 -> 0 | DB11: =L11+S11+Z11+AD11+AK11+AY11+BF11+BT11+CA11+CH11+CO11+CV11 -> 0 | DC11: =M11+T11+AA11+AE11+AL11+AZ11+BG11+BU11+CB11+CI11+CP11+CW11 -> 0 | DD11: =N11+U11+AB11+AF11+AM11+BA11+BH11+BV11+CC11+CJ11+CQ11+CX11 -> 0 | DE11: =O11+V11+AG11+AN11+BB11+BI11+BW11+CD11+CK11+CR11+CY11 -> 0 | DF11: =P11+W11+AH11+AO11+BC11+BJ11+BX11+CE11+CL11+CS11+CZ11 -> 0 | DG11: =Q11+X11+AI11+AP11+BD11+BK11+BY11+CF11+CM11+CT11+DA11 -> 0
B12: =B11+1 -> 6 | C12: =+#REF! -> #REF! | D12: K | E12: =#REF! -> #REF! | F12: =SUMIF(#REF!,$E12,#REF!) -> #REF! | G12: =SUMIF(#REF!,$E12,#REF!) -> #REF! | H12: =+G12+F12 -> #REF! | I12: =H12 -> #REF! | M12: =(L12/1.18)/2+((L12/1.18)*0.18) -> 0 | N12: =(L12/1.18)/2 -> 0 | T12: =(S12/1.18)/2+((S12/1.18)*0.18) -> 0 | U12: =(S12/1.18)/2 -> 0 | AA12: =(Z12/1.18)/2+((Z12/1.18)*0.18) -> 0 | AB12: =(Z12/1.18)/2 -> 0 | AE12: =(AD12/1.18)/2+((AD12/1.18)*0.18) -> 0 | AF12: =(AD12/1.18)/2 -> 0 | AL12: =(AK12/1.18)/2+((AK12/1.18)*0.18) -> 0 | AM12: =(AK12/1.18)/2 -> 0 | AZ12: =(AY12/1.18)/2+((AY12/1.18)*0.18) -> 0 | BA12: =(AY12/1.18)/2 -> 0 | BG12: =(BF12/1.18)/2+((BF12/1.18)*0.18) -> 0 | BH12: =(BF12/1.18)/2 -> 0 | BU12: =(BT12/1.18)/2+((BT12/1.18)*0.18) -> 0 | BV12: =(BT12/1.18)/2 -> 0 | CB12: =(CA12/1.18)/2+((CA12/1.18)*0.18) -> 0 | CC12: =(CA12/1.18)/2 -> 0 | CI12: =(CH12/1.18)/2+((CH12/1.18)*0.18) -> 0 | CJ12: =(CH12/1.18)/2 -> 0 | CP12: =(CO12/1.18)/2+((CO12/1.18)*0.18) -> 0 | CQ12: =(CO12/1.18)/2 -> 0 | CW12: =(CV12/1.18)/2+((CV12/1.18)*0.18) -> 0 | CX12: =(CV12/1.18)/2 -> 0 | DB12: =L12+S12+Z12+AD12+AK12+AY12+BF12+BT12+CA12+CH12+CO12+CV12 -> 0 | DC12: =M12+T12+AA12+AE12+AL12+AZ12+BG12+BU12+CB12+CI12+CP12+CW12 -> 0 | DD12: =N12+U12+AB12+AF12+AM12+BA12+BH12+BV12+CC12+CJ12+CQ12+CX12 -> 0 | DE12: =O12+V12+AG12+AN12+BB12+BI12+BW12+CD12+CK12+CR12+CY12 -> 0 | DF12: =P12+W12+AH12+AO12+BC12+BJ12+BX12+CE12+CL12+CS12+CZ12 -> 0 | DG12: =Q12+X12+AI12+AP12+BD12+BK12+BY12+CF12+CM12+CT12+DA12 -> 0
B13: =B12+1 -> 7 | C13: =+#REF! -> #REF! | D13: K | E13: =#REF! -> #REF! | F13: =SUMIF(#REF!,$E13,#REF!) -> #REF! | G13: =SUMIF(#REF!,$E13,#REF!) -> #REF! | H13: =+G13+F13 -> #REF! | I13: =H13 -> #REF! | M13: =(L13/1.18)/2+((L13/1.18)*0.18) -> 0 | N13: =(L13/1.18)/2 -> 0 | T13: =(S13/1.18)/2+((S13/1.18)*0.18) -> 0 | U13: =(S13/1.18)/2 -> 0 | AA13: =(Z13/1.18)/2+((Z13/1.18)*0.18) -> 0 | AB13: =(Z13/1.18)/2 -> 0 | AE13: =(AD13/1.18)/2+((AD13/1.18)*0.18) -> 0 | AF13: =(AD13/1.18)/2 -> 0 | AL13: =(AK13/1.18)/2+((AK13/1.18)*0.18) -> 0 | AM13: =(AK13/1.18)/2 -> 0 | AZ13: =(AY13/1.18)/2+((AY13/1.18)*0.18) -> 0 | BA13: =(AY13/1.18)/2 -> 0 | BG13: =(BF13/1.18)/2+((BF13/1.18)*0.18) -> 0 | BH13: =(BF13/1.18)/2 -> 0 | BU13: =(BT13/1.18)/2+((BT13/1.18)*0.18) -> 0 | BV13: =(BT13/1.18)/2 -> 0 | CB13: =(CA13/1.18)/2+((CA13/1.18)*0.18) -> 0 | CC13: =(CA13/1.18)/2 -> 0 | CI13: =(CH13/1.18)/2+((CH13/1.18)*0.18) -> 0 | CJ13: =(CH13/1.18)/2 -> 0 | CP13: =(CO13/1.18)/2+((CO13/1.18)*0.18) -> 0 | CQ13: =(CO13/1.18)/2 -> 0 | CW13: =(CV13/1.18)/2+((CV13/1.18)*0.18) -> 0 | CX13: =(CV13/1.18)/2 -> 0 | DB13: =L13+S13+Z13+AD13+AK13+AY13+BF13+BT13+CA13+CH13+CO13+CV13 -> 0 | DC13: =M13+T13+AA13+AE13+AL13+AZ13+BG13+BU13+CB13+CI13+CP13+CW13 -> 0 | DD13: =N13+U13+AB13+AF13+AM13+BA13+BH13+BV13+CC13+CJ13+CQ13+CX13 -> 0 | DE13: =O13+V13+AG13+AN13+BB13+BI13+BW13+CD13+CK13+CR13+CY13 -> 0 | DF13: =P13+W13+AH13+AO13+BC13+BJ13+BX13+CE13+CL13+CS13+CZ13 -> 0 | DG13: =Q13+X13+AI13+AP13+BD13+BK13+BY13+CF13+CM13+CT13+DA13 -> 0
B14: =B13+1 -> 8 | C14: =+#REF! -> #REF! | D14: K | E14: =#REF! -> #REF! | F14: =SUMIF(#REF!,$E14,#REF!) -> #REF! | G14: =SUMIF(#REF!,$E14,#REF!) -> #REF! | H14: =+G14+F14 -> #REF! | I14: =H14 -> #REF! | M14: =(L14/1.18)/2+((L14/1.18)*0.18) -> 0 | N14: =(L14/1.18)/2 -> 0 | T14: =(S14/1.18)/2+((S14/1.18)*0.18) -> 0 | U14: =(S14/1.18)/2 -> 0 | AA14: =(Z14/1.18)/2+((Z14/1.18)*0.18) -> 0 | AB14: =(Z14/1.18)/2 -> 0 | AE14: =(AD14/1.18)/2+((AD14/1.18)*0.18) -> 0 | AF14: =(AD14/1.18)/2 -> 0 | AL14: =(AK14/1.18)/2+((AK14/1.18)*0.18) -> 0 | AM14: =(AK14/1.18)/2 -> 0 | AZ14: =(AY14/1.18)/2+((AY14/1.18)*0.18) -> 0 | BA14: =(AY14/1.18)/2 -> 0 | BG14: =(BF14/1.18)/2+((BF14/1.18)*0.18) -> 0 | BH14: =(BF14/1.18)/2 -> 0 | BU14: =(BT14/1.18)/2+((BT14/1.18)*0.18) -> 0 | BV14: =(BT14/1.18)/2 -> 0 | CB14: =(CA14/1.18)/2+((CA14/1.18)*0.18) -> 0 | CC14: =(CA14/1.18)/2 -> 0 | CI14: =(CH14/1.18)/2+((CH14/1.18)*0.18) -> 0 | CJ14: =(CH14/1.18)/2 -> 0 | CP14: =(CO14/1.18)/2+((CO14/1.18)*0.18) -> 0 | CQ14: =(CO14/1.18)/2 -> 0 | CW14: =(CV14/1.18)/2+((CV14/1.18)*0.18) -> 0 | CX14: =(CV14/1.18)/2 -> 0 | DB14: =L14+S14+Z14+AD14+AK14+AY14+BF14+BT14+CA14+CH14+CO14+CV14 -> 0 | DC14: =M14+T14+AA14+AE14+AL14+AZ14+BG14+BU14+CB14+CI14+CP14+CW14 -> 0 | DD14: =N14+U14+AB14+AF14+AM14+BA14+BH14+BV14+CC14+CJ14+CQ14+CX14 -> 0 | DE14: =O14+V14+AG14+AN14+BB14+BI14+BW14+CD14+CK14+CR14+CY14 -> 0 | DF14: =P14+W14+AH14+AO14+BC14+BJ14+BX14+CE14+CL14+CS14+CZ14 -> 0 | DG14: =Q14+X14+AI14+AP14+BD14+BK14+BY14+CF14+CM14+CT14+DA14 -> 0
B15: =B14+1 -> 9 | C15: =+#REF! -> #REF! | D15: K | E15: =#REF! -> #REF! | F15: =SUMIF(#REF!,$E15,#REF!) -> #REF! | G15: =SUMIF(#REF!,$E15,#REF!) -> #REF! | H15: =+G15+F15 -> #REF! | I15: =H15 -> #REF! | M15: =(L15/1.18)/2+((L15/1.18)*0.18) -> 0 | N15: =(L15/1.18)/2 -> 0 | T15: =(S15/1.18)/2+((S15/1.18)*0.18) -> 0 | U15: =(S15/1.18)/2 -> 0 | AA15: =(Z15/1.18)/2+((Z15/1.18)*0.18) -> 0 | AB15: =(Z15/1.18)/2 -> 0 | AE15: =(AD15/1.18)/2+((AD15/1.18)*0.18) -> 0 | AF15: =(AD15/1.18)/2 -> 0 | AL15: =(AK15/1.18)/2+((AK15/1.18)*0.18) -> 0 | AM15: =(AK15/1.18)/2 -> 0 | AZ15: =(AY15/1.18)/2+((AY15/1.18)*0.18) -> 0 | BA15: =(AY15/1.18)/2 -> 0 | BG15: =(BF15/1.18)/2+((BF15/1.18)*0.18) -> 0 | BH15: =(BF15/1.18)/2 -> 0 | BU15: =(BT15/1.18)/2+((BT15/1.18)*0.18) -> 0 | BV15: =(BT15/1.18)/2 -> 0 | CB15: =(CA15/1.18)/2+((CA15/1.18)*0.18) -> 0 | CC15: =(CA15/1.18)/2 -> 0 | CI15: =(CH15/1.18)/2+((CH15/1.18)*0.18) -> 0 | CJ15: =(CH15/1.18)/2 -> 0 | CP15: =(CO15/1.18)/2+((CO15/1.18)*0.18) -> 0 | CQ15: =(CO15/1.18)/2 -> 0 | CW15: =(CV15/1.18)/2+((CV15/1.18)*0.18) -> 0 | CX15: =(CV15/1.18)/2 -> 0 | DB15: =L15+S15+Z15+AD15+AK15+AY15+BF15+BT15+CA15+CH15+CO15+CV15 -> 0 | DC15: =M15+T15+AA15+AE15+AL15+AZ15+BG15+BU15+CB15+CI15+CP15+CW15 -> 0 | DD15: =N15+U15+AB15+AF15+AM15+BA15+BH15+BV15+CC15+CJ15+CQ15+CX15 -> 0 | DE15: =O15+V15+AG15+AN15+BB15+BI15+BW15+CD15+CK15+CR15+CY15 -> 0 | DF15: =P15+W15+AH15+AO15+BC15+BJ15+BX15+CE15+CL15+CS15+CZ15 -> 0 | DG15: =Q15+X15+AI15+AP15+BD15+BK15+BY15+CF15+CM15+CT15+DA15 -> 0
B16: =B15+1 -> 10 | C16: =+#REF! -> #REF! | D16: K | E16: =#REF! -> #REF! | F16: =SUMIF(#REF!,$E16,#REF!) -> #REF! | G16: =SUMIF(#REF!,$E16,#REF!) -> #REF! | H16: =+G16+F16 -> #REF! | I16: =H16 -> #REF! | M16: =(L16/1.18)/2+((L16/1.18)*0.18) -> 0 | N16: =(L16/1.18)/2 -> 0 | T16: =(S16/1.18)/2+((S16/1.18)*0.18) -> 0 | U16: =(S16/1.18)/2 -> 0 | AA16: =(Z16/1.18)/2+((Z16/1.18)*0.18) -> 0 | AB16: =(Z16/1.18)/2 -> 0 | AE16: =(AD16/1.18)/2+((AD16/1.18)*0.18) -> 0 | AF16: =(AD16/1.18)/2 -> 0 | AL16: =(AK16/1.18)/2+((AK16/1.18)*0.18) -> 0 | AM16: =(AK16/1.18)/2 -> 0 | AZ16: =(AY16/1.18)/2+((AY16/1.18)*0.18) -> 0 | BA16: =(AY16/1.18)/2 -> 0 | BG16: =(BF16/1.18)/2+((BF16/1.18)*0.18) -> 0 | BH16: =(BF16/1.18)/2 -> 0 | BU16: =(BT16/1.18)/2+((BT16/1.18)*0.18) -> 0 | BV16: =(BT16/1.18)/2 -> 0 | CB16: =(CA16/1.18)/2+((CA16/1.18)*0.18) -> 0 | CC16: =(CA16/1.18)/2 -> 0 | CI16: =(CH16/1.18)/2+((CH16/1.18)*0.18) -> 0 | CJ16: =(CH16/1.18)/2 -> 0 | CP16: =(CO16/1.18)/2+((CO16/1.18)*0.18) -> 0 | CQ16: =(CO16/1.18)/2 -> 0 | CW16: =(CV16/1.18)/2+((CV16/1.18)*0.18) -> 0 | CX16: =(CV16/1.18)/2 -> 0 | DB16: =L16+S16+Z16+AD16+AK16+AY16+BF16+BT16+CA16+CH16+CO16+CV16 -> 0 | DC16: =M16+T16+AA16+AE16+AL16+AZ16+BG16+BU16+CB16+CI16+CP16+CW16 -> 0 | DD16: =N16+U16+AB16+AF16+AM16+BA16+BH16+BV16+CC16+CJ16+CQ16+CX16 -> 0 | DE16: =O16+V16+AG16+AN16+BB16+BI16+BW16+CD16+CK16+CR16+CY16 -> 0 | DF16: =P16+W16+AH16+AO16+BC16+BJ16+BX16+CE16+CL16+CS16+CZ16 -> 0 | DG16: =Q16+X16+AI16+AP16+BD16+BK16+BY16+CF16+CM16+CT16+DA16 -> 0
B17: =B16+1 -> 11 | C17: =+#REF! -> #REF! | D17: K | E17: =#REF! -> #REF! | F17: =SUMIF(#REF!,$E17,#REF!) -> #REF! | G17: =SUMIF(#REF!,$E17,#REF!) -> #REF! | H17: =+G17+F17 -> #REF! | I17: =H17 -> #REF! | M17: =(L17/1.18)/2+((L17/1.18)*0.18) -> 0 | N17: =(L17/1.18)/2 -> 0 | T17: =(S17/1.18)/2+((S17/1.18)*0.18) -> 0 | U17: =(S17/1.18)/2 -> 0 | AA17: =(Z17/1.18)/2+((Z17/1.18)*0.18) -> 0 | AB17: =(Z17/1.18)/2 -> 0 | AE17: =(AD17/1.18)/2+((AD17/1.18)*0.18) -> 0 | AF17: =(AD17/1.18)/2 -> 0 | AL17: =(AK17/1.18)/2+((AK17/1.18)*0.18) -> 0 | AM17: =(AK17/1.18)/2 -> 0 | AZ17: =(AY17/1.18)/2+((AY17/1.18)*0.18) -> 0 | BA17: =(AY17/1.18)/2 -> 0 | BG17: =(BF17/1.18)/2+((BF17/1.18)*0.18) -> 0 | BH17: =(BF17/1.18)/2 -> 0 | BU17: =(BT17/1.18)/2+((BT17/1.18)*0.18) -> 0 | BV17: =(BT17/1.18)/2 -> 0 | CB17: =(CA17/1.18)/2+((CA17/1.18)*0.18) -> 0 | CC17: =(CA17/1.18)/2 -> 0 | CI17: =(CH17/1.18)/2+((CH17/1.18)*0.18) -> 0 | CJ17: =(CH17/1.18)/2 -> 0 | CP17: =(CO17/1.18)/2+((CO17/1.18)*0.18) -> 0 | CQ17: =(CO17/1.18)/2 -> 0 | CW17: =(CV17/1.18)/2+((CV17/1.18)*0.18) -> 0 | CX17: =(CV17/1.18)/2 -> 0 | DB17: =L17+S17+Z17+AD17+AK17+AY17+BF17+BT17+CA17+CH17+CO17+CV17 -> 0 | DC17: =M17+T17+AA17+AE17+AL17+AZ17+BG17+BU17+CB17+CI17+CP17+CW17 -> 0 | DD17: =N17+U17+AB17+AF17+AM17+BA17+BH17+BV17+CC17+CJ17+CQ17+CX17 -> 0 | DE17: =O17+V17+AG17+AN17+BB17+BI17+BW17+CD17+CK17+CR17+CY17 -> 0 | DF17: =P17+W17+AH17+AO17+BC17+BJ17+BX17+CE17+CL17+CS17+CZ17 -> 0 | DG17: =Q17+X17+AI17+AP17+BD17+BK17+BY17+CF17+CM17+CT17+DA17 -> 0
B18: =B17+1 -> 12 | C18: =+#REF! -> #REF! | D18: K | E18: =#REF! -> #REF! | F18: =SUMIF(#REF!,$E18,#REF!) -> #REF! | G18: =SUMIF(#REF!,$E18,#REF!) -> #REF! | H18: =+G18+F18 -> #REF! | I18: =H18 -> #REF! | M18: =(L18/1.18)/2+((L18/1.18)*0.18) -> 0 | N18: =(L18/1.18)/2 -> 0 | T18: =(S18/1.18)/2+((S18/1.18)*0.18) -> 0 | U18: =(S18/1.18)/2 -> 0 | AA18: =(Z18/1.18)/2+((Z18/1.18)*0.18) -> 0 | AB18: =(Z18/1.18)/2 -> 0 | AE18: =(AD18/1.18)/2+((AD18/1.18)*0.18) -> 0 | AF18: =(AD18/1.18)/2 -> 0 | AL18: =(AK18/1.18)/2+((AK18/1.18)*0.18) -> 0 | AM18: =(AK18/1.18)/2 -> 0 | AZ18: =(AY18/1.18)/2+((AY18/1.18)*0.18) -> 0 | BA18: =(AY18/1.18)/2 -> 0 | BG18: =(BF18/1.18)/2+((BF18/1.18)*0.18) -> 0 | BH18: =(BF18/1.18)/2 -> 0 | BU18: =(BT18/1.18)/2+((BT18/1.18)*0.18) -> 0 | BV18: =(BT18/1.18)/2 -> 0 | CB18: =(CA18/1.18)/2+((CA18/1.18)*0.18) -> 0 | CC18: =(CA18/1.18)/2 -> 0 | CI18: =(CH18/1.18)/2+((CH18/1.18)*0.18) -> 0 | CJ18: =(CH18/1.18)/2 -> 0 | CP18: =(CO18/1.18)/2+((CO18/1.18)*0.18) -> 0 | CQ18: =(CO18/1.18)/2 -> 0 | CW18: =(CV18/1.18)/2+((CV18/1.18)*0.18) -> 0 | CX18: =(CV18/1.18)/2 -> 0 | DB18: =L18+S18+Z18+AD18+AK18+AY18+BF18+BT18+CA18+CH18+CO18+CV18 -> 0 | DC18: =M18+T18+AA18+AE18+AL18+AZ18+BG18+BU18+CB18+CI18+CP18+CW18 -> 0 | DD18: =N18+U18+AB18+AF18+AM18+BA18+BH18+BV18+CC18+CJ18+CQ18+CX18 -> 0 | DE18: =O18+V18+AG18+AN18+BB18+BI18+BW18+CD18+CK18+CR18+CY18 -> 0 | DF18: =P18+W18+AH18+AO18+BC18+BJ18+BX18+CE18+CL18+CS18+CZ18 -> 0 | DG18: =Q18+X18+AI18+AP18+BD18+BK18+BY18+CF18+CM18+CT18+DA18 -> 0
B19: =B18+1 -> 13 | C19: =+#REF! -> #REF! | D19: K | E19: =#REF! -> #REF! | F19: =SUMIF(#REF!,$E19,#REF!) -> #REF! | G19: =SUMIF(#REF!,$E19,#REF!) -> #REF! | H19: =+G19+F19 -> #REF! | I19: =H19 -> #REF! | M19: =(L19/1.18)/2+((L19/1.18)*0.18) -> 0 | N19: =(L19/1.18)/2 -> 0 | T19: =(S19/1.18)/2+((S19/1.18)*0.18) -> 0 | U19: =(S19/1.18)/2 -> 0 | AA19: =(Z19/1.18)/2+((Z19/1.18)*0.18) -> 0 | AB19: =(Z19/1.18)/2 -> 0 | AE19: =(AD19/1.18)/2+((AD19/1.18)*0.18) -> 0 | AF19: =(AD19/1.18)/2 -> 0 | AL19: =(AK19/1.18)/2+((AK19/1.18)*0.18) -> 0 | AM19: =(AK19/1.18)/2 -> 0 | AZ19: =(AY19/1.18)/2+((AY19/1.18)*0.18) -> 0 | BA19: =(AY19/1.18)/2 -> 0 | BG19: =(BF19/1.18)/2+((BF19/1.18)*0.18) -> 0 | BH19: =(BF19/1.18)/2 -> 0 | BU19: =(BT19/1.18)/2+((BT19/1.18)*0.18) -> 0 | BV19: =(BT19/1.18)/2 -> 0 | CB19: =(CA19/1.18)/2+((CA19/1.18)*0.18) -> 0 | CC19: =(CA19/1.18)/2 -> 0 | CI19: =(CH19/1.18)/2+((CH19/1.18)*0.18) -> 0 | CJ19: =(CH19/1.18)/2 -> 0 | CP19: =(CO19/1.18)/2+((CO19/1.18)*0.18) -> 0 | CQ19: =(CO19/1.18)/2 -> 0 | CW19: =(CV19/1.18)/2+((CV19/1.18)*0.18) -> 0 | CX19: =(CV19/1.18)/2 -> 0 | DB19: =L19+S19+Z19+AD19+AK19+AY19+BF19+BT19+CA19+CH19+CO19+CV19 -> 0 | DC19: =M19+T19+AA19+AE19+AL19+AZ19+BG19+BU19+CB19+CI19+CP19+CW19 -> 0 | DD19: =N19+U19+AB19+AF19+AM19+BA19+BH19+BV19+CC19+CJ19+CQ19+CX19 -> 0 | DE19: =O19+V19+AG19+AN19+BB19+BI19+BW19+CD19+CK19+CR19+CY19 -> 0 | DF19: =P19+W19+AH19+AO19+BC19+BJ19+BX19+CE19+CL19+CS19+CZ19 -> 0 | DG19: =Q19+X19+AI19+AP19+BD19+BK19+BY19+CF19+CM19+CT19+DA19 -> 0
B20: =B19+1 -> 14 | C20: =+#REF! -> #REF! | D20: K | E20: =#REF! -> #REF! | F20: =SUMIF(#REF!,$E20,#REF!) -> #REF! | G20: =SUMIF(#REF!,$E20,#REF!) -> #REF! | H20: =+G20+F20 -> #REF! | I20: =H20 -> #REF! | M20: =(L20/1.18)/2+((L20/1.18)*0.18) -> 0 | N20: =(L20/1.18)/2 -> 0 | T20: =(S20/1.18)/2+((S20/1.18)*0.18) -> 0 | U20: =(S20/1.18)/2 -> 0 | AA20: =(Z20/1.18)/2+((Z20/1.18)*0.18) -> 0 | AB20: =(Z20/1.18)/2 -> 0 | AE20: =(AD20/1.18)/2+((AD20/1.18)*0.18) -> 0 | AF20: =(AD20/1.18)/2 -> 0 | AL20: =(AK20/1.18)/2+((AK20/1.18)*0.18) -> 0 | AM20: =(AK20/1.18)/2 -> 0 | AZ20: =(AY20/1.18)/2+((AY20/1.18)*0.18) -> 0 | BA20: =(AY20/1.18)/2 -> 0 | BG20: =(BF20/1.18)/2+((BF20/1.18)*0.18) -> 0 | BH20: =(BF20/1.18)/2 -> 0 | BU20: =(BT20/1.18)/2+((BT20/1.18)*0.18) -> 0 | BV20: =(BT20/1.18)/2 -> 0 | CB20: =(CA20/1.18)/2+((CA20/1.18)*0.18) -> 0 | CC20: =(CA20/1.18)/2 -> 0 | CI20: =(CH20/1.18)/2+((CH20/1.18)*0.18) -> 0 | CJ20: =(CH20/1.18)/2 -> 0 | CP20: =(CO20/1.18)/2+((CO20/1.18)*0.18) -> 0 | CQ20: =(CO20/1.18)/2 -> 0 | CW20: =(CV20/1.18)/2+((CV20/1.18)*0.18) -> 0 | CX20: =(CV20/1.18)/2 -> 0 | DB20: =L20+S20+Z20+AD20+AK20+AY20+BF20+BT20+CA20+CH20+CO20+CV20 -> 0 | DC20: =M20+T20+AA20+AE20+AL20+AZ20+BG20+BU20+CB20+CI20+CP20+CW20 -> 0 | DD20: =N20+U20+AB20+AF20+AM20+BA20+BH20+BV20+CC20+CJ20+CQ20+CX20 -> 0 | DE20: =O20+V20+AG20+AN20+BB20+BI20+BW20+CD20+CK20+CR20+CY20 -> 0 | DF20: =P20+W20+AH20+AO20+BC20+BJ20+BX20+CE20+CL20+CS20+CZ20 -> 0 | DG20: =Q20+X20+AI20+AP20+BD20+BK20+BY20+CF20+CM20+CT20+DA20 -> 0
B21: =B20+1 -> 15 | C21: =+#REF! -> #REF! | D21: K | E21: =#REF! -> #REF! | F21: =SUMIF(#REF!,$E21,#REF!) -> #REF! | G21: =SUMIF(#REF!,$E21,#REF!) -> #REF! | H21: =+G21+F21 -> #REF! | I21: =H21 -> #REF! | M21: =(L21/1.18)/2+((L21/1.18)*0.18) -> 0 | N21: =(L21/1.18)/2 -> 0 | T21: =(S21/1.18)/2+((S21/1.18)*0.18) -> 0 | U21: =(S21/1.18)/2 -> 0 | AA21: =(Z21/1.18)/2+((Z21/1.18)*0.18) -> 0 | AB21: =(Z21/1.18)/2 -> 0 | AE21: =(AD21/1.18)/2+((AD21/1.18)*0.18) -> 0 | AF21: =(AD21/1.18)/2 -> 0 | AL21: =(AK21/1.18)/2+((AK21/1.18)*0.18) -> 0 | AM21: =(AK21/1.18)/2 -> 0 | AZ21: =(AY21/1.18)/2+((AY21/1.18)*0.18) -> 0 | BA21: =(AY21/1.18)/2 -> 0 | BG21: =(BF21/1.18)/2+((BF21/1.18)*0.18) -> 0 | BH21: =(BF21/1.18)/2 -> 0 | BU21: =(BT21/1.18)/2+((BT21/1.18)*0.18) -> 0 | BV21: =(BT21/1.18)/2 -> 0 | CB21: =(CA21/1.18)/2+((CA21/1.18)*0.18) -> 0 | CC21: =(CA21/1.18)/2 -> 0 | CI21: =(CH21/1.18)/2+((CH21/1.18)*0.18) -> 0 | CJ21: =(CH21/1.18)/2 -> 0 | CP21: =(CO21/1.18)/2+((CO21/1.18)*0.18) -> 0 | CQ21: =(CO21/1.18)/2 -> 0 | CW21: =(CV21/1.18)/2+((CV21/1.18)*0.18) -> 0 | CX21: =(CV21/1.18)/2 -> 0 | DB21: =L21+S21+Z21+AD21+AK21+AY21+BF21+BT21+CA21+CH21+CO21+CV21 -> 0 | DC21: =M21+T21+AA21+AE21+AL21+AZ21+BG21+BU21+CB21+CI21+CP21+CW21 -> 0 | DD21: =N21+U21+AB21+AF21+AM21+BA21+BH21+BV21+CC21+CJ21+CQ21+CX21 -> 0 | DE21: =O21+V21+AG21+AN21+BB21+BI21+BW21+CD21+CK21+CR21+CY21 -> 0 | DF21: =P21+W21+AH21+AO21+BC21+BJ21+BX21+CE21+CL21+CS21+CZ21 -> 0 | DG21: =Q21+X21+AI21+AP21+BD21+BK21+BY21+CF21+CM21+CT21+DA21 -> 0
B22: =B21+1 -> 16 | C22: =+#REF! -> #REF! | D22: K | E22: =#REF! -> #REF! | F22: =SUMIF(#REF!,$E22,#REF!) -> #REF! | G22: =SUMIF(#REF!,$E22,#REF!) -> #REF! | H22: =+G22+F22 -> #REF! | I22: =H22 -> #REF! | M22: =(L22/1.18)/2+((L22/1.18)*0.18) -> 0 | N22: =(L22/1.18)/2 -> 0 | T22: =(S22/1.18)/2+((S22/1.18)*0.18) -> 0 | U22: =(S22/1.18)/2 -> 0 | AA22: =(Z22/1.18)/2+((Z22/1.18)*0.18) -> 0 | AB22: =(Z22/1.18)/2 -> 0 | AE22: =(AD22/1.18)/2+((AD22/1.18)*0.18) -> 0 | AF22: =(AD22/1.18)/2 -> 0 | AL22: =(AK22/1.18)/2+((AK22/1.18)*0.18) -> 0 | AM22: =(AK22/1.18)/2 -> 0 | AZ22: =(AY22/1.18)/2+((AY22/1.18)*0.18) -> 0 | BA22: =(AY22/1.18)/2 -> 0 | BG22: =(BF22/1.18)/2+((BF22/1.18)*0.18) -> 0 | BH22: =(BF22/1.18)/2 -> 0 | BU22: =(BT22/1.18)/2+((BT22/1.18)*0.18) -> 0 | BV22: =(BT22/1.18)/2 -> 0 | CB22: =(CA22/1.18)/2+((CA22/1.18)*0.18) -> 0 | CC22: =(CA22/1.18)/2 -> 0 | CI22: =(CH22/1.18)/2+((CH22/1.18)*0.18) -> 0 | CJ22: =(CH22/1.18)/2 -> 0 | CP22: =(CO22/1.18)/2+((CO22/1.18)*0.18) -> 0 | CQ22: =(CO22/1.18)/2 -> 0 | CW22: =(CV22/1.18)/2+((CV22/1.18)*0.18) -> 0 | CX22: =(CV22/1.18)/2 -> 0 | DB22: =L22+S22+Z22+AD22+AK22+AY22+BF22+BT22+CA22+CH22+CO22+CV22 -> 0 | DC22: =M22+T22+AA22+AE22+AL22+AZ22+BG22+BU22+CB22+CI22+CP22+CW22 -> 0 | DD22: =N22+U22+AB22+AF22+AM22+BA22+BH22+BV22+CC22+CJ22+CQ22+CX22 -> 0 | DE22: =O22+V22+AG22+AN22+BB22+BI22+BW22+CD22+CK22+CR22+CY22 -> 0 | DF22: =P22+W22+AH22+AO22+BC22+BJ22+BX22+CE22+CL22+CS22+CZ22 -> 0 | DG22: =Q22+X22+AI22+AP22+BD22+BK22+BY22+CF22+CM22+CT22+DA22 -> 0
... B27: =B26+1 -> 21 | C27: =+#REF! -> #REF! | D27: K | E27: =#REF! -> #REF! | F27: =SUMIF(#REF!,$E27,#REF!) -> #REF! | G27: =SUMIF(#REF!,$E27,#REF!) -> #REF! | H27: =+G27+F27 -> #REF! | I27: =H27 -> #REF! | M27: =(L27/1.18)/2+((L27/1.18)*0.18) -> 0 | N27: =(L27/1.18)/2 -> 0 | T27: =(S27/1.18)/2+((S27/1.18)*0.18) -> 0 | U27: =(S27/1.18)/2 -> 0 | AA27: =(Z27/1.18)/2+((Z27/1.18)*0.18) -> 0 | AB27: =(Z27/1.18)/2 -> 0 | AE27: =(AD27/1.18)/2+((AD27/1.18)*0.18) -> 0 | AF27: =(AD27/1.18)/2 -> 0 | AL27: =(AK27/1.18)/2+((AK27/1.18)*0.18) -> 0 | AM27: =(AK27/1.18)/2 -> 0 | AZ27: =(AY27/1.18)/2+((AY27/1.18)*0.18) -> 0 | BA27: =(AY27/1.18)/2 -> 0 | BG27: =(BF27/1.18)/2+((BF27/1.18)*0.18) -> 0 | BH27: =(BF27/1.18)/2 -> 0 | BU27: =(BT27/1.18)/2+((BT27/1.18)*0.18) -> 0 | BV27: =(BT27/1.18)/2 -> 0 | CB27: =(CA27/1.18)/2+((CA27/1.18)*0.18) -> 0 | CC27: =(CA27/1.18)/2 -> 0 | CI27: =(CH27/1.18)/2+((CH27/1.18)*0.18) -> 0 | CJ27: =(CH27/1.18)/2 -> 0 | CP27: =(CO27/1.18)/2+((CO27/1.18)*0.18) -> 0 | CQ27: =(CO27/1.18)/2 -> 0 | CW27: =(CV27/1.18)/2+((CV27/1.18)*0.18) -> 0 | CX27: =(CV27/1.18)/2 -> 0 | DB27: =L27+S27+Z27+AD27+AK27+AY27+BF27+BT27+CA27+CH27+CO27+CV27 -> 0 | DC27: =M27+T27+AA27+AE27+AL27+AZ27+BG27+BU27+CB27+CI27+CP27+CW27 -> 0 | DD27: =N27+U27+AB27+AF27+AM27+BA27+BH27+BV27+CC27+CJ27+CQ27+CX27 -> 0 | DE27: =O27+V27+AG27+AN27+BB27+BI27+BW27+CD27+CK27+CR27+CY27 -> 0 | DF27: =P27+W27+AH27+AO27+BC27+BJ27+BX27+CE27+CL27+CS27+CZ27 -> 0 | DG27: =Q27+X27+AI27+AP27+BD27+BK27+BY27+CF27+CM27+CT27+DA27 -> 0
B28: =B27+1 -> 22 | C28: =+#REF! -> #REF! | D28: K | E28: =#REF! -> #REF! | F28: =SUMIF(#REF!,$E28,#REF!) -> #REF! | G28: =SUMIF(#REF!,$E28,#REF!) -> #REF! | H28: =+G28+F28 -> #REF! | I28: =H28 -> #REF! | M28: =(L28/1.18)/2+((L28/1.18)*0.18) -> 0 | N28: =(L28/1.18)/2 -> 0 | T28: =(S28/1.18)/2+((S28/1.18)*0.18) -> 0 | U28: =(S28/1.18)/2 -> 0 | AA28: =(Z28/1.18)/2+((Z28/1.18)*0.18) -> 0 | AB28: =(Z28/1.18)/2 -> 0 | AE28: =(AD28/1.18)/2+((AD28/1.18)*0.18) -> 0 | AF28: =(AD28/1.18)/2 -> 0 | AL28: =(AK28/1.18)/2+((AK28/1.18)*0.18) -> 0 | AM28: =(AK28/1.18)/2 -> 0 | AZ28: =(AY28/1.18)/2+((AY28/1.18)*0.18) -> 0 | BA28: =(AY28/1.18)/2 -> 0 | BG28: =(BF28/1.18)/2+((BF28/1.18)*0.18) -> 0 | BH28: =(BF28/1.18)/2 -> 0 | BU28: =(BT28/1.18)/2+((BT28/1.18)*0.18) -> 0 | BV28: =(BT28/1.18)/2 -> 0 | CB28: =(CA28/1.18)/2+((CA28/1.18)*0.18) -> 0 | CI28: =(CH28/1.18)/2+((CH28/1.18)*0.18) -> 0 | CJ28: =(CH28/1.18)/2 -> 0 | CP28: =(CO28/1.18)/2+((CO28/1.18)*0.18) -> 0 | CQ28: =(CO28/1.18)/2 -> 0 | CW28: =(CV28/1.18)/2+((CV28/1.18)*0.18) -> 0 | CX28: =(CV28/1.18)/2 -> 0 | DB28: =L28+S28+Z28+AD28+AK28+AY28+BF28+BT28+CA28+CH28+CO28+CV28 -> 0 | DC28: =M28+T28+AA28+AE28+AL28+AZ28+BG28+BU28+CB28+CI28+CP28+CW28 -> 0 | DD28: =N28+U28+AB28+AF28+AM28+BA28+BH28+BV28+CC28+CJ28+CQ28+CX28 -> 0 | DE28: =O28+V28+AG28+AN28+BB28+BI28+BW28+CD28+CK28+CR28+CY28 -> 0 | DF28: =P28+W28+AH28+AO28+BC28+BJ28+BX28+CE28+CL28+CS28+CZ28 -> 0 | DG28: =Q28+X28+AI28+AP28+BD28+BK28+BY28+CF28+CM28+CT28+DA28 -> 0
B29: =B28+1 -> 23 | C29: =+#REF! -> #REF! | D29: K | E29: =#REF! -> #REF! | F29: =SUMIF(#REF!,$E29,#REF!) -> #REF! | G29: =SUMIF(#REF!,$E29,#REF!) -> #REF! | H29: =+G29+F29 -> #REF! | I29: =H29 -> #REF! | M29: =(L29/1.18)/2+((L29/1.18)*0.18) -> 0 | N29: =(L29/1.18)/2 -> 0 | T29: =(S29/1.18)/2+((S29/1.18)*0.18) -> 0 | U29: =(S29/1.18)/2 -> 0 | AA29: =(Z29/1.18)/2+((Z29/1.18)*0.18) -> 0 | AB29: =(Z29/1.18)/2 -> 0 | AE29: =(AD29/1.18)/2+((AD29/1.18)*0.18) -> 0 | AF29: =(AD29/1.18)/2 -> 0 | AL29: =(AK29/1.18)/2+((AK29/1.18)*0.18) -> 0 | AM29: =(AK29/1.18)/2 -> 0 | AZ29: =(AY29/1.18)/2+((AY29/1.18)*0.18) -> 0 | BA29: =(AY29/1.18)/2 -> 0 | BG29: =(BF29/1.18)/2+((BF29/1.18)*0.18) -> 0 | BH29: =(BF29/1.18)/2 -> 0 | BU29: =(BT29/1.18)/2+((BT29/1.18)*0.18) -> 0 | BV29: =(BT29/1.18)/2 -> 0 | CB29: =(CA29/1.18)/2+((CA29/1.18)*0.18) -> 0 | CC29: =(CA29/1.18)/2 -> 0 | CI29: =(CH29/1.18)/2+((CH29/1.18)*0.18) -> 0 | CJ29: =(CH29/1.18)/2 -> 0 | CP29: =(CO29/1.18)/2+((CO29/1.18)*0.18) -> 0 | CQ29: =(CO29/1.18)/2 -> 0 | CW29: =(CV29/1.18)/2+((CV29/1.18)*0.18) -> 0 | CX29: =(CV29/1.18)/2 -> 0 | DB29: =L29+S29+Z29+AD29+AK29+AY29+BF29+BT29+CA29+CH29+CO29+CV29 -> 0 | DC29: =M29+T29+AA29+AE29+AL29+AZ29+BG29+BU29+CB29+CI29+CP29+CW29 -> 0 | DD29: =N29+U29+AB29+AF29+AM29+BA29+BH29+BV29+CC29+CJ29+CQ29+CX29 -> 0 | DE29: =O29+V29+AG29+AN29+BB29+BI29+BW29+CD29+CK29+CR29+CY29 -> 0 | DF29: =P29+W29+AH29+AO29+BC29+BJ29+BX29+CE29+CL29+CS29+CZ29 -> 0 | DG29: =Q29+X29+AI29+AP29+BD29+BK29+BY29+CF29+CM29+CT29+DA29 -> 0
B30: =B29+1 -> 24 | C30: =+#REF! -> #REF! | D30: K | E30: =#REF! -> #REF! | F30: =SUMIF(#REF!,$E30,#REF!) -> #REF! | G30: =SUMIF(#REF!,$E30,#REF!) -> #REF! | H30: =+G30+F30 -> #REF! | I30: =H30 -> #REF! | M30: =(L30/1.18)/2+((L30/1.18)*0.18) -> 0 | N30: =(L30/1.18)/2 -> 0 | T30: =(S30/1.18)/2+((S30/1.18)*0.18) -> 0 | U30: =(S30/1.18)/2 -> 0 | AA30: =(Z30/1.18)/2+((Z30/1.18)*0.18) -> 0 | AB30: =(Z30/1.18)/2 -> 0 | AE30: =(AD30/1.18)/2+((AD30/1.18)*0.18) -> 0 | AF30: =(AD30/1.18)/2 -> 0 | AL30: =(AK30/1.18)/2+((AK30/1.18)*0.18) -> 0 | AM30: =(AK30/1.18)/2 -> 0 | AZ30: =(AY30/1.18)/2+((AY30/1.18)*0.18) -> 0 | BA30: =(AY30/1.18)/2 -> 0 | BG30: =(BF30/1.18)/2+((BF30/1.18)*0.18) -> 0 | BH30: =(BF30/1.18)/2 -> 0 | BU30: =(BT30/1.18)/2+((BT30/1.18)*0.18) -> 0 | BV30: =(BT30/1.18)/2 -> 0 | CB30: =(CA30/1.18)/2+((CA30/1.18)*0.18) -> 0 | CC30: =(CA30/1.18)/2 -> 0 | CI30: =(CH30/1.18)/2+((CH30/1.18)*0.18) -> 0 | CJ30: =(CH30/1.18)/2 -> 0 | CP30: =(CO30/1.18)/2+((CO30/1.18)*0.18) -> 0 | CQ30: =(CO30/1.18)/2 -> 0 | CW30: =(CV30/1.18)/2+((CV30/1.18)*0.18) -> 0 | CX30: =(CV30/1.18)/2 -> 0 | DB30: =L30+S30+Z30+AD30+AK30+AY30+BF30+BT30+CA30+CH30+CO30+CV30 -> 0 | DC30: =M30+T30+AA30+AE30+AL30+AZ30+BG30+BU30+CB30+CI30+CP30+CW30 -> 0 | DD30: =N30+U30+AB30+AF30+AM30+BA30+BH30+BV30+CC30+CJ30+CQ30+CX30 -> 0 | DE30: =O30+V30+AG30+AN30+BB30+BI30+BW30+CD30+CK30+CR30+CY30 -> 0 | DF30: =P30+W30+AH30+AO30+BC30+BJ30+BX30+CE30+CL30+CS30+CZ30 -> 0 | DG30: =Q30+X30+AI30+AP30+BD30+BK30+BY30+CF30+CM30+CT30+DA30 -> 0
B31: =B30+1 -> 25 | C31: =+#REF! -> #REF! | D31: K | E31: =#REF! -> #REF! | F31: =SUMIF(#REF!,$E31,#REF!) -> #REF! | G31: =SUMIF(#REF!,$E31,#REF!) -> #REF! | H31: =+G31+F31 -> #REF! | I31: =H31 -> #REF! | M31: =(L31/1.18)/2+((L31/1.18)*0.18) -> 0 | N31: =(L31/1.18)/2 -> 0 | T31: =(S31/1.18)/2+((S31/1.18)*0.18) -> 0 | U31: =(S31/1.18)/2 -> 0 | AA31: =(Z31/1.18)/2+((Z31/1.18)*0.18) -> 0 | AB31: =(Z31/1.18)/2 -> 0 | AE31: =(AD31/1.18)/2+((AD31/1.18)*0.18) -> 0 | AF31: =(AD31/1.18)/2 -> 0 | AL31: =(AK31/1.18)/2+((AK31/1.18)*0.18) -> 0 | AM31: =(AK31/1.18)/2 -> 0 | AZ31: =(AY31/1.18)/2+((AY31/1.18)*0.18) -> 0 | BA31: =(AY31/1.18)/2 -> 0 | BG31: =(BF31/1.18)/2+((BF31/1.18)*0.18) -> 0 | BH31: =(BF31/1.18)/2 -> 0 | BU31: =(BT31/1.18)/2+((BT31/1.18)*0.18) -> 0 | BV31: =(BT31/1.18)/2 -> 0 | CB31: =(CA31/1.18)/2+((CA31/1.18)*0.18) -> 0 | CC31: =(CA31/1.18)/2 -> 0 | CI31: =(CH31/1.18)/2+((CH31/1.18)*0.18) -> 0 | CJ31: =(CH31/1.18)/2 -> 0 | CP31: =(CO31/1.18)/2+((CO31/1.18)*0.18) -> 0 | CQ31: =(CO31/1.18)/2 -> 0 | CW31: =(CV31/1.18)/2+((CV31/1.18)*0.18) -> 0 | CX31: =(CV31/1.18)/2 -> 0 | DB31: =L31+S31+Z31+AD31+AK31+AY31+BF31+BT31+CA31+CH31+CO31+CV31 -> 0 | DC31: =M31+T31+AA31+AE31+AL31+AZ31+BG31+BU31+CB31+CI31+CP31+CW31 -> 0 | DD31: =N31+U31+AB31+AF31+AM31+BA31+BH31+BV31+CC31+CJ31+CQ31+CX31 -> 0 | DE31: =O31+V31+AG31+AN31+BB31+BI31+BW31+CD31+CK31+CR31+CY31 -> 0 | DF31: =P31+W31+AH31+AO31+BC31+BJ31+BX31+CE31+CL31+CS31+CZ31 -> 0 | DG31: =Q31+X31+AI31+AP31+BD31+BK31+BY31+CF31+CM31+CT31+DA31 -> 0
B32: =B31+1 -> 26 | C32: =+#REF! -> #REF! | D32: K | E32: =#REF! -> #REF! | F32: =SUMIF(#REF!,$E32,#REF!) -> #REF! | G32: =SUMIF(#REF!,$E32,#REF!) -> #REF! | H32: =+G32+F32 -> #REF! | I32: =H32 -> #REF! | M32: =(L32/1.18)/2+((L32/1.18)*0.18) -> 0 | N32: =(L32/1.18)/2 -> 0 | T32: =(S32/1.18)/2+((S32/1.18)*0.18) -> 0 | U32: =(S32/1.18)/2 -> 0 | AA32: =(Z32/1.18)/2+((Z32/1.18)*0.18) -> 0 | AB32: =(Z32/1.18)/2 -> 0 | AE32: =(AD32/1.18)/2+((AD32/1.18)*0.18) -> 0 | AF32: =(AD32/1.18)/2 -> 0 | AL32: =(AK32/1.18)/2+((AK32/1.18)*0.18) -> 0 | AM32: =(AK32/1.18)/2 -> 0 | AZ32: =(AY32/1.18)/2+((AY32/1.18)*0.18) -> 0 | BA32: =(AY32/1.18)/2 -> 0 | BG32: =(BF32/1.18)/2+((BF32/1.18)*0.18) -> 0 | BH32: =(BF32/1.18)/2 -> 0 | BU32: =(BT32/1.18)/2+((BT32/1.18)*0.18) -> 0 | BV32: =(BT32/1.18)/2 -> 0 | CB32: =(CA32/1.18)/2+((CA32/1.18)*0.18) -> 0 | CC32: =(CA32/1.18)/2 -> 0 | CI32: =(CH32/1.18)/2+((CH32/1.18)*0.18) -> 0 | CJ32: =(CH32/1.18)/2 -> 0 | CP32: =(CO32/1.18)/2+((CO32/1.18)*0.18) -> 0 | CQ32: =(CO32/1.18)/2 -> 0 | CW32: =(CV32/1.18)/2+((CV32/1.18)*0.18) -> 0 | CX32: =(CV32/1.18)/2 -> 0 | DB32: =L32+S32+Z32+AD32+AK32+AY32+BF32+BT32+CA32+CH32+CO32+CV32 -> 0 | DC32: =M32+T32+AA32+AE32+AL32+AZ32+BG32+BU32+CB32+CI32+CP32+CW32 -> 0 | DD32: =N32+U32+AB32+AF32+AM32+BA32+BH32+BV32+CC32+CJ32+CQ32+CX32 -> 0 | DE32: =O32+V32+AG32+AN32+BB32+BI32+BW32+CD32+CK32+CR32+CY32 -> 0 | DF32: =P32+W32+AH32+AO32+BC32+BJ32+BX32+CE32+CL32+CS32+CZ32 -> 0 | DG32: =Q32+X32+AI32+AP32+BD32+BK32+BY32+CF32+CM32+CT32+DA32 -> 0
B33: =B32+1 -> 27 | C33: =+#REF! -> #REF! | D33: K | E33: =#REF! -> #REF! | F33: =SUMIF(#REF!,$E33,#REF!) -> #REF! | G33: =SUMIF(#REF!,$E33,#REF!) -> #REF! | H33: =+G33+F33 -> #REF! | I33: =H33 -> #REF! | M33: =(L33/1.18)/2+((L33/1.18)*0.18) -> 0 | N33: =(L33/1.18)/2 -> 0 | T33: =(S33/1.18)/2+((S33/1.18)*0.18) -> 0 | U33: =(S33/1.18)/2 -> 0 | AA33: =(Z33/1.18)/2+((Z33/1.18)*0.18) -> 0 | AB33: =(Z33/1.18)/2 -> 0 | AE33: =(AD33/1.18)/2+((AD33/1.18)*0.18) -> 0 | AF33: =(AD33/1.18)/2 -> 0 | AL33: =(AK33/1.18)/2+((AK33/1.18)*0.18) -> 0 | AM33: =(AK33/1.18)/2 -> 0 | AZ33: =(AY33/1.18)/2+((AY33/1.18)*0.18) -> 0 | BA33: =(AY33/1.18)/2 -> 0 | BG33: =(BF33/1.18)/2+((BF33/1.18)*0.18) -> 0 | BH33: =(BF33/1.18)/2 -> 0 | BU33: =(BT33/1.18)/2+((BT33/1.18)*0.18) -> 0 | BV33: =(BT33/1.18)/2 -> 0 | CB33: =(CA33/1.18)/2+((CA33/1.18)*0.18) -> 0 | CC33: =(CA33/1.18)/2 -> 0 | CI33: =(CH33/1.18)/2+((CH33/1.18)*0.18) -> 0 | CJ33: =(CH33/1.18)/2 -> 0 | CP33: =(CO33/1.18)/2+((CO33/1.18)*0.18) -> 0 | CQ33: =(CO33/1.18)/2 -> 0 | CW33: =(CV33/1.18)/2+((CV33/1.18)*0.18) -> 0 | CX33: =(CV33/1.18)/2 -> 0 | DB33: =L33+S33+Z33+AD33+AK33+AY33+BF33+BT33+CA33+CH33+CO33+CV33 -> 0 | DC33: =M33+T33+AA33+AE33+AL33+AZ33+BG33+BU33+CB33+CI33+CP33+CW33 -> 0 | DD33: =N33+U33+AB33+AF33+AM33+BA33+BH33+BV33+CC33+CJ33+CQ33+CX33 -> 0 | DE33: =O33+V33+AG33+AN33+BB33+BI33+BW33+CD33+CK33+CR33+CY33 -> 0 | DF33: =P33+W33+AH33+AO33+BC33+BJ33+BX33+CE33+CL33+CS33+CZ33 -> 0 | DG33: =Q33+X33+AI33+AP33+BD33+BK33+BY33+CF33+CM33+CT33+DA33 -> 0
B34: =B33+1 -> 28 | C34: =+#REF! -> #REF! | D34: T | E34: =#REF! -> #REF! | F34: =SUMIF(#REF!,$E34,#REF!) -> #REF! | G34: =SUMIF(#REF!,$E34,#REF!) -> #REF! | H34: =+G34+F34 -> #REF! | I34: =H34 -> #REF! | M34: =(L34/1.18)/2+((L34/1.18)*0.18) -> 0 | N34: =(L34/1.18)/2 -> 0 | T34: =(S34/1.18)/2+((S34/1.18)*0.18) -> 0 | U34: =(S34/1.18)/2 -> 0 | AA34: =(Z34/1.18)/2+((Z34/1.18)*0.18) -> 0 | AB34: =(Z34/1.18)/2 -> 0 | AE34: =(AD34/1.18)/2+((AD34/1.18)*0.18) -> 0 | AF34: =(AD34/1.18)/2 -> 0 | AL34: =(AK34/1.18)/2+((AK34/1.18)*0.18) -> 0 | AM34: =(AK34/1.18)/2 -> 0 | AZ34: =(AY34/1.18)/2+((AY34/1.18)*0.18) -> 0 | BA34: =(AY34/1.18)/2 -> 0 | BG34: =(BF34/1.18)/2+((BF34/1.18)*0.18) -> 0 | BH34: =(BF34/1.18)/2 -> 0 | BU34: =(BT34/1.18)/2+((BT34/1.18)*0.18) -> 0 | BV34: =(BT34/1.18)/2 -> 0 | CB34: =(CA34/1.18)/2+((CA34/1.18)*0.18) -> 0 | CC34: =(CA34/1.18)/2 -> 0 | CI34: =(CH34/1.18)/2+((CH34/1.18)*0.18) -> 0 | CJ34: =(CH34/1.18)/2 -> 0 | CP34: =(CO34/1.18)/2+((CO34/1.18)*0.18) -> 0 | CQ34: =(CO34/1.18)/2 -> 0 | CW34: =(CV34/1.18)/2+((CV34/1.18)*0.18) -> 0 | CX34: =(CV34/1.18)/2 -> 0 | DB34: =L34+S34+Z34+AD34+AK34+AY34+BF34+BT34+CA34+CH34+CO34+CV34 -> 0 | DC34: =M34+T34+AA34+AE34+AL34+AZ34+BG34+BU34+CB34+CI34+CP34+CW34 -> 0 | DD34: =N34+U34+AB34+AF34+AM34+BA34+BH34+BV34+CC34+CJ34+CQ34+CX34 -> 0 | DE34: =O34+V34+AG34+AN34+BB34+BI34+BW34+CD34+CK34+CR34+CY34 -> 0 | DF34: =P34+W34+AH34+AO34+BC34+BJ34+BX34+CE34+CL34+CS34+CZ34 -> 0 | DG34: =Q34+X34+AI34+AP34+BD34+BK34+BY34+CF34+CM34+CT34+DA34 -> 0
B35: =B34+1 -> 29 | C35: =+#REF! -> #REF! | D35: K | E35: =#REF! -> #REF! | F35: =SUMIF(#REF!,$E35,#REF!) -> #REF! | G35: =SUMIF(#REF!,$E35,#REF!) -> #REF! | H35: =+G35+F35 -> #REF! | I35: =H35 -> #REF! | M35: =(L35/1.18)/2+((L35/1.18)*0.18) -> 0 | N35: =(L35/1.18)/2 -> 0 | T35: =(S35/1.18)/2+((S35/1.18)*0.18) -> 0 | U35: =(S35/1.18)/2 -> 0 | AA35: =(Z35/1.18)/2+((Z35/1.18)*0.18) -> 0 | AB35: =(Z35/1.18)/2 -> 0 | AE35: =(AD35/1.18)/2+((AD35/1.18)*0.18) -> 0 | AF35: =(AD35/1.18)/2 -> 0 | AL35: =(AK35/1.18)/2+((AK35/1.18)*0.18) -> 0 | AM35: =(AK35/1.18)/2 -> 0 | AZ35: =(AY35/1.18)/2+((AY35/1.18)*0.18) -> 0 | BA35: =(AY35/1.18)/2 -> 0 | BG35: =(BF35/1.18)/2+((BF35/1.18)*0.18) -> 0 | BH35: =(BF35/1.18)/2 -> 0 | BN35: =(BM35/1.18)/2+((BM35/1.18)*0.18) -> 0 | BO35: =(BM35/1.18)/2 -> 0 | BU35: =(BT35/1.18)/2+((BT35/1.18)*0.18) -> 0 | BV35: =(BT35/1.18)/2 -> 0 | CB35: =(CA35/1.18)/2+((CA35/1.18)*0.18) -> 0 | CC35: =(CA35/1.18)/2 -> 0 | CI35: =(CH35/1.18)/2+((CH35/1.18)*0.18) -> 0 | CJ35: =(CH35/1.18)/2 -> 0 | CP35: =(CO35/1.18)/2+((CO35/1.18)*0.18) -> 0 | CQ35: =(CO35/1.18)/2 -> 0 | CW35: =(CV35/1.18)/2+((CV35/1.18)*0.18) -> 0 | CX35: =(CV35/1.18)/2 -> 0 | DB35: =L35+S35+Z35+AD35+AK35+AY35+BF35+BT35+CA35+CH35+CO35+CV35+BM35 -> 0 | DC35: =M35+T35+AA35+AE35+AL35+AZ35+BG35+BU35+CB35+CI35+CP35+CW35+BN35 -> 0 | DD35: =N35+U35+AB35+AF35+AM35+BA35+BH35+BV35+CC35+CJ35+CQ35+CX35+BO35 -> 0 | DE35: =O35+V35+AG35+AN35+BB35+BI35+BW35+CD35+CK35+CR35+CY35+BP35 -> 0 | DF35: =P35+W35+AH35+AO35+BC35+BJ35+BX35+CE35+CL35+CS35+CZ35+BQ35 -> 0 | DG35: =Q35+X35+AI35+AP35+BD35+BK35+BY35+CF35+CM35+CT35+DA35+BR35 -> 0
B36: =B35+1 -> 30 | C36: =+#REF! -> #REF! | D36: K | E36: =#REF! -> #REF! | F36: =SUMIF(#REF!,$E36,#REF!) -> #REF! | G36: =SUMIF(#REF!,$E36,#REF!) -> #REF! | H36: =+G36+F36 -> #REF! | I36: =H36 -> #REF! | M36: =(L36/1.18)/2+((L36/1.18)*0.18) -> 0 | N36: =(L36/1.18)/2 -> 0 | T36: =(S36/1.18)/2+((S36/1.18)*0.18) -> 0 | U36: =(S36/1.18)/2 -> 0 | AA36: =(Z36/1.18)/2+((Z36/1.18)*0.18) -> 0 | AB36: =(Z36/1.18)/2 -> 0 | AE36: =(AD36/1.18)/2+((AD36/1.18)*0.18) -> 0 | AF36: =(AD36/1.18)/2 -> 0 | AL36: =(AK36/1.18)/2+((AK36/1.18)*0.18) -> 0 | AM36: =(AK36/1.18)/2 -> 0 | AZ36: =(AY36/1.18)/2+((AY36/1.18)*0.18) -> 0 | BA36: =(AY36/1.18)/2 -> 0 | BG36: =(BF36/1.18)/2+((BF36/1.18)*0.18) -> 0 | BH36: =(BF36/1.18)/2 -> 0 | BU36: =(BT36/1.18)/2+((BT36/1.18)*0.18) -> 0 | BV36: =(BT36/1.18)/2 -> 0 | CB36: =(CA36/1.18)/2+((CA36/1.18)*0.18) -> 0 | CC36: =(CA36/1.18)/2 -> 0 | CI36: =(CH36/1.18)/2+((CH36/1.18)*0.18) -> 0 | CJ36: =(CH36/1.18)/2 -> 0 | CP36: =(CO36/1.18)/2+((CO36/1.18)*0.18) -> 0 | CQ36: =(CO36/1.18)/2 -> 0 | CW36: =(CV36/1.18)/2+((CV36/1.18)*0.18) -> 0 | CX36: =(CV36/1.18)/2 -> 0 | DB36: =L36+S36+Z36+AD36+AK36+AY36+BF36+BT36+CA36+CH36+CO36+CV36 -> 0 | DC36: =M36+T36+AA36+AE36+AL36+AZ36+BG36+BU36+CB36+CI36+CP36+CW36 -> 0 | DD36: =N36+U36+AB36+AF36+AM36+BA36+BH36+BV36+CC36+CJ36+CQ36+CX36 -> 0 | DE36: =O36+V36+AG36+AN36+BB36+BI36+BW36+CD36+CK36+CR36+CY36 -> 0 | DF36: =P36+W36+AH36+AO36+BC36+BJ36+BX36+CE36+CL36+CS36+CZ36 -> 0 | DG36: =Q36+X36+AI36+AP36+BD36+BK36+BY36+CF36+CM36+CT36+DA36 -> 0
B37: =B36+1 -> 31 | C37: =+#REF! -> #REF! | D37: K | E37: =#REF! -> #REF! | F37: =SUMIF(#REF!,$E37,#REF!) -> #REF! | G37: =SUMIF(#REF!,$E37,#REF!) -> #REF! | H37: =+G37+F37 -> #REF! | I37: =H37 -> #REF! | M37: =(L37/1.18)/2+((L37/1.18)*0.18) -> 0 | N37: =(L37/1.18)/2 -> 0 | T37: =(S37/1.18)/2+((S37/1.18)*0.18) -> 0 | U37: =(S37/1.18)/2 -> 0 | AA37: =(Z37/1.18)/2+((Z37/1.18)*0.18) -> 0 | AB37: =(Z37/1.18)/2 -> 0 | AE37: =(AD37/1.18)/2+((AD37/1.18)*0.18) -> 0 | AF37: =(AD37/1.18)/2 -> 0 | AL37: =(AK37/1.18)/2+((AK37/1.18)*0.18) -> 0 | AM37: =(AK37/1.18)/2 -> 0 | AZ37: =(AY37/1.18)/2+((AY37/1.18)*0.18) -> 0 | BA37: =(AY37/1.18)/2 -> 0 | BG37: =(BF37/1.18)/2+((BF37/1.18)*0.18) -> 0 | BH37: =(BF37/1.18)/2 -> 0 | BU37: =(BT37/1.18)/2+((BT37/1.18)*0.18) -> 0 | BV37: =(BT37/1.18)/2 -> 0 | CB37: =(CA37/1.18)/2+((CA37/1.18)*0.18) -> 0 | CC37: =(CA37/1.18)/2 -> 0 | CI37: =(CH37/1.18)/2+((CH37/1.18)*0.18) -> 0 | CJ37: =(CH37/1.18)/2 -> 0 | CP37: =(CO37/1.18)/2+((CO37/1.18)*0.18) -> 0 | CQ37: =(CO37/1.18)/2 -> 0 | CW37: =(CV37/1.18)/2+((CV37/1.18)*0.18) -> 0 | CX37: =(CV37/1.18)/2 -> 0 | DB37: =L37+S37+Z37+AD37+AK37+AY37+BF37+BT37+CA37+CH37+CO37+CV37 -> 0 | DC37: =M37+T37+AA37+AE37+AL37+AZ37+BG37+BU37+CB37+CI37+CP37+CW37 -> 0 | DD37: =N37+U37+AB37+AF37+AM37+BA37+BH37+BV37+CC37+CJ37+CQ37+CX37 -> 0 | DE37: =O37+V37+AG37+AN37+BB37+BI37+BW37+CD37+CK37+CR37+CY37 -> 0 | DF37: =P37+W37+AH37+AO37+BC37+BJ37+BX37+CE37+CL37+CS37+CZ37 -> 0 | DG37: =Q37+X37+AI37+AP37+BD37+BK37+BY37+CF37+CM37+CT37+DA37 -> 0
B38: =B37+1 -> 32 | C38: =+#REF! -> #REF! | D38: K | E38: =#REF! -> #REF! | F38: =SUMIF(#REF!,$E38,#REF!) -> #REF! | G38: =SUMIF(#REF!,$E38,#REF!) -> #REF! | H38: =+G38+F38 -> #REF! | I38: =H38 -> #REF! | M38: =(L38/1.18)/2+((L38/1.18)*0.18) -> 0 | N38: =(L38/1.18)/2 -> 0 | T38: =(S38/1.18)/2+((S38/1.18)*0.18) -> 0 | U38: =(S38/1.18)/2 -> 0 | AA38: =(Z38/1.18)/2+((Z38/1.18)*0.18) -> 0 | AB38: =(Z38/1.18)/2 -> 0 | AE38: =(AD38/1.18)/2+((AD38/1.18)*0.18) -> 0 | AF38: =(AD38/1.18)/2 -> 0 | AL38: =(AK38/1.18)/2+((AK38/1.18)*0.18) -> 0 | AM38: =(AK38/1.18)/2 -> 0 | AZ38: =(AY38/1.18)/2+((AY38/1.18)*0.18) -> 0 | BA38: =(AY38/1.18)/2 -> 0 | BG38: =(BF38/1.18)/2+((BF38/1.18)*0.18) -> 0 | BH38: =(BF38/1.18)/2 -> 0 | BU38: =(BT38/1.18)/2+((BT38/1.18)*0.18) -> 0 | BV38: =(BT38/1.18)/2 -> 0 | CB38: =(CA38/1.18)/2+((CA38/1.18)*0.18) -> 0 | CC38: =(CA38/1.18)/2 -> 0 | CI38: =(CH38/1.18)/2+((CH38/1.18)*0.18) -> 0 | CJ38: =(CH38/1.18)/2 -> 0 | CP38: =(CO38/1.18)/2+((CO38/1.18)*0.18) -> 0 | CQ38: =(CO38/1.18)/2 -> 0 | CW38: =(CV38/1.18)/2+((CV38/1.18)*0.18) -> 0 | CX38: =(CV38/1.18)/2 -> 0 | DB38: =L38+S38+Z38+AD38+AK38+AY38+BF38+BT38+CA38+CH38+CO38+CV38 -> 0 | DC38: =M38+T38+AA38+AE38+AL38+AZ38+BG38+BU38+CB38+CI38+CP38+CW38 -> 0 | DD38: =N38+U38+AB38+AF38+AM38+BA38+BH38+BV38+CC38+CJ38+CQ38+CX38 -> 0 | DE38: =O38+V38+AG38+AN38+BB38+BI38+BW38+CD38+CK38+CR38+CY38 -> 0 | DF38: =P38+W38+AH38+AO38+BC38+BJ38+BX38+CE38+CL38+CS38+CZ38 -> 0 | DG38: =Q38+X38+AI38+AP38+BD38+BK38+BY38+CF38+CM38+CT38+DA38 -> 0
B39: =B38+1 -> 33 | C39: =+#REF! -> #REF! | D39: K | E39: =#REF! -> #REF! | F39: =SUMIF(#REF!,$E39,#REF!) -> #REF! | G39: =SUMIF(#REF!,$E39,#REF!) -> #REF! | H39: =+G39+F39 -> #REF! | I39: =H39 -> #REF! | M39: =(L39/1.18)/2+((L39/1.18)*0.18) -> 0 | N39: =(L39/1.18)/2 -> 0 | T39: =(S39/1.18)/2+((S39/1.18)*0.18) -> 0 | U39: =(S39/1.18)/2 -> 0 | AA39: =(Z39/1.18)/2+((Z39/1.18)*0.18) -> 0 | AB39: =(Z39/1.18)/2 -> 0 | AE39: =(AD39/1.18)/2+((AD39/1.18)*0.18) -> 0 | AF39: =(AD39/1.18)/2 -> 0 | AL39: =(AK39/1.18)/2+((AK39/1.18)*0.18) -> 0 | AM39: =(AK39/1.18)/2 -> 0 | AZ39: =(AY39/1.18)/2+((AY39/1.18)*0.18) -> 0 | BA39: =(AY39/1.18)/2 -> 0 | BG39: =(BF39/1.18)/2+((BF39/1.18)*0.18) -> 0 | BH39: =(BF39/1.18)/2 -> 0 | BU39: =(BT39/1.18)/2+((BT39/1.18)*0.18) -> 0 | BV39: =(BT39/1.18)/2 -> 0 | CB39: =(CA39/1.18)/2+((CA39/1.18)*0.18) -> 0 | CC39: =(CA39/1.18)/2 -> 0 | CI39: =(CH39/1.18)/2+((CH39/1.18)*0.18) -> 0 | CJ39: =(CH39/1.18)/2 -> 0 | CP39: =(CO39/1.18)/2+((CO39/1.18)*0.18) -> 0 | CQ39: =(CO39/1.18)/2 -> 0 | CW39: =(CV39/1.18)/2+((CV39/1.18)*0.18) -> 0 | CX39: =(CV39/1.18)/2 -> 0 | DB39: =L39+S39+Z39+AD39+AK39+AY39+BF39+BT39+CA39+CH39+CO39+CV39 -> 0 | DC39: =M39+T39+AA39+AE39+AL39+AZ39+BG39+BU39+CB39+CI39+CP39+CW39 -> 0 | DD39: =N39+U39+AB39+AF39+AM39+BA39+BH39+BV39+CC39+CJ39+CQ39+CX39 -> 0 | DE39: =O39+V39+AG39+AN39+BB39+BI39+BW39+CD39+CK39+CR39+CY39 -> 0 | DF39: =P39+W39+AH39+AO39+BC39+BJ39+BX39+CE39+CL39+CS39+CZ39 -> 0 | DG39: =Q39+X39+AI39+AP39+BD39+BK39+BY39+CF39+CM39+CT39+DA39 -> 0
B40: =B39+1 -> 34 | C40: =+#REF! -> #REF! | D40: K | E40: =#REF! -> #REF! | F40: =SUMIF(#REF!,$E40,#REF!) -> #REF! | G40: =SUMIF(#REF!,$E40,#REF!) -> #REF! | H40: =+G40+F40 -> #REF! | I40: =H40 -> #REF! | M40: =(L40/1.18)/2+((L40/1.18)*0.18) -> 0 | N40: =(L40/1.18)/2 -> 0 | T40: =(S40/1.18)/2+((S40/1.18)*0.18) -> 0 | U40: =(S40/1.18)/2 -> 0 | AA40: =(Z40/1.18)/2+((Z40/1.18)*0.18) -> 0 | AB40: =(Z40/1.18)/2 -> 0 | AE40: =(AD40/1.18)/2+((AD40/1.18)*0.18) -> 0 | AF40: =(AD40/1.18)/2 -> 0 | AL40: =(AK40/1.18)/2+((AK40/1.18)*0.18) -> 0 | AM40: =(AK40/1.18)/2 -> 0 | AZ40: =(AY40/1.18)/2+((AY40/1.18)*0.18) -> 0 | BA40: =(AY40/1.18)/2 -> 0 | BG40: =(BF40/1.18)/2+((BF40/1.18)*0.18) -> 0 | BH40: =(BF40/1.18)/2 -> 0 | BU40: =(BT40/1.18)/2+((BT40/1.18)*0.18) -> 0 | BV40: =(BT40/1.18)/2 -> 0 | CB40: =(CA40/1.18)/2+((CA40/1.18)*0.18) -> 0 | CC40: =(CA40/1.18)/2 -> 0 | CI40: =(CH40/1.18)/2+((CH40/1.18)*0.18) -> 0 | CJ40: =(CH40/1.18)/2 -> 0 | CP40: =(CO40/1.18)/2+((CO40/1.18)*0.18) -> 0 | CQ40: =(CO40/1.18)/2 -> 0 | CW40: =(CV40/1.18)/2+((CV40/1.18)*0.18) -> 0 | CX40: =(CV40/1.18)/2 -> 0 | DB40: =L40+S40+Z40+AD40+AK40+AY40+BF40+BT40+CA40+CH40+CO40+CV40 -> 0 | DC40: =M40+T40+AA40+AE40+AL40+AZ40+BG40+BU40+CB40+CI40+CP40+CW40 -> 0 | DD40: =N40+U40+AB40+AF40+AM40+BA40+BH40+BV40+CC40+CJ40+CQ40+CX40 -> 0 | DE40: =O40+V40+AG40+AN40+BB40+BI40+BW40+CD40+CK40+CR40+CY40 -> 0 | DF40: =P40+W40+AH40+AO40+BC40+BJ40+BX40+CE40+CL40+CS40+CZ40 -> 0 | DG40: =Q40+X40+AI40+AP40+BD40+BK40+BY40+CF40+CM40+CT40+DA40 -> 0
B41: =B40+1 -> 35 | C41: =+#REF! -> #REF! | D41: K | E41: =#REF! -> #REF! | F41: =SUMIF(#REF!,$E41,#REF!) -> #REF! | G41: =SUMIF(#REF!,$E41,#REF!) -> #REF! | H41: =+G41+F41 -> #REF! | I41: =H41 -> #REF! | M41: =(L41/1.18)/2+((L41/1.18)*0.18) -> 0 | N41: =(L41/1.18)/2 -> 0 | T41: =(S41/1.18)/2+((S41/1.18)*0.18) -> 0 | U41: =(S41/1.18)/2 -> 0 | AA41: =(Z41/1.18)/2+((Z41/1.18)*0.18) -> 0 | AB41: =(Z41/1.18)/2 -> 0 | AE41: =(AD41/1.18)/2+((AD41/1.18)*0.18) -> 0 | AF41: =(AD41/1.18)/2 -> 0 | AL41: =(AK41/1.18)/2+((AK41/1.18)*0.18) -> 0 | AM41: =(AK41/1.18)/2 -> 0 | AZ41: =(AY41/1.18)/2+((AY41/1.18)*0.18) -> 0 | BA41: =(AY41/1.18)/2 -> 0 | BG41: =(BF41/1.18)/2+((BF41/1.18)*0.18) -> 0 | BH41: =(BF41/1.18)/2 -> 0 | BU41: =(BT41/1.18)/2+((BT41/1.18)*0.18) -> 0 | BV41: =(BT41/1.18)/2 -> 0 | CB41: =(CA41/1.18)/2+((CA41/1.18)*0.18) -> 0 | CC41: =(CA41/1.18)/2 -> 0 | CI41: =(CH41/1.18)/2+((CH41/1.18)*0.18) -> 0 | CJ41: =(CH41/1.18)/2 -> 0 | CP41: =(CO41/1.18)/2+((CO41/1.18)*0.18) -> 0 | CQ41: =(CO41/1.18)/2 -> 0 | CW41: =(CV41/1.18)/2+((CV41/1.18)*0.18) -> 0 | CX41: =(CV41/1.18)/2 -> 0 | DB41: =L41+S41+Z41+AD41+AK41+AY41+BF41+BT41+CA41+CH41+CO41+CV41 -> 0 | DC41: =M41+T41+AA41+AE41+AL41+AZ41+BG41+BU41+CB41+CI41+CP41+CW41 -> 0 | DD41: =N41+U41+AB41+AF41+AM41+BA41+BH41+BV41+CC41+CJ41+CQ41+CX41 -> 0 | DE41: =O41+V41+AG41+AN41+BB41+BI41+BW41+CD41+CK41+CR41+CY41 -> 0 | DF41: =P41+W41+AH41+AO41+BC41+BJ41+BX41+CE41+CL41+CS41+CZ41 -> 0 | DG41: =Q41+X41+AI41+AP41+BD41+BK41+BY41+CF41+CM41+CT41+DA41 -> 0
B42: =B41+1 -> 36 | C42: =+#REF! -> #REF! | D42: K | E42: =#REF! -> #REF! | F42: =SUMIF(#REF!,$E42,#REF!) -> #REF! | G42: =SUMIF(#REF!,$E42,#REF!) -> #REF! | H42: =+G42+F42 -> #REF! | I42: =H42 -> #REF! | M42: =(L42/1.18)/2+((L42/1.18)*0.18) -> 0 | N42: =(L42/1.18)/2 -> 0 | T42: =(S42/1.18)/2+((S42/1.18)*0.18) -> 0 | U42: =(S42/1.18)/2 -> 0 | AA42: =(Z42/1.18)/2+((Z42/1.18)*0.18) -> 0 | AB42: =(Z42/1.18)/2 -> 0 | AE42: =(AD42/1.18)/2+((AD42/1.18)*0.18) -> 0 | AF42: =(AD42/1.18)/2 -> 0 | AL42: =(AK42/1.18)/2+((AK42/1.18)*0.18) -> 0 | AM42: =(AK42/1.18)/2 -> 0 | AZ42: =(AY42/1.18)/2+((AY42/1.18)*0.18) -> 0 | BA42: =(AY42/1.18)/2 -> 0 | BG42: =(BF42/1.18)/2+((BF42/1.18)*0.18) -> 0 | BH42: =(BF42/1.18)/2 -> 0 | BU42: =(BT42/1.18)/2+((BT42/1.18)*0.18) -> 0 | BV42: =(BT42/1.18)/2 -> 0 | CB42: =(CA42/1.18)/2+((CA42/1.18)*0.18) -> 0 | CC42: =(CA42/1.18)/2 -> 0 | CI42: =(CH42/1.18)/2+((CH42/1.18)*0.18) -> 0 | CJ42: =(CH42/1.18)/2 -> 0 | CP42: =(CO42/1.18)/2+((CO42/1.18)*0.18) -> 0 | CQ42: =(CO42/1.18)/2 -> 0 | CW42: =(CV42/1.18)/2+((CV42/1.18)*0.18) -> 0 | CX42: =(CV42/1.18)/2 -> 0 | DB42: =L42+S42+Z42+AD42+AK42+AY42+BF42+BT42+CA42+CH42+CO42+CV42 -> 0 | DC42: =M42+T42+AA42+AE42+AL42+AZ42+BG42+BU42+CB42+CI42+CP42+CW42 -> 0 | DD42: =N42+U42+AB42+AF42+AM42+BA42+BH42+BV42+CC42+CJ42+CQ42+CX42 -> 0 | DE42: =O42+V42+AG42+AN42+BB42+BI42+BW42+CD42+CK42+CR42+CY42 -> 0 | DF42: =P42+W42+AH42+AO42+BC42+BJ42+BX42+CE42+CL42+CS42+CZ42 -> 0 | DG42: =Q42+X42+AI42+AP42+BD42+BK42+BY42+CF42+CM42+CT42+DA42 -> 0
B43: =B42+1 -> 37 | C43: =+#REF! -> #REF! | D43: K | E43: =#REF! -> #REF! | F43: =SUMIF(#REF!,$E43,#REF!) -> #REF! | G43: =SUMIF(#REF!,$E43,#REF!) -> #REF! | H43: =+G43+F43 -> #REF! | I43: =H43 -> #REF! | M43: =(L43/1.18)/2+((L43/1.18)*0.18) -> 0 | N43: =(L43/1.18)/2 -> 0 | T43: =(S43/1.18)/2+((S43/1.18)*0.18) -> 0 | U43: =(S43/1.18)/2 -> 0 | AA43: =(Z43/1.18)/2+((Z43/1.18)*0.18) -> 0 | AB43: =(Z43/1.18)/2 -> 0 | AE43: =(AD43/1.18)/2+((AD43/1.18)*0.18) -> 0 | AF43: =(AD43/1.18)/2 -> 0 | AL43: =(AK43/1.18)/2+((AK43/1.18)*0.18) -> 0 | AM43: =(AK43/1.18)/2 -> 0 | AZ43: =(AY43/1.18)/2+((AY43/1.18)*0.18) -> 0 | BA43: =(AY43/1.18)/2 -> 0 | BG43: =(BF43/1.18)/2+((BF43/1.18)*0.18) -> 0 | BH43: =(BF43/1.18)/2 -> 0 | BU43: =(BT43/1.18)/2+((BT43/1.18)*0.18) -> 0 | BV43: =(BT43/1.18)/2 -> 0 | CB43: =(CA43/1.18)/2+((CA43/1.18)*0.18) -> 0 | CC43: =(CA43/1.18)/2 -> 0 | CI43: =(CH43/1.18)/2+((CH43/1.18)*0.18) -> 0 | CJ43: =(CH43/1.18)/2 -> 0 | CP43: =(CO43/1.18)/2+((CO43/1.18)*0.18) -> 0 | CQ43: =(CO43/1.18)/2 -> 0 | CW43: =(CV43/1.18)/2+((CV43/1.18)*0.18) -> 0 | CX43: =(CV43/1.18)/2 -> 0 | DB43: =L43+S43+Z43+AD43+AK43+AY43+BF43+BT43+CA43+CH43+CO43+CV43 -> 0 | DC43: =M43+T43+AA43+AE43+AL43+AZ43+BG43+BU43+CB43+CI43+CP43+CW43 -> 0 | DD43: =N43+U43+AB43+AF43+AM43+BA43+BH43+BV43+CC43+CJ43+CQ43+CX43 -> 0 | DE43: =O43+V43+AG43+AN43+BB43+BI43+BW43+CD43+CK43+CR43+CY43 -> 0 | DF43: =P43+W43+AH43+AO43+BC43+BJ43+BX43+CE43+CL43+CS43+CZ43 -> 0 | DG43: =Q43+X43+AI43+AP43+BD43+BK43+BY43+CF43+CM43+CT43+DA43 -> 0
B44: =B43+1 -> 38 | C44: =+#REF! -> #REF! | D44: K | E44: =#REF! -> #REF! | F44: =SUMIF(#REF!,$E44,#REF!) -> #REF! | G44: =SUMIF(#REF!,$E44,#REF!) -> #REF! | H44: =+G44+F44 -> #REF! | I44: =H44 -> #REF! | M44: =(L44/1.18)/2+((L44/1.18)*0.18) -> 0 | N44: =(L44/1.18)/2 -> 0 | T44: =(S44/1.18)/2+((S44/1.18)*0.18) -> 0 | U44: =(S44/1.18)/2 -> 0 | AA44: =(Z44/1.18)/2+((Z44/1.18)*0.18) -> 0 | AB44: =(Z44/1.18)/2 -> 0 | AE44: =(AD44/1.18)/2+((AD44/1.18)*0.18) -> 0 | AF44: =(AD44/1.18)/2 -> 0 | AL44: =(AK44/1.18)/2+((AK44/1.18)*0.18) -> 0 | AM44: =(AK44/1.18)/2 -> 0 | AZ44: =(AY44/1.18)/2+((AY44/1.18)*0.18) -> 0 | BA44: =(AY44/1.18)/2 -> 0 | BG44: =(BF44/1.18)/2+((BF44/1.18)*0.18) -> 0 | BH44: =(BF44/1.18)/2 -> 0 | BU44: =(BT44/1.18)/2+((BT44/1.18)*0.18) -> 0 | BV44: =(BT44/1.18)/2 -> 0 | CB44: =(CA44/1.18)/2+((CA44/1.18)*0.18) -> 0 | CC44: =(CA44/1.18)/2 -> 0 | CI44: =(CH44/1.18)/2+((CH44/1.18)*0.18) -> 0 | CJ44: =(CH44/1.18)/2 -> 0 | CP44: =(CO44/1.18)/2+((CO44/1.18)*0.18) -> 0 | CQ44: =(CO44/1.18)/2 -> 0 | CW44: =(CV44/1.18)/2+((CV44/1.18)*0.18) -> 0 | CX44: =(CV44/1.18)/2 -> 0 | DB44: =L44+S44+Z44+AD44+AK44+AY44+BF44+BT44+CA44+CH44+CO44+CV44 -> 0 | DC44: =M44+T44+AA44+AE44+AL44+AZ44+BG44+BU44+CB44+CI44+CP44+CW44 -> 0 | DD44: =N44+U44+AB44+AF44+AM44+BA44+BH44+BV44+CC44+CJ44+CQ44+CX44 -> 0 | DE44: =O44+V44+AG44+AN44+BB44+BI44+BW44+CD44+CK44+CR44+CY44 -> 0 | DF44: =P44+W44+AH44+AO44+BC44+BJ44+BX44+CE44+CL44+CS44+CZ44 -> 0 | DG44: =Q44+X44+AI44+AP44+BD44+BK44+BY44+CF44+CM44+CT44+DA44 -> 0
B45: =B44+1 -> 39 | C45: =+#REF! -> #REF! | D45: K | E45: =#REF! -> #REF! | F45: =SUMIF(#REF!,$E45,#REF!) -> #REF! | G45: =SUMIF(#REF!,$E45,#REF!) -> #REF! | H45: =+G45+F45 -> #REF! | I45: =H45 -> #REF! | M45: =(L45/1.18)/2+((L45/1.18)*0.18) -> 0 | N45: =(L45/1.18)/2 -> 0 | T45: =(S45/1.18)/2+((S45/1.18)*0.18) -> 0 | U45: =(S45/1.18)/2 -> 0 | AA45: =(Z45/1.18)/2+((Z45/1.18)*0.18) -> 0 | AB45: =(Z45/1.18)/2 -> 0 | AE45: =(AD45/1.18)/2+((AD45/1.18)*0.18) -> 0 | AF45: =(AD45/1.18)/2 -> 0 | AL45: =(AK45/1.18)/2+((AK45/1.18)*0.18) -> 0 | AM45: =(AK45/1.18)/2 -> 0 | AZ45: =(AY45/1.18)/2+((AY45/1.18)*0.18) -> 0 | BA45: =(AY45/1.18)/2 -> 0 | BG45: =(BF45/1.18)/2+((BF45/1.18)*0.18) -> 0 | BH45: =(BF45/1.18)/2 -> 0 | BU45: =(BT45/1.18)/2+((BT45/1.18)*0.18) -> 0 | BV45: =(BT45/1.18)/2 -> 0 | CB45: =(CA45/1.18)/2+((CA45/1.18)*0.18) -> 0 | CC45: =(CA45/1.18)/2 -> 0 | CI45: =(CH45/1.18)/2+((CH45/1.18)*0.18) -> 0 | CJ45: =(CH45/1.18)/2 -> 0 | CP45: =(CO45/1.18)/2+((CO45/1.18)*0.18) -> 0 | CQ45: =(CO45/1.18)/2 -> 0 | CW45: =(CV45/1.18)/2+((CV45/1.18)*0.18) -> 0 | CX45: =(CV45/1.18)/2 -> 0 | DB45: =L45+S45+Z45+AD45+AK45+AY45+BF45+BT45+CA45+CH45+CO45+CV45 -> 0 | DC45: =M45+T45+AA45+AE45+AL45+AZ45+BG45+BU45+CB45+CI45+CP45+CW45 -> 0 | DD45: =N45+U45+AB45+AF45+AM45+BA45+BH45+BV45+CC45+CJ45+CQ45+CX45 -> 0 | DE45: =O45+V45+AG45+AN45+BB45+BI45+BW45+CD45+CK45+CR45+CY45 -> 0 | DF45: =P45+W45+AH45+AO45+BC45+BJ45+BX45+CE45+CL45+CS45+CZ45 -> 0 | DG45: =Q45+X45+AI45+AP45+BD45+BK45+BY45+CF45+CM45+CT45+DA45 -> 0
B46: =B45+1 -> 40 | C46: =+#REF! -> #REF! | D46: K | E46: =#REF! -> #REF! | F46: =SUMIF(#REF!,$E46,#REF!) -> #REF! | G46: =SUMIF(#REF!,$E46,#REF!) -> #REF! | H46: =+G46+F46 -> #REF! | I46: =H46 -> #REF! | M46: =(L46/1.18)/2+((L46/1.18)*0.18) -> 0 | N46: =(L46/1.18)/2 -> 0 | T46: =(S46/1.18)/2+((S46/1.18)*0.18) -> 0 | U46: =(S46/1.18)/2 -> 0 | AA46: =(Z46/1.18)/2+((Z46/1.18)*0.18) -> 0 | AB46: =(Z46/1.18)/2 -> 0 | AE46: =(AD46/1.18)/2+((AD46/1.18)*0.18) -> 0 | AF46: =(AD46/1.18)/2 -> 0 | AL46: =(AK46/1.18)/2+((AK46/1.18)*0.18) -> 0 | AM46: =(AK46/1.18)/2 -> 0 | AZ46: =(AY46/1.18)/2+((AY46/1.18)*0.18) -> 0 | BA46: =(AY46/1.18)/2 -> 0 | BG46: =(BF46/1.18)/2+((BF46/1.18)*0.18) -> 0 | BH46: =(BF46/1.18)/2 -> 0 | BU46: =(BT46/1.18)/2+((BT46/1.18)*0.18) -> 0 | BV46: =(BT46/1.18)/2 -> 0 | CB46: =(CA46/1.18)/2+((CA46/1.18)*0.18) -> 0 | CI46: =(CH46/1.18)/2+((CH46/1.18)*0.18) -> 0 | CJ46: =(CH46/1.18)/2 -> 0 | CP46: =(CO46/1.18)/2+((CO46/1.18)*0.18) -> 0 | CQ46: =(CO46/1.18)/2 -> 0 | CW46: =(CV46/1.18)/2+((CV46/1.18)*0.18) -> 0 | CX46: =(CV46/1.18)/2 -> 0 | DB46: =L46+S46+Z46+AD46+AK46+AY46+BF46+BT46+CA46+CH46+CO46+CV46 -> 0 | DC46: =M46+T46+AA46+AE46+AL46+AZ46+BG46+BU46+CB46+CI46+CP46+CW46 -> 0 | DD46: =N46+U46+AB46+AF46+AM46+BA46+BH46+BV46+CC46+CJ46+CQ46+CX46 -> 0 | DE46: =O46+V46+AG46+AN46+BB46+BI46+BW46+CD46+CK46+CR46+CY46 -> 0 | DF46: =P46+W46+AH46+AO46+BC46+BJ46+BX46+CE46+CL46+CS46+CZ46 -> 0 | DG46: =Q46+X46+AI46+AP46+BD46+BK46+BY46+CF46+CM46+CT46+DA46 -> 0
B47: =B46+1 -> 41 | C47: =+#REF! -> #REF! | D47: K | E47: =#REF! -> #REF! | F47: =SUMIF(#REF!,$E47,#REF!) -> #REF! | G47: =SUMIF(#REF!,$E47,#REF!) -> #REF! | H47: =+G47+F47 -> #REF! | I47: =H47 -> #REF! | M47: =(L47/1.18)/2+((L47/1.18)*0.18) -> 0 | N47: =(L47/1.18)/2 -> 0 | T47: =(S47/1.18)/2+((S47/1.18)*0.18) -> 0 | U47: =(S47/1.18)/2 -> 0 | AA47: =(Z47/1.18)/2+((Z47/1.18)*0.18) -> 0 | AB47: =(Z47/1.18)/2 -> 0 | AE47: =(AD47/1.18)/2+((AD47/1.18)*0.18) -> 0 | AF47: =(AD47/1.18)/2 -> 0 | AL47: =(AK47/1.18)/2+((AK47/1.18)*0.18) -> 0 | AM47: =(AK47/1.18)/2 -> 0 | AZ47: =(AY47/1.18)/2+((AY47/1.18)*0.18) -> 0 | BA47: =(AY47/1.18)/2 -> 0 | BG47: =(BF47/1.18)/2+((BF47/1.18)*0.18) -> 0 | BH47: =(BF47/1.18)/2 -> 0 | BU47: =(BT47/1.18)/2+((BT47/1.18)*0.18) -> 0 | BV47: =(BT47/1.18)/2 -> 0 | CB47: =(CA47/1.18)/2+((CA47/1.18)*0.18) -> 0 | CC47: =(CA47/1.18)/2 -> 0 | CI47: =(CH47/1.18)/2+((CH47/1.18)*0.18) -> 0 | CJ47: =(CH47/1.18)/2 -> 0 | CP47: =(CO47/1.18)/2+((CO47/1.18)*0.18) -> 0 | CQ47: =(CO47/1.18)/2 -> 0 | CW47: =(CV47/1.18)/2+((CV47/1.18)*0.18) -> 0 | CX47: =(CV47/1.18)/2 -> 0 | DB47: =L47+S47+Z47+AD47+AK47+AY47+BF47+BT47+CA47+CH47+CO47+CV47 -> 0 | DC47: =M47+T47+AA47+AE47+AL47+AZ47+BG47+BU47+CB47+CI47+CP47+CW47 -> 0 | DD47: =N47+U47+AB47+AF47+AM47+BA47+BH47+BV47+CC47+CJ47+CQ47+CX47 -> 0 | DE47: =O47+V47+AG47+AN47+BB47+BI47+BW47+CD47+CK47+CR47+CY47 -> 0 | DF47: =P47+W47+AH47+AO47+BC47+BJ47+BX47+CE47+CL47+CS47+CZ47 -> 0 | DG47: =Q47+X47+AI47+AP47+BD47+BK47+BY47+CF47+CM47+CT47+DA47 -> 0
B48: =B47+1 -> 42 | C48: =+#REF! -> #REF! | D48: K | E48: =#REF! -> #REF! | F48: =SUMIF(#REF!,$E48,#REF!) -> #REF! | G48: =SUMIF(#REF!,$E48,#REF!) -> #REF! | H48: =+G48+F48 -> #REF! | I48: =H48 -> #REF! | M48: =(L48/1.18)/2+((L48/1.18)*0.18) -> 0 | N48: =(L48/1.18)/2 -> 0 | T48: =(S48/1.18)/2+((S48/1.18)*0.18) -> 0 | U48: =(S48/1.18)/2 -> 0 | AA48: =(Z48/1.18)/2+((Z48/1.18)*0.18) -> 0 | AB48: =(Z48/1.18)/2 -> 0 | AE48: =(AD48/1.18)/2+((AD48/1.18)*0.18) -> 0 | AF48: =(AD48/1.18)/2 -> 0 | AL48: =(AK48/1.18)/2+((AK48/1.18)*0.18) -> 0 | AM48: =(AK48/1.18)/2 -> 0 | AZ48: =(AY48/1.18)/2+((AY48/1.18)*0.18) -> 0 | BA48: =(AY48/1.18)/2 -> 0 | BG48: =(BF48/1.18)/2+((BF48/1.18)*0.18) -> 0 | BH48: =(BF48/1.18)/2 -> 0 | BU48: =(BT48/1.18)/2+((BT48/1.18)*0.18) -> 0 | BV48: =(BT48/1.18)/2 -> 0 | CB48: =(CA48/1.18)/2+((CA48/1.18)*0.18) -> 0 | CC48: =(CA48/1.18)/2 -> 0 | CI48: =(CH48/1.18)/2+((CH48/1.18)*0.18) -> 0 | CJ48: =(CH48/1.18)/2 -> 0 | CP48: =(CO48/1.18)/2+((CO48/1.18)*0.18) -> 0 | CQ48: =(CO48/1.18)/2 -> 0 | CW48: =(CV48/1.18)/2+((CV48/1.18)*0.18) -> 0 | CX48: =(CV48/1.18)/2 -> 0 | DB48: =L48+S48+Z48+AD48+AK48+AY48+BF48+BT48+CA48+CH48+CO48+CV48 -> 0 | DC48: =M48+T48+AA48+AE48+AL48+AZ48+BG48+BU48+CB48+CI48+CP48+CW48 -> 0 | DD48: =N48+U48+AB48+AF48+AM48+BA48+BH48+BV48+CC48+CJ48+CQ48+CX48 -> 0 | DE48: =O48+V48+AG48+AN48+BB48+BI48+BW48+CD48+CK48+CR48+CY48 -> 0 | DF48: =P48+W48+AH48+AO48+BC48+BJ48+BX48+CE48+CL48+CS48+CZ48 -> 0 | DG48: =Q48+X48+AI48+AP48+BD48+BK48+BY48+CF48+CM48+CT48+DA48 -> 0
B49: =B48+1 -> 43 | C49: =+#REF! -> #REF! | D49: K | E49: =#REF! -> #REF! | F49: =SUMIF(#REF!,$E49,#REF!) -> #REF! | G49: =SUMIF(#REF!,$E49,#REF!) -> #REF! | H49: =+G49+F49 -> #REF! | I49: =H49 -> #REF! | M49: =(L49/1.18)/2+((L49/1.18)*0.18) -> 0 | N49: =(L49/1.18)/2 -> 0 | T49: =(S49/1.18)/2+((S49/1.18)*0.18) -> 0 | U49: =(S49/1.18)/2 -> 0 | AA49: =(Z49/1.18)/2+((Z49/1.18)*0.18) -> 0 | AB49: =(Z49/1.18)/2 -> 0 | AE49: =(AD49/1.18)/2+((AD49/1.18)*0.18) -> 0 | AF49: =(AD49/1.18)/2 -> 0 | AL49: =(AK49/1.18)/2+((AK49/1.18)*0.18) -> 0 | AM49: =(AK49/1.18)/2 -> 0 | AZ49: =(AY49/1.18)/2+((AY49/1.18)*0.18) -> 0 | BA49: =(AY49/1.18)/2 -> 0 | BG49: =(BF49/1.18)/2+((BF49/1.18)*0.18) -> 0 | BH49: =(BF49/1.18)/2 -> 0 | BU49: =(BT49/1.18)/2+((BT49/1.18)*0.18) -> 0 | BV49: =(BT49/1.18)/2 -> 0 | CB49: =(CA49/1.18)/2+((CA49/1.18)*0.18) -> 0 | CC49: =(CA49/1.18)/2 -> 0 | CI49: =(CH49/1.18)/2+((CH49/1.18)*0.18) -> 0 | CJ49: =(CH49/1.18)/2 -> 0 | CP49: =(CO49/1.18)/2+((CO49/1.18)*0.18) -> 0 | CQ49: =(CO49/1.18)/2 -> 0 | CW49: =(CV49/1.18)/2+((CV49/1.18)*0.18) -> 0 | CX49: =(CV49/1.18)/2 -> 0 | DB49: =L49+S49+Z49+AD49+AK49+AY49+BF49+BT49+CA49+CH49+CO49+CV49 -> 0 | DC49: =M49+T49+AA49+AE49+AL49+AZ49+BG49+BU49+CB49+CI49+CP49+CW49 -> 0 | DD49: =N49+U49+AB49+AF49+AM49+BA49+BH49+BV49+CC49+CJ49+CQ49+CX49 -> 0 | DE49: =O49+V49+AG49+AN49+BB49+BI49+BW49+CD49+CK49+CR49+CY49 -> 0 | DF49: =P49+W49+AH49+AO49+BC49+BJ49+BX49+CE49+CL49+CS49+CZ49 -> 0 | DG49: =Q49+X49+AI49+AP49+BD49+BK49+BY49+CF49+CM49+CT49+DA49 -> 0
B50: =B49+1 -> 44 | C50: =+#REF! -> #REF! | D50: K | E50: =#REF! -> #REF! | F50: =SUMIF(#REF!,$E50,#REF!) -> #REF! | G50: =SUMIF(#REF!,$E50,#REF!) -> #REF! | H50: =+G50+F50 -> #REF! | I50: =H50 -> #REF! | M50: =(L50/1.18)/2+((L50/1.18)*0.18) -> 0 | N50: =(L50/1.18)/2 -> 0 | T50: =(S50/1.18)/2+((S50/1.18)*0.18) -> 0 | U50: =(S50/1.18)/2 -> 0 | AA50: =(Z50/1.18)/2+((Z50/1.18)*0.18) -> 0 | AB50: =(Z50/1.18)/2 -> 0 | AE50: =(AD50/1.18)/2+((AD50/1.18)*0.18) -> 0 | AF50: =(AD50/1.18)/2 -> 0 | AL50: =(AK50/1.18)/2+((AK50/1.18)*0.18) -> 0 | AM50: =(AK50/1.18)/2 -> 0 | AZ50: =(AY50/1.18)/2+((AY50/1.18)*0.18) -> 0 | BA50: =(AY50/1.18)/2 -> 0 | BG50: =(BF50/1.18)/2+((BF50/1.18)*0.18) -> 0 | BH50: =(BF50/1.18)/2 -> 0 | BU50: =(BT50/1.18)/2+((BT50/1.18)*0.18) -> 0 | BV50: =(BT50/1.18)/2 -> 0 | CB50: =(CA50/1.18)/2+((CA50/1.18)*0.18) -> 0 | CC50: =(CA50/1.18)/2 -> 0 | CI50: =(CH50/1.18)/2+((CH50/1.18)*0.18) -> 0 | CJ50: =(CH50/1.18)/2 -> 0 | CP50: =(CO50/1.18)/2+((CO50/1.18)*0.18) -> 0 | CQ50: =(CO50/1.18)/2 -> 0 | CW50: =(CV50/1.18)/2+((CV50/1.18)*0.18) -> 0 | CX50: =(CV50/1.18)/2 -> 0 | DB50: =L50+S50+Z50+AD50+AK50+AY50+BF50+BT50+CA50+CH50+CO50+CV50 -> 0 | DC50: =M50+T50+AA50+AE50+AL50+AZ50+BG50+BU50+CB50+CI50+CP50+CW50 -> 0 | DD50: =N50+U50+AB50+AF50+AM50+BA50+BH50+BV50+CC50+CJ50+CQ50+CX50 -> 0 | DE50: =O50+V50+AG50+AN50+BB50+BI50+BW50+CD50+CK50+CR50+CY50 -> 0 | DF50: =P50+W50+AH50+AO50+BC50+BJ50+BX50+CE50+CL50+CS50+CZ50 -> 0 | DG50: =Q50+X50+AI50+AP50+BD50+BK50+BY50+CF50+CM50+CT50+DA50 -> 0
B51: =B50+1 -> 45 | C51: =+#REF! -> #REF! | D51: T | E51: =#REF! -> #REF! | F51: =SUMIF(#REF!,$E51,#REF!) -> #REF! | G51: =SUMIF(#REF!,$E51,#REF!) -> #REF! | H51: =+G51+F51 -> #REF! | I51: =H51 -> #REF! | M51: =(L51/1.18)/2+((L51/1.18)*0.18) -> 0 | N51: =(L51/1.18)/2 -> 0 | T51: =(S51/1.18)/2+((S51/1.18)*0.18) -> 0 | U51: =(S51/1.18)/2 -> 0 | AA51: =(Z51/1.18)/2+((Z51/1.18)*0.18) -> 0 | AB51: =(Z51/1.18)/2 -> 0 | AE51: =(AD51/1.18)/2+((AD51/1.18)*0.18) -> 0 | AF51: =(AD51/1.18)/2 -> 0 | AL51: =(AK51/1.18)/2+((AK51/1.18)*0.18) -> 0 | AM51: =(AK51/1.18)/2 -> 0 | AZ51: =(AY51/1.18)/2+((AY51/1.18)*0.18) -> 0 | BA51: =(AY51/1.18)/2 -> 0 | BG51: =(BF51/1.18)/2+((BF51/1.18)*0.18) -> 0 | BH51: =(BF51/1.18)/2 -> 0 | BU51: =(BT51/1.18)/2+((BT51/1.18)*0.18) -> 0 | BV51: =(BT51/1.18)/2 -> 0 | CB51: =(CA51/1.18)/2+((CA51/1.18)*0.18) -> 0 | CC51: =(CA51/1.18)/2 -> 0 | CI51: =(CH51/1.18)/2+((CH51/1.18)*0.18) -> 0 | CJ51: =(CH51/1.18)/2 -> 0 | CP51: =(CO51/1.18)/2+((CO51/1.18)*0.18) -> 0 | CQ51: =(CO51/1.18)/2 -> 0 | CW51: =(CV51/1.18)/2+((CV51/1.18)*0.18) -> 0 | CX51: =(CV51/1.18)/2 -> 0 | DB51: =L51+S51+Z51+AD51+AK51+AY51+BF51+BT51+CA51+CH51+CO51+CV51 -> 0 | DC51: =M51+T51+AA51+AE51+AL51+AZ51+BG51+BU51+CB51+CI51+CP51+CW51 -> 0 | DD51: =N51+U51+AB51+AF51+AM51+BA51+BH51+BV51+CC51+CJ51+CQ51+CX51 -> 0 | DE51: =O51+V51+AG51+AN51+BB51+BI51+BW51+CD51+CK51+CR51+CY51 -> 0 | DF51: =P51+W51+AH51+AO51+BC51+BJ51+BX51+CE51+CL51+CS51+CZ51 -> 0 | DG51: =Q51+X51+AI51+AP51+BD51+BK51+BY51+CF51+CM51+CT51+DA51 -> 0
B52: =B51+1 -> 46 | C52: =+#REF! -> #REF! | D52: T | E52: =#REF! -> #REF! | F52: =SUMIF(#REF!,$E52,#REF!) -> #REF! | G52: =SUMIF(#REF!,$E52,#REF!) -> #REF! | H52: =+G52+F52 -> #REF! | I52: =H52 -> #REF! | M52: =(L52/1.18)/2+((L52/1.18)*0.18) -> 0 | N52: =(L52/1.18)/2 -> 0 | T52: =(S52/1.18)/2+((S52/1.18)*0.18) -> 0 | U52: =(S52/1.18)/2 -> 0 | AA52: =(Z52/1.18)/2+((Z52/1.18)*0.18) -> 0 | AB52: =(Z52/1.18)/2 -> 0 | AE52: =(AD52/1.18)/2+((AD52/1.18)*0.18) -> 0 | AF52: =(AD52/1.18)/2 -> 0 | AL52: =(AK52/1.18)/2+((AK52/1.18)*0.18) -> 0 | AM52: =(AK52/1.18)/2 -> 0 | AZ52: =(AY52/1.18)/2+((AY52/1.18)*0.18) -> 0 | BA52: =(AY52/1.18)/2 -> 0 | BG52: =(BF52/1.18)/2+((BF52/1.18)*0.18) -> 0 | BH52: =(BF52/1.18)/2 -> 0 | BU52: =(BT52/1.18)/2+((BT52/1.18)*0.18) -> 0 | BV52: =(BT52/1.18)/2 -> 0 | CB52: =(CA52/1.18)/2+((CA52/1.18)*0.18) -> 0 | CC52: =(CA52/1.18)/2 -> 0 | CI52: =(CH52/1.18)/2+((CH52/1.18)*0.18) -> 0 | CJ52: =(CH52/1.18)/2 -> 0 | CP52: =(CO52/1.18)/2+((CO52/1.18)*0.18) -> 0 | CQ52: =(CO52/1.18)/2 -> 0 | CW52: =(CV52/1.18)/2+((CV52/1.18)*0.18) -> 0 | CX52: =(CV52/1.18)/2 -> 0 | DB52: =L52+S52+Z52+AD52+AK52+AY52+BF52+BT52+CA52+CH52+CO52+CV52 -> 0 | DC52: =M52+T52+AA52+AE52+AL52+AZ52+BG52+BU52+CB52+CI52+CP52+CW52 -> 0 | DD52: =N52+U52+AB52+AF52+AM52+BA52+BH52+BV52+CC52+CJ52+CQ52+CX52 -> 0 | DE52: =O52+V52+AG52+AN52+BB52+BI52+BW52+CD52+CK52+CR52+CY52 -> 0 | DF52: =P52+W52+AH52+AO52+BC52+BJ52+BX52+CE52+CL52+CS52+CZ52 -> 0 | DG52: =Q52+X52+AI52+AP52+BD52+BK52+BY52+CF52+CM52+CT52+DA52 -> 0
B53: =B52+1 -> 47 | C53: =+#REF! -> #REF! | D53: T | E53: =#REF! -> #REF! | F53: =SUMIF(#REF!,$E53,#REF!) -> #REF! | G53: =SUMIF(#REF!,$E53,#REF!) -> #REF! | H53: =+G53+F53 -> #REF! | I53: =H53 -> #REF! | M53: =(L53/1.18)/2+((L53/1.18)*0.18) -> 0 | N53: =(L53/1.18)/2 -> 0 | T53: =(S53/1.18)/2+((S53/1.18)*0.18) -> 0 | U53: =(S53/1.18)/2 -> 0 | AA53: =(Z53/1.18)/2+((Z53/1.18)*0.18) -> 0 | AB53: =(Z53/1.18)/2 -> 0 | AE53: =(AD53/1.18)/2+((AD53/1.18)*0.18) -> 0 | AF53: =(AD53/1.18)/2 -> 0 | AL53: =(AK53/1.18)/2+((AK53/1.18)*0.18) -> 0 | AM53: =(AK53/1.18)/2 -> 0 | AZ53: =(AY53/1.18)/2+((AY53/1.18)*0.18) -> 0 | BA53: =(AY53/1.18)/2 -> 0 | BG53: =(BF53/1.18)/2+((BF53/1.18)*0.18) -> 0 | BH53: =(BF53/1.18)/2 -> 0 | BU53: =(BT53/1.18)/2+((BT53/1.18)*0.18) -> 0 | BV53: =(BT53/1.18)/2 -> 0 | CB53: =(CA53/1.18)/2+((CA53/1.18)*0.18) -> 0 | CC53: =(CA53/1.18)/2 -> 0 | CI53: =(CH53/1.18)/2+((CH53/1.18)*0.18) -> 0 | CJ53: =(CH53/1.18)/2 -> 0 | CP53: =(CO53/1.18)/2+((CO53/1.18)*0.18) -> 0 | CQ53: =(CO53/1.18)/2 -> 0 | CW53: =(CV53/1.18)/2+((CV53/1.18)*0.18) -> 0 | CX53: =(CV53/1.18)/2 -> 0 | DB53: =L53+S53+Z53+AD53+AK53+AY53+BF53+BT53+CA53+CH53+CO53+CV53 -> 0 | DC53: =M53+T53+AA53+AE53+AL53+AZ53+BG53+BU53+CB53+CI53+CP53+CW53 -> 0 | DD53: =N53+U53+AB53+AF53+AM53+BA53+BH53+BV53+CC53+CJ53+CQ53+CX53 -> 0 | DE53: =O53+V53+AG53+AN53+BB53+BI53+BW53+CD53+CK53+CR53+CY53 -> 0 | DF53: =P53+W53+AH53+AO53+BC53+BJ53+BX53+CE53+CL53+CS53+CZ53 -> 0 | DG53: =Q53+X53+AI53+AP53+BD53+BK53+BY53+CF53+CM53+CT53+DA53 -> 0
B54: =B53+1 -> 48 | C54: =+#REF! -> #REF! | D54: K | E54: =#REF! -> #REF! | F54: =SUMIF(#REF!,$E54,#REF!) -> #REF! | G54: =SUMIF(#REF!,$E54,#REF!) -> #REF! | H54: =+G54+F54 -> #REF! | I54: =H54 -> #REF! | M54: =(L54/1.18)/2+((L54/1.18)*0.18) -> 0 | N54: =(L54/1.18)/2 -> 0 | T54: =(S54/1.18)/2+((S54/1.18)*0.18) -> 0 | U54: =(S54/1.18)/2 -> 0 | AA54: =(Z54/1.18)/2+((Z54/1.18)*0.18) -> 0 | AB54: =(Z54/1.18)/2 -> 0 | AE54: =(AD54/1.18)/2+((AD54/1.18)*0.18) -> 0 | AF54: =(AD54/1.18)/2 -> 0 | AL54: =(AK54/1.18)/2+((AK54/1.18)*0.18) -> 0 | AM54: =(AK54/1.18)/2 -> 0 | AZ54: =(AY54/1.18)/2+((AY54/1.18)*0.18) -> 0 | BA54: =(AY54/1.18)/2 -> 0 | BG54: =(BF54/1.18)/2+((BF54/1.18)*0.18) -> 0 | BH54: =(BF54/1.18)/2 -> 0 | BU54: =(BT54/1.18)/2+((BT54/1.18)*0.18) -> 0 | BV54: =(BT54/1.18)/2 -> 0 | CB54: =(CA54/1.18)/2+((CA54/1.18)*0.18) -> 0 | CC54: =(CA54/1.18)/2 -> 0 | CI54: =(CH54/1.18)/2+((CH54/1.18)*0.18) -> 0 | CJ54: =(CH54/1.18)/2 -> 0 | CP54: =(CO54/1.18)/2+((CO54/1.18)*0.18) -> 0 | CQ54: =(CO54/1.18)/2 -> 0 | CW54: =(CV54/1.18)/2+((CV54/1.18)*0.18) -> 0 | CX54: =(CV54/1.18)/2 -> 0 | DB54: =L54+S54+Z54+AD54+AK54+AY54+BF54+BT54+CA54+CH54+CO54+CV54 -> 0 | DC54: =M54+T54+AA54+AE54+AL54+AZ54+BG54+BU54+CB54+CI54+CP54+CW54 -> 0 | DD54: =N54+U54+AB54+AF54+AM54+BA54+BH54+BV54+CC54+CJ54+CQ54+CX54 -> 0 | DE54: =O54+V54+AG54+AN54+BB54+BI54+BW54+CD54+CK54+CR54+CY54 -> 0 | DF54: =P54+W54+AH54+AO54+BC54+BJ54+BX54+CE54+CL54+CS54+CZ54 -> 0 | DG54: =Q54+X54+AI54+AP54+BD54+BK54+BY54+CF54+CM54+CT54+DA54 -> 0
B55: =B54+1 -> 49 | C55: =+#REF! -> #REF! | D55: K | E55: =#REF! -> #REF! | F55: =SUMIF(#REF!,$E55,#REF!) -> #REF! | G55: =SUMIF(#REF!,$E55,#REF!) -> #REF! | H55: =+G55+F55 -> #REF! | I55: =H55 -> #REF! | M55: =(L55/1.18)/2+((L55/1.18)*0.18) -> 0 | N55: =(L55/1.18)/2 -> 0 | T55: =(S55/1.18)/2+((S55/1.18)*0.18) -> 0 | U55: =(S55/1.18)/2 -> 0 | AA55: =(Z55/1.18)/2+((Z55/1.18)*0.18) -> 0 | AB55: =(Z55/1.18)/2 -> 0 | AE55: =(AD55/1.18)/2+((AD55/1.18)*0.18) -> 0 | AF55: =(AD55/1.18)/2 -> 0 | AL55: =(AK55/1.18)/2+((AK55/1.18)*0.18) -> 0 | AM55: =(AK55/1.18)/2 -> 0 | AZ55: =(AY55/1.18)/2+((AY55/1.18)*0.18) -> 0 | BA55: =(AY55/1.18)/2 -> 0 | BG55: =(BF55/1.18)/2+((BF55/1.18)*0.18) -> 0 | BH55: =(BF55/1.18)/2 -> 0 | BU55: =(BT55/1.18)/2+((BT55/1.18)*0.18) -> 0 | BV55: =(BT55/1.18)/2 -> 0 | CB55: =(CA55/1.18)/2+((CA55/1.18)*0.18) -> 0 | CC55: =(CA55/1.18)/2 -> 0 | CI55: =(CH55/1.18)/2+((CH55/1.18)*0.18) -> 0 | CJ55: =(CH55/1.18)/2 -> 0 | CP55: =(CO55/1.18)/2+((CO55/1.18)*0.18) -> 0 | CQ55: =(CO55/1.18)/2 -> 0 | CW55: =(CV55/1.18)/2+((CV55/1.18)*0.18) -> 0 | CX55: =(CV55/1.18)/2 -> 0 | DB55: =L55+S55+Z55+AD55+AK55+AY55+BF55+BT55+CA55+CH55+CO55+CV55 -> 0 | DC55: =M55+T55+AA55+AE55+AL55+AZ55+BG55+BU55+CB55+CI55+CP55+CW55 -> 0 | DD55: =N55+U55+AB55+AF55+AM55+BA55+BH55+BV55+CC55+CJ55+CQ55+CX55 -> 0 | DE55: =O55+V55+AG55+AN55+BB55+BI55+BW55+CD55+CK55+CR55+CY55 -> 0 | DF55: =P55+W55+AH55+AO55+BC55+BJ55+BX55+CE55+CL55+CS55+CZ55 -> 0 | DG55: =Q55+X55+AI55+AP55+BD55+BK55+BY55+CF55+CM55+CT55+DA55 -> 0
B56: =B55+1 -> 50 | C56: =+#REF! -> #REF! | D56: K | E56: =#REF! -> #REF! | F56: =SUMIF(#REF!,$E56,#REF!) -> #REF! | G56: =SUMIF(#REF!,$E56,#REF!) -> #REF! | H56: =+G56+F56 -> #REF! | I56: =H56 -> #REF! | M56: =(L56/1.18)/2+((L56/1.18)*0.18) -> 0 | N56: =(L56/1.18)/2 -> 0 | T56: =(S56/1.18)/2+((S56/1.18)*0.18) -> 0 | U56: =(S56/1.18)/2 -> 0 | AA56: =(Z56/1.18)/2+((Z56/1.18)*0.18) -> 0 | AB56: =(Z56/1.18)/2 -> 0 | AE56: =(AD56/1.18)/2+((AD56/1.18)*0.18) -> 0 | AF56: =(AD56/1.18)/2 -> 0 | AL56: =(AK56/1.18)/2+((AK56/1.18)*0.18) -> 0 | AM56: =(AK56/1.18)/2 -> 0 | AZ56: =(AY56/1.18)/2+((AY56/1.18)*0.18) -> 0 | BA56: =(AY56/1.18)/2 -> 0 | BG56: =(BF56/1.18)/2+((BF56/1.18)*0.18) -> 0 | BH56: =(BF56/1.18)/2 -> 0 | BU56: =(BT56/1.18)/2+((BT56/1.18)*0.18) -> 0 | BV56: =(BT56/1.18)/2 -> 0 | CB56: =(CA56/1.18)/2+((CA56/1.18)*0.18) -> 0 | CC56: =(CA56/1.18)/2 -> 0 | CI56: =(CH56/1.18)/2+((CH56/1.18)*0.18) -> 0 | CJ56: =(CH56/1.18)/2 -> 0 | CP56: =(CO56/1.18)/2+((CO56/1.18)*0.18) -> 0 | CQ56: =(CO56/1.18)/2 -> 0 | CW56: =(CV56/1.18)/2+((CV56/1.18)*0.18) -> 0 | CX56: =(CV56/1.18)/2 -> 0 | DB56: =L56+S56+Z56+AD56+AK56+AY56+BF56+BT56+CA56+CH56+CO56+CV56 -> 0 | DC56: =M56+T56+AA56+AE56+AL56+AZ56+BG56+BU56+CB56+CI56+CP56+CW56 -> 0 | DD56: =N56+U56+AB56+AF56+AM56+BA56+BH56+BV56+CC56+CJ56+CQ56+CX56 -> 0 | DE56: =O56+V56+AG56+AN56+BB56+BI56+BW56+CD56+CK56+CR56+CY56 -> 0 | DF56: =P56+W56+AH56+AO56+BC56+BJ56+BX56+CE56+CL56+CS56+CZ56 -> 0 | DG56: =Q56+X56+AI56+AP56+BD56+BK56+BY56+CF56+CM56+CT56+DA56 -> 0
B57: =B56+1 -> 51 | C57: =+#REF! -> #REF! | D57: K | E57: =#REF! -> #REF! | F57: =SUMIF(#REF!,$E57,#REF!) -> #REF! | G57: =SUMIF(#REF!,$E57,#REF!) -> #REF! | H57: =+G57+F57 -> #REF! | I57: =H57 -> #REF! | M57: =(L57/1.18)/2+((L57/1.18)*0.18) -> 0 | N57: =(L57/1.18)/2 -> 0 | T57: =(S57/1.18)/2+((S57/1.18)*0.18) -> 0 | U57: =(S57/1.18)/2 -> 0 | AA57: =(Z57/1.18)/2+((Z57/1.18)*0.18) -> 0 | AB57: =(Z57/1.18)/2 -> 0 | AE57: =(AD57/1.18)/2+((AD57/1.18)*0.18) -> 0 | AF57: =(AD57/1.18)/2 -> 0 | AL57: =(AK57/1.18)/2+((AK57/1.18)*0.18) -> 0 | AM57: =(AK57/1.18)/2 -> 0 | AZ57: =(AY57/1.18)/2+((AY57/1.18)*0.18) -> 0 | BA57: =(AY57/1.18)/2 -> 0 | BG57: =(BF57/1.18)/2+((BF57/1.18)*0.18) -> 0 | BH57: =(BF57/1.18)/2 -> 0 | BU57: =(BT57/1.18)/2+((BT57/1.18)*0.18) -> 0 | BV57: =(BT57/1.18)/2 -> 0 | CB57: =(CA57/1.18)/2+((CA57/1.18)*0.18) -> 0 | CI57: =(CH57/1.18)/2+((CH57/1.18)*0.18) -> 0 | CJ57: =(CH57/1.18)/2 -> 0 | CP57: =(CO57/1.18)/2+((CO57/1.18)*0.18) -> 0 | CQ57: =(CO57/1.18)/2 -> 0 | CW57: =(CV57/1.18)/2+((CV57/1.18)*0.18) -> 0 | CX57: =(CV57/1.18)/2 -> 0 | DB57: =L57+S57+Z57+AD57+AK57+AY57+BF57+BT57+CA57+CH57+CO57+CV57 -> 0 | DC57: =M57+T57+AA57+AE57+AL57+AZ57+BG57+BU57+CB57+CI57+CP57+CW57 -> 0 | DD57: =N57+U57+AB57+AF57+AM57+BA57+BH57+BV57+CC57+CJ57+CQ57+CX57 -> 0 | DE57: =O57+V57+AG57+AN57+BB57+BI57+BW57+CD57+CK57+CR57+CY57 -> 0 | DF57: =P57+W57+AH57+AO57+BC57+BJ57+BX57+CE57+CL57+CS57+CZ57 -> 0 | DG57: =Q57+X57+AI57+AP57+BD57+BK57+BY57+CF57+CM57+CT57+DA57 -> 0
B58: =B57+1 -> 52 | C58: =+#REF! -> #REF! | D58: K | E58: =#REF! -> #REF! | F58: =SUMIF(#REF!,$E58,#REF!) -> #REF! | G58: =SUMIF(#REF!,$E58,#REF!) -> #REF! | H58: =+G58+F58 -> #REF! | I58: =H58 -> #REF! | M58: =(L58/1.18)/2+((L58/1.18)*0.18) -> 0 | N58: =(L58/1.18)/2 -> 0 | T58: =(S58/1.18)/2+((S58/1.18)*0.18) -> 0 | U58: =(S58/1.18)/2 -> 0 | AA58: =(Z58/1.18)/2+((Z58/1.18)*0.18) -> 0 | AB58: =(Z58/1.18)/2 -> 0 | AE58: =(AD58/1.18)/2+((AD58/1.18)*0.18) -> 0 | AF58: =(AD58/1.18)/2 -> 0 | AL58: =(AK58/1.18)/2+((AK58/1.18)*0.18) -> 0 | AM58: =(AK58/1.18)/2 -> 0 | AZ58: =(AY58/1.18)/2+((AY58/1.18)*0.18) -> 0 | BA58: =(AY58/1.18)/2 -> 0 | BG58: =(BF58/1.18)/2+((BF58/1.18)*0.18) -> 0 | BH58: =(BF58/1.18)/2 -> 0 | BU58: =(BT58/1.18)/2+((BT58/1.18)*0.18) -> 0 | BV58: =(BT58/1.18)/2 -> 0 | CB58: =(CA58/1.18)/2+((CA58/1.18)*0.18) -> 0 | CC58: =(CA58/1.18)/2 -> 0 | CI58: =(CH58/1.18)/2+((CH58/1.18)*0.18) -> 0 | CJ58: =(CH58/1.18)/2 -> 0 | CP58: =(CO58/1.18)/2+((CO58/1.18)*0.18) -> 0 | CQ58: =(CO58/1.18)/2 -> 0 | CW58: =(CV58/1.18)/2+((CV58/1.18)*0.18) -> 0 | CX58: =(CV58/1.18)/2 -> 0 | DB58: =L58+S58+Z58+AD58+AK58+AY58+BF58+BT58+CA58+CH58+CO58+CV58 -> 0 | DC58: =M58+T58+AA58+AE58+AL58+AZ58+BG58+BU58+CB58+CI58+CP58+CW58 -> 0 | DD58: =N58+U58+AB58+AF58+AM58+BA58+BH58+BV58+CC58+CJ58+CQ58+CX58 -> 0 | DE58: =O58+V58+AG58+AN58+BB58+BI58+BW58+CD58+CK58+CR58+CY58 -> 0 | DF58: =P58+W58+AH58+AO58+BC58+BJ58+BX58+CE58+CL58+CS58+CZ58 -> 0 | DG58: =Q58+X58+AI58+AP58+BD58+BK58+BY58+CF58+CM58+CT58+DA58 -> 0
B59: =B58+1 -> 53 | C59: =+#REF! -> #REF! | D59: K | E59: =#REF! -> #REF! | F59: =SUMIF(#REF!,$E59,#REF!) -> #REF! | G59: =SUMIF(#REF!,$E59,#REF!) -> #REF! | H59: =+G59+F59 -> #REF! | I59: =H59 -> #REF! | M59: =(L59/1.18)/2+((L59/1.18)*0.18) -> 0 | N59: =(L59/1.18)/2 -> 0 | T59: =(S59/1.18)/2+((S59/1.18)*0.18) -> 0 | U59: =(S59/1.18)/2 -> 0 | AA59: =(Z59/1.18)/2+((Z59/1.18)*0.18) -> 0 | AB59: =(Z59/1.18)/2 -> 0 | AE59: =(AD59/1.18)/2+((AD59/1.18)*0.18) -> 0 | AF59: =(AD59/1.18)/2 -> 0 | AL59: =(AK59/1.18)/2+((AK59/1.18)*0.18) -> 0 | AM59: =(AK59/1.18)/2 -> 0 | AZ59: =(AY59/1.18)/2+((AY59/1.18)*0.18) -> 0 | BA59: =(AY59/1.18)/2 -> 0 | BG59: =(BF59/1.18)/2+((BF59/1.18)*0.18) -> 0 | BH59: =(BF59/1.18)/2 -> 0 | BU59: =(BT59/1.18)/2+((BT59/1.18)*0.18) -> 0 | BV59: =(BT59/1.18)/2 -> 0 | CB59: =(CA59/1.18)/2+((CA59/1.18)*0.18) -> 0 | CC59: =(CA59/1.18)/2 -> 0 | CI59: =(CH59/1.18)/2+((CH59/1.18)*0.18) -> 0 | CJ59: =(CH59/1.18)/2 -> 0 | CP59: =(CO59/1.18)/2+((CO59/1.18)*0.18) -> 0 | CQ59: =(CO59/1.18)/2 -> 0 | CW59: =(CV59/1.18)/2+((CV59/1.18)*0.18) -> 0 | CX59: =(CV59/1.18)/2 -> 0 | DB59: =L59+S59+Z59+AD59+AK59+AY59+BF59+BT59+CA59+CH59+CO59+CV59 -> 0 | DC59: =M59+T59+AA59+AE59+AL59+AZ59+BG59+BU59+CB59+CI59+CP59+CW59 -> 0 | DD59: =N59+U59+AB59+AF59+AM59+BA59+BH59+BV59+CC59+CJ59+CQ59+CX59 -> 0 | DE59: =O59+V59+AG59+AN59+BB59+BI59+BW59+CD59+CK59+CR59+CY59 -> 0 | DF59: =P59+W59+AH59+AO59+BC59+BJ59+BX59+CE59+CL59+CS59+CZ59 -> 0 | DG59: =Q59+X59+AI59+AP59+BD59+BK59+BY59+CF59+CM59+CT59+DA59 -> 0
B60: =B59+1 -> 54 | C60: =+#REF! -> #REF! | D60: K | E60: =#REF! -> #REF! | F60: =SUMIF(#REF!,$E60,#REF!) -> #REF! | G60: =SUMIF(#REF!,$E60,#REF!) -> #REF! | H60: =+G60+F60 -> #REF! | I60: =H60 -> #REF! | M60: =(L60/1.18)/2+((L60/1.18)*0.18) -> 0 | N60: =(L60/1.18)/2 -> 0 | T60: =(S60/1.18)/2+((S60/1.18)*0.18) -> 0 | U60: =(S60/1.18)/2 -> 0 | AA60: =(Z60/1.18)/2+((Z60/1.18)*0.18) -> 0 | AB60: =(Z60/1.18)/2 -> 0 | AE60: =(AD60/1.18)/2+((AD60/1.18)*0.18) -> 0 | AF60: =(AD60/1.18)/2 -> 0 | AL60: =(AK60/1.18)/2+((AK60/1.18)*0.18) -> 0 | AM60: =(AK60/1.18)/2 -> 0 | AZ60: =(AY60/1.18)/2+((AY60/1.18)*0.18) -> 0 | BA60: =(AY60/1.18)/2 -> 0 | BG60: =(BF60/1.18)/2+((BF60/1.18)*0.18) -> 0 | BH60: =(BF60/1.18)/2 -> 0 | BU60: =(BT60/1.18)/2+((BT60/1.18)*0.18) -> 0 | BV60: =(BT60/1.18)/2 -> 0 | CB60: =(CA60/1.18)/2+((CA60/1.18)*0.18) -> 0 | CC60: =(CA60/1.18)/2 -> 0 | CI60: =(CH60/1.18)/2+((CH60/1.18)*0.18) -> 0 | CJ60: =(CH60/1.18)/2 -> 0 | CP60: =(CO60/1.18)/2+((CO60/1.18)*0.18) -> 0 | CQ60: =(CO60/1.18)/2 -> 0 | CW60: =(CV60/1.18)/2+((CV60/1.18)*0.18) -> 0 | CX60: =(CV60/1.18)/2 -> 0 | DB60: =L60+S60+Z60+AD60+AK60+AY60+BF60+BT60+CA60+CH60+CO60+CV60 -> 0 | DC60: =M60+T60+AA60+AE60+AL60+AZ60+BG60+BU60+CB60+CI60+CP60+CW60 -> 0 | DD60: =N60+U60+AB60+AF60+AM60+BA60+BH60+BV60+CC60+CJ60+CQ60+CX60 -> 0 | DE60: =O60+V60+AG60+AN60+BB60+BI60+BW60+CD60+CK60+CR60+CY60 -> 0 | DF60: =P60+W60+AH60+AO60+BC60+BJ60+BX60+CE60+CL60+CS60+CZ60 -> 0 | DG60: =Q60+X60+AI60+AP60+BD60+BK60+BY60+CF60+CM60+CT60+DA60 -> 0
B61: =B60+1 -> 55 | C61: =+#REF! -> #REF! | D61: K | E61: =#REF! -> #REF! | F61: =SUMIF(#REF!,$E61,#REF!) -> #REF! | G61: =SUMIF(#REF!,$E61,#REF!) -> #REF! | H61: =+G61+F61 -> #REF! | I61: =H61 -> #REF! | M61: =(L61/1.18)/2+((L61/1.18)*0.18) -> 0 | N61: =(L61/1.18)/2 -> 0 | T61: =(S61/1.18)/2+((S61/1.18)*0.18) -> 0 | U61: =(S61/1.18)/2 -> 0 | AA61: =(Z61/1.18)/2+((Z61/1.18)*0.18) -> 0 | AB61: =(Z61/1.18)/2 -> 0 | AE61: =(AD61/1.18)/2+((AD61/1.18)*0.18) -> 0 | AF61: =(AD61/1.18)/2 -> 0 | AL61: =(AK61/1.18)/2+((AK61/1.18)*0.18) -> 0 | AM61: =(AK61/1.18)/2 -> 0 | AZ61: =(AY61/1.18)/2+((AY61/1.18)*0.18) -> 0 | BA61: =(AY61/1.18)/2 -> 0 | BG61: =(BF61/1.18)/2+((BF61/1.18)*0.18) -> 0 | BH61: =(BF61/1.18)/2 -> 0 | BU61: =(BT61/1.18)/2+((BT61/1.18)*0.18) -> 0 | BV61: =(BT61/1.18)/2 -> 0 | CB61: =(CA61/1.18)/2+((CA61/1.18)*0.18) -> 0 | CC61: =(CA61/1.18)/2 -> 0 | CI61: =(CH61/1.18)/2+((CH61/1.18)*0.18) -> 0 | CJ61: =(CH61/1.18)/2 -> 0 | CP61: =(CO61/1.18)/2+((CO61/1.18)*0.18) -> 0 | CQ61: =(CO61/1.18)/2 -> 0 | CW61: =(CV61/1.18)/2+((CV61/1.18)*0.18) -> 0 | CX61: =(CV61/1.18)/2 -> 0 | DB61: =L61+S61+Z61+AD61+AK61+AY61+BF61+BT61+CA61+CH61+CO61+CV61 -> 0 | DC61: =M61+T61+AA61+AE61+AL61+AZ61+BG61+BU61+CB61+CI61+CP61+CW61 -> 0 | DD61: =N61+U61+AB61+AF61+AM61+BA61+BH61+BV61+CC61+CJ61+CQ61+CX61 -> 0 | DE61: =O61+V61+AG61+AN61+BB61+BI61+BW61+CD61+CK61+CR61+CY61 -> 0 | DF61: =P61+W61+AH61+AO61+BC61+BJ61+BX61+CE61+CL61+CS61+CZ61 -> 0 | DG61: =Q61+X61+AI61+AP61+BD61+BK61+BY61+CF61+CM61+CT61+DA61 -> 0
B62: =B61+1 -> 56 | C62: =+#REF! -> #REF! | D62: K | E62: =#REF! -> #REF! | F62: =SUMIF(#REF!,$E62,#REF!) -> #REF! | G62: =SUMIF(#REF!,$E62,#REF!) -> #REF! | H62: =+G62+F62 -> #REF! | I62: =H62 -> #REF! | M62: =(L62/1.18)/2+((L62/1.18)*0.18) -> 0 | N62: =(L62/1.18)/2 -> 0 | T62: =(S62/1.18)/2+((S62/1.18)*0.18) -> 0 | U62: =(S62/1.18)/2 -> 0 | AA62: =(Z62/1.18)/2+((Z62/1.18)*0.18) -> 0 | AB62: =(Z62/1.18)/2 -> 0 | AE62: =(AD62/1.18)/2+((AD62/1.18)*0.18) -> 0 | AF62: =(AD62/1.18)/2 -> 0 | AL62: =(AK62/1.18)/2+((AK62/1.18)*0.18) -> 0 | AM62: =(AK62/1.18)/2 -> 0 | AZ62: =(AY62/1.18)/2+((AY62/1.18)*0.18) -> 0 | BA62: =(AY62/1.18)/2 -> 0 | BG62: =(BF62/1.18)/2+((BF62/1.18)*0.18) -> 0 | BH62: =(BF62/1.18)/2 -> 0 | BU62: =(BT62/1.18)/2+((BT62/1.18)*0.18) -> 0 | BV62: =(BT62/1.18)/2 -> 0 | CB62: =(CA62/1.18)/2+((CA62/1.18)*0.18) -> 0 | CC62: =(CA62/1.18)/2 -> 0 | CI62: =(CH62/1.18)/2+((CH62/1.18)*0.18) -> 0 | CJ62: =(CH62/1.18)/2 -> 0 | CP62: =(CO62/1.18)/2+((CO62/1.18)*0.18) -> 0 | CQ62: =(CO62/1.18)/2 -> 0 | CW62: =(CV62/1.18)/2+((CV62/1.18)*0.18) -> 0 | CX62: =(CV62/1.18)/2 -> 0 | DB62: =L62+S62+Z62+AD62+AK62+AY62+BF62+BT62+CA62+CH62+CO62+CV62 -> 0 | DC62: =M62+T62+AA62+AE62+AL62+AZ62+BG62+BU62+CB62+CI62+CP62+CW62 -> 0 | DD62: =N62+U62+AB62+AF62+AM62+BA62+BH62+BV62+CC62+CJ62+CQ62+CX62 -> 0 | DE62: =O62+V62+AG62+AN62+BB62+BI62+BW62+CD62+CK62+CR62+CY62 -> 0 | DF62: =P62+W62+AH62+AO62+BC62+BJ62+BX62+CE62+CL62+CS62+CZ62 -> 0 | DG62: =Q62+X62+AI62+AP62+BD62+BK62+BY62+CF62+CM62+CT62+DA62 -> 0
B63: =B62+1 -> 57 | C63: =+#REF! -> #REF! | D63: K | E63: =#REF! -> #REF! | F63: =SUMIF(#REF!,$E63,#REF!) -> #REF! | G63: =SUMIF(#REF!,$E63,#REF!) -> #REF! | H63: =+G63+F63 -> #REF! | I63: =H63 -> #REF! | M63: =(L63/1.18)/2+((L63/1.18)*0.18) -> 0 | N63: =(L63/1.18)/2 -> 0 | T63: =(S63/1.18)/2+((S63/1.18)*0.18) -> 0 | U63: =(S63/1.18)/2 -> 0 | AA63: =(Z63/1.18)/2+((Z63/1.18)*0.18) -> 0 | AB63: =(Z63/1.18)/2 -> 0 | AE63: =(AD63/1.18)/2+((AD63/1.18)*0.18) -> 0 | AF63: =(AD63/1.18)/2 -> 0 | AL63: =(AK63/1.18)/2+((AK63/1.18)*0.18) -> 0 | AM63: =(AK63/1.18)/2 -> 0 | AZ63: =(AY63/1.18)/2+((AY63/1.18)*0.18) -> 0 | BA63: =(AY63/1.18)/2 -> 0 | BG63: =(BF63/1.18)/2+((BF63/1.18)*0.18) -> 0 | BH63: =(BF63/1.18)/2 -> 0 | BU63: =(BT63/1.18)/2+((BT63/1.18)*0.18) -> 0 | BV63: =(BT63/1.18)/2 -> 0 | CB63: =(CA63/1.18)/2+((CA63/1.18)*0.18) -> 0 | CC63: =(CA63/1.18)/2 -> 0 | CI63: =(CH63/1.18)/2+((CH63/1.18)*0.18) -> 0 | CJ63: =(CH63/1.18)/2 -> 0 | CP63: =(CO63/1.18)/2+((CO63/1.18)*0.18) -> 0 | CQ63: =(CO63/1.18)/2 -> 0 | CW63: =(CV63/1.18)/2+((CV63/1.18)*0.18) -> 0 | CX63: =(CV63/1.18)/2 -> 0 | DB63: =L63+S63+Z63+AD63+AK63+AY63+BF63+BT63+CA63+CH63+CO63+CV63 -> 0 | DC63: =M63+T63+AA63+AE63+AL63+AZ63+BG63+BU63+CB63+CI63+CP63+CW63 -> 0 | DD63: =N63+U63+AB63+AF63+AM63+BA63+BH63+BV63+CC63+CJ63+CQ63+CX63 -> 0 | DE63: =O63+V63+AG63+AN63+BB63+BI63+BW63+CD63+CK63+CR63+CY63 -> 0 | DF63: =P63+W63+AH63+AO63+BC63+BJ63+BX63+CE63+CL63+CS63+CZ63 -> 0 | DG63: =Q63+X63+AI63+AP63+BD63+BK63+BY63+CF63+CM63+CT63+DA63 -> 0
B64: =B63+1 -> 58 | C64: =+#REF! -> #REF! | D64: K | E64: =#REF! -> #REF! | F64: =SUMIF(#REF!,$E64,#REF!) -> #REF! | G64: =SUMIF(#REF!,$E64,#REF!) -> #REF! | H64: =+G64+F64 -> #REF! | I64: =H64 -> #REF! | M64: =(L64/1.18)/2+((L64/1.18)*0.18) -> 0 | N64: =(L64/1.18)/2 -> 0 | T64: =(S64/1.18)/2+((S64/1.18)*0.18) -> 0 | U64: =(S64/1.18)/2 -> 0 | AA64: =(Z64/1.18)/2+((Z64/1.18)*0.18) -> 0 | AB64: =(Z64/1.18)/2 -> 0 | AE64: =(AD64/1.18)/2+((AD64/1.18)*0.18) -> 0 | AF64: =(AD64/1.18)/2 -> 0 | AL64: =(AK64/1.18)/2+((AK64/1.18)*0.18) -> 0 | AM64: =(AK64/1.18)/2 -> 0 | AZ64: =(AY64/1.18)/2+((AY64/1.18)*0.18) -> 0 | BA64: =(AY64/1.18)/2 -> 0 | BG64: =(BF64/1.18)/2+((BF64/1.18)*0.18) -> 0 | BH64: =(BF64/1.18)/2 -> 0 | BU64: =(BT64/1.18)/2+((BT64/1.18)*0.18) -> 0 | BV64: =(BT64/1.18)/2 -> 0 | CB64: =(CA64/1.18)/2+((CA64/1.18)*0.18) -> 0 | CC64: =(CA64/1.18)/2 -> 0 | CI64: =(CH64/1.18)/2+((CH64/1.18)*0.18) -> 0 | CJ64: =(CH64/1.18)/2 -> 0 | CP64: =(CO64/1.18)/2+((CO64/1.18)*0.18) -> 0 | CQ64: =(CO64/1.18)/2 -> 0 | CW64: =(CV64/1.18)/2+((CV64/1.18)*0.18) -> 0 | CX64: =(CV64/1.18)/2 -> 0 | DB64: =L64+S64+Z64+AD64+AK64+AY64+BF64+BT64+CA64+CH64+CO64+CV64 -> 0 | DC64: =M64+T64+AA64+AE64+AL64+AZ64+BG64+BU64+CB64+CI64+CP64+CW64 -> 0 | DD64: =N64+U64+AB64+AF64+AM64+BA64+BH64+BV64+CC64+CJ64+CQ64+CX64 -> 0 | DE64: =O64+V64+AG64+AN64+BB64+BI64+BW64+CD64+CK64+CR64+CY64 -> 0 | DF64: =P64+W64+AH64+AO64+BC64+BJ64+BX64+CE64+CL64+CS64+CZ64 -> 0 | DG64: =Q64+X64+AI64+AP64+BD64+BK64+BY64+CF64+CM64+CT64+DA64 -> 0
B65: =B64+1 -> 59 | C65: =+#REF! -> #REF! | D65: K | E65: =#REF! -> #REF! | F65: =SUMIF(#REF!,$E65,#REF!) -> #REF! | G65: =SUMIF(#REF!,$E65,#REF!) -> #REF! | H65: =+G65+F65 -> #REF! | I65: =H65 -> #REF! | M65: =(L65/1.18)/2+((L65/1.18)*0.18) -> 0 | N65: =(L65/1.18)/2 -> 0 | T65: =(S65/1.18)/2+((S65/1.18)*0.18) -> 0 | U65: =(S65/1.18)/2 -> 0 | AA65: =(Z65/1.18)/2+((Z65/1.18)*0.18) -> 0 | AB65: =(Z65/1.18)/2 -> 0 | AE65: =(AD65/1.18)/2+((AD65/1.18)*0.18) -> 0 | AF65: =(AD65/1.18)/2 -> 0 | AL65: =(AK65/1.18)/2+((AK65/1.18)*0.18) -> 0 | AM65: =(AK65/1.18)/2 -> 0 | AZ65: =(AY65/1.18)/2+((AY65/1.18)*0.18) -> 0 | BA65: =(AY65/1.18)/2 -> 0 | BG65: =(BF65/1.18)/2+((BF65/1.18)*0.18) -> 0 | BH65: =(BF65/1.18)/2 -> 0 | BU65: =(BT65/1.18)/2+((BT65/1.18)*0.18) -> 0 | BV65: =(BT65/1.18)/2 -> 0 | CB65: =(CA65/1.18)/2+((CA65/1.18)*0.18) -> 0 | CC65: =(CA65/1.18)/2 -> 0 | CI65: =(CH65/1.18)/2+((CH65/1.18)*0.18) -> 0 | CJ65: =(CH65/1.18)/2 -> 0 | CP65: =(CO65/1.18)/2+((CO65/1.18)*0.18) -> 0 | CQ65: =(CO65/1.18)/2 -> 0 | CW65: =(CV65/1.18)/2+((CV65/1.18)*0.18) -> 0 | CX65: =(CV65/1.18)/2 -> 0 | DB65: =L65+S65+Z65+AD65+AK65+AY65+BF65+BT65+CA65+CH65+CO65+CV65 -> 0 | DC65: =M65+T65+AA65+AE65+AL65+AZ65+BG65+BU65+CB65+CI65+CP65+CW65 -> 0 | DD65: =N65+U65+AB65+AF65+AM65+BA65+BH65+BV65+CC65+CJ65+CQ65+CX65 -> 0 | DE65: =O65+V65+AG65+AN65+BB65+BI65+BW65+CD65+CK65+CR65+CY65 -> 0 | DF65: =P65+W65+AH65+AO65+BC65+BJ65+BX65+CE65+CL65+CS65+CZ65 -> 0 | DG65: =Q65+X65+AI65+AP65+BD65+BK65+BY65+CF65+CM65+CT65+DA65 -> 0
B66: =B65+1 -> 60 | C66: =+#REF! -> #REF! | D66: K | E66: =#REF! -> #REF! | F66: =SUMIF(#REF!,$E66,#REF!) -> #REF! | G66: =SUMIF(#REF!,$E66,#REF!) -> #REF! | H66: =+G66+F66 -> #REF! | I66: =H66 -> #REF! | M66: =(L66/1.18)/2+((L66/1.18)*0.18) -> 0 | N66: =(L66/1.18)/2 -> 0 | T66: =(S66/1.18)/2+((S66/1.18)*0.18) -> 0 | U66: =(S66/1.18)/2 -> 0 | AA66: =(Z66/1.18)/2+((Z66/1.18)*0.18) -> 0 | AB66: =(Z66/1.18)/2 -> 0 | AE66: =(AD66/1.18)/2+((AD66/1.18)*0.18) -> 0 | AF66: =(AD66/1.18)/2 -> 0 | AL66: =(AK66/1.18)/2+((AK66/1.18)*0.18) -> 0 | AM66: =(AK66/1.18)/2 -> 0 | AZ66: =(AY66/1.18)/2+((AY66/1.18)*0.18) -> 0 | BA66: =(AY66/1.18)/2 -> 0 | BG66: =(BF66/1.18)/2+((BF66/1.18)*0.18) -> 0 | BH66: =(BF66/1.18)/2 -> 0 | BU66: =(BT66/1.18)/2+((BT66/1.18)*0.18) -> 0 | BV66: =(BT66/1.18)/2 -> 0 | CB66: =(CA66/1.18)/2+((CA66/1.18)*0.18) -> 0 | CC66: =(CA66/1.18)/2 -> 0 | CI66: =(CH66/1.18)/2+((CH66/1.18)*0.18) -> 0 | CJ66: =(CH66/1.18)/2 -> 0 | CP66: =(CO66/1.18)/2+((CO66/1.18)*0.18) -> 0 | CQ66: =(CO66/1.18)/2 -> 0 | CW66: =(CV66/1.18)/2+((CV66/1.18)*0.18) -> 0 | CX66: =(CV66/1.18)/2 -> 0 | DB66: =L66+S66+Z66+AD66+AK66+AY66+BF66+BT66+CA66+CH66+CO66+CV66 -> 0 | DC66: =M66+T66+AA66+AE66+AL66+AZ66+BG66+BU66+CB66+CI66+CP66+CW66 -> 0 | DD66: =N66+U66+AB66+AF66+AM66+BA66+BH66+BV66+CC66+CJ66+CQ66+CX66 -> 0 | DE66: =O66+V66+AG66+AN66+BB66+BI66+BW66+CD66+CK66+CR66+CY66 -> 0 | DF66: =P66+W66+AH66+AO66+BC66+BJ66+BX66+CE66+CL66+CS66+CZ66 -> 0 | DG66: =Q66+X66+AI66+AP66+BD66+BK66+BY66+CF66+CM66+CT66+DA66 -> 0
B67: =B66+1 -> 61 | C67: =+#REF! -> #REF! | D67: K | E67: =#REF! -> #REF! | F67: =SUMIF(#REF!,$E67,#REF!) -> #REF! | G67: =SUMIF(#REF!,$E67,#REF!) -> #REF! | H67: =+G67+F67 -> #REF! | I67: =H67 -> #REF! | M67: =(L67/1.18)/2+((L67/1.18)*0.18) -> 0 | N67: =(L67/1.18)/2 -> 0 | T67: =(S67/1.18)/2+((S67/1.18)*0.18) -> 0 | U67: =(S67/1.18)/2 -> 0 | AA67: =(Z67/1.18)/2+((Z67/1.18)*0.18) -> 0 | AB67: =(Z67/1.18)/2 -> 0 | AE67: =(AD67/1.18)/2+((AD67/1.18)*0.18) -> 0 | AF67: =(AD67/1.18)/2 -> 0 | AL67: =(AK67/1.18)/2+((AK67/1.18)*0.18) -> 0 | AM67: =(AK67/1.18)/2 -> 0 | AZ67: =(AY67/1.18)/2+((AY67/1.18)*0.18) -> 0 | BA67: =(AY67/1.18)/2 -> 0 | BG67: =(BF67/1.18)/2+((BF67/1.18)*0.18) -> 0 | BH67: =(BF67/1.18)/2 -> 0 | BU67: =(BT67/1.18)/2+((BT67/1.18)*0.18) -> 0 | BV67: =(BT67/1.18)/2 -> 0 | CB67: =(CA67/1.18)/2+((CA67/1.18)*0.18) -> 0 | CC67: =(CA67/1.18)/2 -> 0 | CI67: =(CH67/1.18)/2+((CH67/1.18)*0.18) -> 0 | CJ67: =(CH67/1.18)/2 -> 0 | CP67: =(CO67/1.18)/2+((CO67/1.18)*0.18) -> 0 | CQ67: =(CO67/1.18)/2 -> 0 | CW67: =(CV67/1.18)/2+((CV67/1.18)*0.18) -> 0 | CX67: =(CV67/1.18)/2 -> 0 | DB67: =L67+S67+Z67+AD67+AK67+AY67+BF67+BT67+CA67+CH67+CO67+CV67 -> 0 | DC67: =M67+T67+AA67+AE67+AL67+AZ67+BG67+BU67+CB67+CI67+CP67+CW67 -> 0 | DD67: =N67+U67+AB67+AF67+AM67+BA67+BH67+BV67+CC67+CJ67+CQ67+CX67 -> 0 | DE67: =O67+V67+AG67+AN67+BB67+BI67+BW67+CD67+CK67+CR67+CY67 -> 0 | DF67: =P67+W67+AH67+AO67+BC67+BJ67+BX67+CE67+CL67+CS67+CZ67 -> 0 | DG67: =Q67+X67+AI67+AP67+BD67+BK67+BY67+CF67+CM67+CT67+DA67 -> 0
B68: =B67+1 -> 62 | C68: =+#REF! -> #REF! | D68: K | E68: =#REF! -> #REF! | F68: =SUMIF(#REF!,$E68,#REF!) -> #REF! | G68: =SUMIF(#REF!,$E68,#REF!) -> #REF! | H68: =+G68+F68 -> #REF! | I68: =H68 -> #REF! | M68: =(L68/1.18)/2+((L68/1.18)*0.18) -> 0 | N68: =(L68/1.18)/2 -> 0 | T68: =(S68/1.18)/2+((S68/1.18)*0.18) -> 0 | U68: =(S68/1.18)/2 -> 0 | AA68: =(Z68/1.18)/2+((Z68/1.18)*0.18) -> 0 | AB68: =(Z68/1.18)/2 -> 0 | AE68: =(AD68/1.18)/2+((AD68/1.18)*0.18) -> 0 | AF68: =(AD68/1.18)/2 -> 0 | AL68: =(AK68/1.18)/2+((AK68/1.18)*0.18) -> 0 | AM68: =(AK68/1.18)/2 -> 0 | AZ68: =(AY68/1.18)/2+((AY68/1.18)*0.18) -> 0 | BA68: =(AY68/1.18)/2 -> 0 | BG68: =(BF68/1.18)/2+((BF68/1.18)*0.18) -> 0 | BH68: =(BF68/1.18)/2 -> 0 | BU68: =(BT68/1.18)/2+((BT68/1.18)*0.18) -> 0 | BV68: =(BT68/1.18)/2 -> 0 | CB68: =(CA68/1.18)/2+((CA68/1.18)*0.18) -> 0 | CC68: =(CA68/1.18)/2 -> 0 | CI68: =(CH68/1.18)/2+((CH68/1.18)*0.18) -> 0 | CJ68: =(CH68/1.18)/2 -> 0 | CP68: =(CO68/1.18)/2+((CO68/1.18)*0.18) -> 0 | CQ68: =(CO68/1.18)/2 -> 0 | CW68: =(CV68/1.18)/2+((CV68/1.18)*0.18) -> 0 | CX68: =(CV68/1.18)/2 -> 0 | DB68: =L68+S68+Z68+AD68+AK68+AY68+BF68+BT68+CA68+CH68+CO68+CV68 -> 0 | DC68: =M68+T68+AA68+AE68+AL68+AZ68+BG68+BU68+CB68+CI68+CP68+CW68 -> 0 | DD68: =N68+U68+AB68+AF68+AM68+BA68+BH68+BV68+CC68+CJ68+CQ68+CX68 -> 0 | DE68: =O68+V68+AG68+AN68+BB68+BI68+BW68+CD68+CK68+CR68+CY68 -> 0 | DF68: =P68+W68+AH68+AO68+BC68+BJ68+BX68+CE68+CL68+CS68+CZ68 -> 0 | DG68: =Q68+X68+AI68+AP68+BD68+BK68+BY68+CF68+CM68+CT68+DA68 -> 0
B69: =B68+1 -> 63 | C69: =+#REF! -> #REF! | D69: K | E69: =#REF! -> #REF! | F69: =SUMIF(#REF!,$E69,#REF!) -> #REF! | G69: =SUMIF(#REF!,$E69,#REF!) -> #REF! | H69: =+G69+F69 -> #REF! | I69: =H69 -> #REF! | M69: =(L69/1.18)/2+((L69/1.18)*0.18) -> 0 | N69: =(L69/1.18)/2 -> 0 | T69: =(S69/1.18)/2+((S69/1.18)*0.18) -> 0 | U69: =(S69/1.18)/2 -> 0 | AA69: =(Z69/1.18)/2+((Z69/1.18)*0.18) -> 0 | AB69: =(Z69/1.18)/2 -> 0 | AE69: =(AD69/1.18)/2+((AD69/1.18)*0.18) -> 0 | AF69: =(AD69/1.18)/2 -> 0 | AL69: =(AK69/1.18)/2+((AK69/1.18)*0.18) -> 0 | AM69: =(AK69/1.18)/2 -> 0 | AZ69: =(AY69/1.18)/2+((AY69/1.18)*0.18) -> 0 | BA69: =(AY69/1.18)/2 -> 0 | BG69: =(BF69/1.18)/2+((BF69/1.18)*0.18) -> 0 | BH69: =(BF69/1.18)/2 -> 0 | BU69: =(BT69/1.18)/2+((BT69/1.18)*0.18) -> 0 | BV69: =(BT69/1.18)/2 -> 0 | CB69: =(CA69/1.18)/2+((CA69/1.18)*0.18) -> 0 | CC69: =(CA69/1.18)/2 -> 0 | CI69: =(CH69/1.18)/2+((CH69/1.18)*0.18) -> 0 | CJ69: =(CH69/1.18)/2 -> 0 | CP69: =(CO69/1.18)/2+((CO69/1.18)*0.18) -> 0 | CQ69: =(CO69/1.18)/2 -> 0 | CW69: =(CV69/1.18)/2+((CV69/1.18)*0.18) -> 0 | CX69: =(CV69/1.18)/2 -> 0 | DB69: =L69+S69+Z69+AD69+AK69+AY69+BF69+BT69+CA69+CH69+CO69+CV69 -> 0 | DC69: =M69+T69+AA69+AE69+AL69+AZ69+BG69+BU69+CB69+CI69+CP69+CW69 -> 0 | DD69: =N69+U69+AB69+AF69+AM69+BA69+BH69+BV69+CC69+CJ69+CQ69+CX69 -> 0 | DE69: =O69+V69+AG69+AN69+BB69+BI69+BW69+CD69+CK69+CR69+CY69 -> 0 | DF69: =P69+W69+AH69+AO69+BC69+BJ69+BX69+CE69+CL69+CS69+CZ69 -> 0 | DG69: =Q69+X69+AI69+AP69+BD69+BK69+BY69+CF69+CM69+CT69+DA69 -> 0
... B80: =B79+1 -> 74 | C80: =+#REF! -> #REF! | D80: K | E80: =#REF! -> #REF! | F80: =SUMIF(#REF!,$E80,#REF!) -> #REF! | G80: =SUMIF(#REF!,$E80,#REF!) -> #REF! | H80: =+G80+F80 -> #REF! | I80: =H80 -> #REF! | M80: =(L80/1.18)/2+((L80/1.18)*0.18) -> 0 | N80: =(L80/1.18)/2 -> 0 | T80: =(S80/1.18)/2+((S80/1.18)*0.18) -> 0 | U80: =(S80/1.18)/2 -> 0 | AA80: =(Z80/1.18)/2+((Z80/1.18)*0.18) -> 0 | AB80: =(Z80/1.18)/2 -> 0 | AE80: =(AD80/1.18)/2+((AD80/1.18)*0.18) -> 0 | AF80: =(AD80/1.18)/2 -> 0 | AL80: =(AK80/1.18)/2+((AK80/1.18)*0.18) -> 0 | AM80: =(AK80/1.18)/2 -> 0 | AZ80: =(AY80/1.18)/2+((AY80/1.18)*0.18) -> 0 | BA80: =(AY80/1.18)/2 -> 0 | BG80: =(BF80/1.18)/2+((BF80/1.18)*0.18) -> 0 | BH80: =(BF80/1.18)/2 -> 0 | BU80: =(BT80/1.18)/2+((BT80/1.18)*0.18) -> 0 | BV80: =(BT80/1.18)/2 -> 0 | CB80: =(CA80/1.18)/2+((CA80/1.18)*0.18) -> 0 | CC80: =(CA80/1.18)/2 -> 0 | CI80: =(CH80/1.18)/2+((CH80/1.18)*0.18) -> 0 | CJ80: =(CH80/1.18)/2 -> 0 | CP80: =(CO80/1.18)/2+((CO80/1.18)*0.18) -> 0 | CQ80: =(CO80/1.18)/2 -> 0 | CW80: =(CV80/1.18)/2+((CV80/1.18)*0.18) -> 0 | CX80: =(CV80/1.18)/2 -> 0 | DB80: =L80+S80+Z80+AD80+AK80+AY80+BF80+BT80+CA80+CH80+CO80+CV80 -> 0 | DC80: =M80+T80+AA80+AE80+AL80+AZ80+BG80+BU80+CB80+CI80+CP80+CW80 -> 0 | DD80: =N80+U80+AB80+AF80+AM80+BA80+BH80+BV80+CC80+CJ80+CQ80+CX80 -> 0 | DE80: =O80+V80+AG80+AN80+BB80+BI80+BW80+CD80+CK80+CR80+CY80 -> 0 | DF80: =P80+W80+AH80+AO80+BC80+BJ80+BX80+CE80+CL80+CS80+CZ80 -> 0 | DG80: =Q80+X80+AI80+AP80+BD80+BK80+BY80+CF80+CM80+CT80+DA80 -> 0
B81: =B80+1 -> 75 | C81: =+#REF! -> #REF! | D81: K | E81: =#REF! -> #REF! | F81: =SUMIF(#REF!,$E81,#REF!) -> #REF! | G81: =SUMIF(#REF!,$E81,#REF!) -> #REF! | H81: =+G81+F81 -> #REF! | I81: =H81 -> #REF! | M81: =(L81/1.18)/2+((L81/1.18)*0.18) -> 0 | N81: =(L81/1.18)/2 -> 0 | T81: =(S81/1.18)/2+((S81/1.18)*0.18) -> 0 | U81: =(S81/1.18)/2 -> 0 | AA81: =(Z81/1.18)/2+((Z81/1.18)*0.18) -> 0 | AB81: =(Z81/1.18)/2 -> 0 | AE81: =(AD81/1.18)/2+((AD81/1.18)*0.18) -> 0 | AF81: =(AD81/1.18)/2 -> 0 | AL81: =(AK81/1.18)/2+((AK81/1.18)*0.18) -> 0 | AM81: =(AK81/1.18)/2 -> 0 | AZ81: =AY81/2 -> 0 | BA81: =AY81/2 -> 0 | BG81: =BF81/2 -> 0 | BH81: =BF81/2 -> 0 | BN81: =BM81/2 -> 0 | BO81: =BM81/2 -> 0 | BU81: =BT81/2 -> 0 | BV81: =BT81/2 -> 0 | CB81: =(CA81/1.18)/2+((CA81/1.18)*0.18) -> 0 | CC81: =(CA81/1.18)/2 -> 0 | CI81: =(CH81/1.18)/2+((CH81/1.18)*0.18) -> 0 | CJ81: =(CH81/1.18)/2 -> 0 | CP81: =(CO81/1.18)/2+((CO81/1.18)*0.18) -> 0 | CQ81: =(CO81/1.18)/2 -> 0 | CW81: =(CV81/1.18)/2+((CV81/1.18)*0.18) -> 0 | CX81: =(CV81/1.18)/2 -> 0 | DB81: =L81+S81+Z81+AD81+AK81+AY81+BF81+BT81+CA81+CH81+CO81+CV81+BM81 -> 0 | DC81: =M81+T81+AA81+AE81+AL81+AZ81+BG81+BU81+CB81+CI81+CP81+CW81+BN81 -> 0 | DD81: =N81+U81+AB81+AF81+AM81+BA81+BH81+BV81+CC81+CJ81+CQ81+CX81+BO81 -> 0 | DE81: =O81+V81+AG81+AN81+BB81+BI81+BW81+CD81+CK81+CR81+CY81+BP81 -> 0 | DF81: =P81+W81+AH81+AO81+BC81+BJ81+BX81+CE81+CL81+CS81+CZ81+BQ81 -> 0 | DG81: =Q81+X81+AI81+AP81+BD81+BK81+BY81+CF81+CM81+CT81+DA81+BR81 -> 0
B82: =B81+1 -> 76 | C82: =+#REF! -> #REF! | D82: K | E82: =#REF! -> #REF! | F82: =SUMIF(#REF!,$E82,#REF!) -> #REF! | G82: =SUMIF(#REF!,$E82,#REF!) -> #REF! | H82: =+G82+F82 -> #REF! | I82: =H82 -> #REF! | M82: =(L82/1.18)/2+((L82/1.18)*0.18) -> 0 | N82: =(L82/1.18)/2 -> 0 | T82: =(S82/1.18)/2+((S82/1.18)*0.18) -> 0 | U82: =(S82/1.18)/2 -> 0 | AA82: =(Z82/1.18)/2+((Z82/1.18)*0.18) -> 0 | AB82: =(Z82/1.18)/2 -> 0 | AE82: =(AD82/1.18)/2+((AD82/1.18)*0.18) -> 0 | AF82: =(AD82/1.18)/2 -> 0 | AL82: =(AK82/1.18)/2+((AK82/1.18)*0.18) -> 0 | AM82: =(AK82/1.18)/2 -> 0 | AZ82: =(AY82/1.18)/2+((AY82/1.18)*0.18) -> 0 | BA82: =(AY82/1.18)/2 -> 0 | BG82: =(BF82/1.18)/2+((BF82/1.18)*0.18) -> 0 | BH82: =(BF82/1.18)/2 -> 0 | BU82: =(BT82/1.18)/2+((BT82/1.18)*0.18) -> 0 | BV82: =(BT82/1.18)/2 -> 0 | CB82: =(CA82/1.18)/2+((CA82/1.18)*0.18) -> 0 | CC82: =(CA82/1.18)/2 -> 0 | CI82: =(CH82/1.18)/2+((CH82/1.18)*0.18) -> 0 | CJ82: =(CH82/1.18)/2 -> 0 | CP82: =(CO82/1.18)/2+((CO82/1.18)*0.18) -> 0 | CQ82: =(CO82/1.18)/2 -> 0 | CW82: =(CV82/1.18)/2+((CV82/1.18)*0.18) -> 0 | CX82: =(CV82/1.18)/2 -> 0 | DB82: =L82+S82+Z82+AD82+AK82+AY82+BF82+BT82+CA82+CH82+CO82+CV82 -> 0 | DC82: =M82+T82+AA82+AE82+AL82+AZ82+BG82+BU82+CB82+CI82+CP82+CW82 -> 0 | DD82: =N82+U82+AB82+AF82+AM82+BA82+BH82+BV82+CC82+CJ82+CQ82+CX82 -> 0 | DE82: =O82+V82+AG82+AN82+BB82+BI82+BW82+CD82+CK82+CR82+CY82 -> 0 | DF82: =P82+W82+AH82+AO82+BC82+BJ82+BX82+CE82+CL82+CS82+CZ82 -> 0 | DG82: =Q82+X82+AI82+AP82+BD82+BK82+BY82+CF82+CM82+CT82+DA82 -> 0
B83: =B82+1 -> 77 | C83: =+#REF! -> #REF! | D83: K | E83: =#REF! -> #REF! | F83: =SUMIF(#REF!,$E83,#REF!) -> #REF! | G83: =SUMIF(#REF!,$E83,#REF!) -> #REF! | H83: =+G83+F83 -> #REF! | I83: =H83 -> #REF! | M83: =(L83/1.18)/2+((L83/1.18)*0.18) -> 0 | N83: =(L83/1.18)/2 -> 0 | T83: =(S83/1.18)/2+((S83/1.18)*0.18) -> 0 | U83: =(S83/1.18)/2 -> 0 | AA83: =(Z83/1.18)/2+((Z83/1.18)*0.18) -> 0 | AB83: =(Z83/1.18)/2 -> 0 | AE83: =(AD83/1.18)/2+((AD83/1.18)*0.18) -> 0 | AF83: =(AD83/1.18)/2 -> 0 | AL83: =(AK83/1.18)/2+((AK83/1.18)*0.18) -> 0 | AM83: =(AK83/1.18)/2 -> 0 | AZ83: =(AY83/1.18)/2+((AY83/1.18)*0.18) -> 0 | BA83: =(AY83/1.18)/2 -> 0 | BG83: =(BF83/1.18)/2+((BF83/1.18)*0.18) -> 0 | BH83: =(BF83/1.18)/2 -> 0 | BU83: =(BT83/1.18)/2+((BT83/1.18)*0.18) -> 0 | BV83: =(BT83/1.18)/2 -> 0 | CB83: =(CA83/1.18)/2+((CA83/1.18)*0.18) -> 0 | CC83: =(CA83/1.18)/2 -> 0 | CI83: =(CH83/1.18)/2+((CH83/1.18)*0.18) -> 0 | CJ83: =(CH83/1.18)/2 -> 0 | CP83: =(CO83/1.18)/2+((CO83/1.18)*0.18) -> 0 | CQ83: =(CO83/1.18)/2 -> 0 | CW83: =(CV83/1.18)/2+((CV83/1.18)*0.18) -> 0 | CX83: =(CV83/1.18)/2 -> 0 | DB83: =L83+S83+Z83+AD83+AK83+AY83+BF83+BT83+CA83+CH83+CO83+CV83 -> 0 | DC83: =M83+T83+AA83+AE83+AL83+AZ83+BG83+BU83+CB83+CI83+CP83+CW83 -> 0 | DD83: =N83+U83+AB83+AF83+AM83+BA83+BH83+BV83+CC83+CJ83+CQ83+CX83 -> 0 | DE83: =O83+V83+AG83+AN83+BB83+BI83+BW83+CD83+CK83+CR83+CY83 -> 0 | DF83: =P83+W83+AH83+AO83+BC83+BJ83+BX83+CE83+CL83+CS83+CZ83 -> 0 | DG83: =Q83+X83+AI83+AP83+BD83+BK83+BY83+CF83+CM83+CT83+DA83 -> 0
B84: =B83+1 -> 78 | C84: =+#REF! -> #REF! | D84: K | E84: =#REF! -> #REF! | F84: =SUMIF(#REF!,$E84,#REF!) -> #REF! | G84: =SUMIF(#REF!,$E84,#REF!) -> #REF! | H84: =+G84+F84 -> #REF! | I84: =H84 -> #REF! | M84: =(L84/1.18)/2+((L84/1.18)*0.18) -> 0 | N84: =(L84/1.18)/2 -> 0 | T84: =(S84/1.18)/2+((S84/1.18)*0.18) -> 0 | U84: =(S84/1.18)/2 -> 0 | AA84: =(Z84/1.18)/2+((Z84/1.18)*0.18) -> 0 | AB84: =(Z84/1.18)/2 -> 0 | AE84: =(AD84/1.18)/2+((AD84/1.18)*0.18) -> 0 | AF84: =(AD84/1.18)/2 -> 0 | AL84: =(AK84/1.18)/2+((AK84/1.18)*0.18) -> 0 | AM84: =(AK84/1.18)/2 -> 0 | AZ84: =(AY84/1.18)/2+((AY84/1.18)*0.18) -> 0 | BA84: =(AY84/1.18)/2 -> 0 | BG84: =(BF84/1.18)/2+((BF84/1.18)*0.18) -> 0 | BH84: =(BF84/1.18)/2 -> 0 | BU84: =(BT84/1.18)/2+((BT84/1.18)*0.18) -> 0 | BV84: =(BT84/1.18)/2 -> 0 | CB84: =(CA84/1.18)/2+((CA84/1.18)*0.18) -> 0 | CC84: =(CA84/1.18)/2 -> 0 | CI84: =(CH84/1.18)/2+((CH84/1.18)*0.18) -> 0 | CJ84: =(CH84/1.18)/2 -> 0 | CP84: =(CO84/1.18)/2+((CO84/1.18)*0.18) -> 0 | CQ84: =(CO84/1.18)/2 -> 0 | CW84: =(CV84/1.18)/2+((CV84/1.18)*0.18) -> 0 | CX84: =(CV84/1.18)/2 -> 0 | DB84: =L84+S84+Z84+AD84+AK84+AY84+BF84+BT84+CA84+CH84+CO84+CV84 -> 0 | DC84: =M84+T84+AA84+AE84+AL84+AZ84+BG84+BU84+CB84+CI84+CP84+CW84 -> 0 | DD84: =N84+U84+AB84+AF84+AM84+BA84+BH84+BV84+CC84+CJ84+CQ84+CX84 -> 0 | DE84: =O84+V84+AG84+AN84+BB84+BI84+BW84+CD84+CK84+CR84+CY84 -> 0 | DF84: =P84+W84+AH84+AO84+BC84+BJ84+BX84+CE84+CL84+CS84+CZ84 -> 0 | DG84: =Q84+X84+AI84+AP84+BD84+BK84+BY84+CF84+CM84+CT84+DA84 -> 0
B85: =B84+1 -> 79 | C85: =+#REF! -> #REF! | D85: K | E85: =#REF! -> #REF! | F85: =SUMIF(#REF!,$E85,#REF!) -> #REF! | G85: =SUMIF(#REF!,$E85,#REF!) -> #REF! | H85: =+G85+F85 -> #REF! | I85: =H85 -> #REF! | M85: =(L85/1.18)/2+((L85/1.18)*0.18) -> 0 | N85: =(L85/1.18)/2 -> 0 | T85: =(S85/1.18)/2+((S85/1.18)*0.18) -> 0 | U85: =(S85/1.18)/2 -> 0 | AA85: =(Z85/1.18)/2+((Z85/1.18)*0.18) -> 0 | AB85: =(Z85/1.18)/2 -> 0 | AE85: =(AD85/1.18)/2+((AD85/1.18)*0.18) -> 0 | AF85: =(AD85/1.18)/2 -> 0 | AL85: =(AK85/1.18)/2+((AK85/1.18)*0.18) -> 0 | AM85: =(AK85/1.18)/2 -> 0 | AZ85: =(AY85/1.18)/2+((AY85/1.18)*0.18) -> 0 | BA85: =(AY85/1.18)/2 -> 0 | BG85: =(BF85/1.18)/2+((BF85/1.18)*0.18) -> 0 | BH85: =(BF85/1.18)/2 -> 0 | BU85: =(BT85/1.18)/2+((BT85/1.18)*0.18) -> 0 | BV85: =(BT85/1.18)/2 -> 0 | CB85: =(CA85/1.18)/2+((CA85/1.18)*0.18) -> 0 | CC85: =(CA85/1.18)/2 -> 0 | CI85: =(CH85/1.18)/2+((CH85/1.18)*0.18) -> 0 | CJ85: =(CH85/1.18)/2 -> 0 | CP85: =(CO85/1.18)/2+((CO85/1.18)*0.18) -> 0 | CQ85: =(CO85/1.18)/2 -> 0 | CW85: =(CV85/1.18)/2+((CV85/1.18)*0.18) -> 0 | CX85: =(CV85/1.18)/2 -> 0 | DB85: =L85+S85+Z85+AD85+AK85+AY85+BF85+BT85+CA85+CH85+CO85+CV85 -> 0 | DC85: =M85+T85+AA85+AE85+AL85+AZ85+BG85+BU85+CB85+CI85+CP85+CW85 -> 0 | DD85: =N85+U85+AB85+AF85+AM85+BA85+BH85+BV85+CC85+CJ85+CQ85+CX85 -> 0 | DE85: =O85+V85+AG85+AN85+BB85+BI85+BW85+CD85+CK85+CR85+CY85 -> 0 | DF85: =P85+W85+AH85+AO85+BC85+BJ85+BX85+CE85+CL85+CS85+CZ85 -> 0 | DG85: =Q85+X85+AI85+AP85+BD85+BK85+BY85+CF85+CM85+CT85+DA85 -> 0
B86: =B85+1 -> 80 | C86: =+#REF! -> #REF! | D86: K | E86: =#REF! -> #REF! | F86: =SUMIF(#REF!,$E86,#REF!) -> #REF! | G86: =SUMIF(#REF!,$E86,#REF!) -> #REF! | H86: =+G86+F86 -> #REF! | I86: =H86 -> #REF! | M86: =(L86/1.18)/2+((L86/1.18)*0.18) -> 0 | N86: =(L86/1.18)/2 -> 0 | T86: =(S86/1.18)/2+((S86/1.18)*0.18) -> 0 | U86: =(S86/1.18)/2 -> 0 | AA86: =(Z86/1.18)/2+((Z86/1.18)*0.18) -> 0 | AB86: =(Z86/1.18)/2 -> 0 | AE86: =(AD86/1.18)/2+((AD86/1.18)*0.18) -> 0 | AF86: =(AD86/1.18)/2 -> 0 | AL86: =(AK86/1.18)/2+((AK86/1.18)*0.18) -> 0 | AM86: =(AK86/1.18)/2 -> 0 | AZ86: =(AY86/1.18)/2+((AY86/1.18)*0.18) -> 0 | BA86: =(AY86/1.18)/2 -> 0 | BG86: =(BF86/1.18)/2+((BF86/1.18)*0.18) -> 0 | BH86: =(BF86/1.18)/2 -> 0 | BU86: =(BT86/1.18)/2+((BT86/1.18)*0.18) -> 0 | BV86: =(BT86/1.18)/2 -> 0 | CB86: =(CA86/1.18)/2+((CA86/1.18)*0.18) -> 0 | CC86: =(CA86/1.18)/2 -> 0 | CI86: =(CH86/1.18)/2+((CH86/1.18)*0.18) -> 0 | CJ86: =(CH86/1.18)/2 -> 0 | CP86: =(CO86/1.18)/2+((CO86/1.18)*0.18) -> 0 | CQ86: =(CO86/1.18)/2 -> 0 | CW86: =(CV86/1.18)/2+((CV86/1.18)*0.18) -> 0 | CX86: =(CV86/1.18)/2 -> 0 | DB86: =L86+S86+Z86+AD86+AK86+AY86+BF86+BT86+CA86+CH86+CO86+CV86 -> 0 | DC86: =M86+T86+AA86+AE86+AL86+AZ86+BG86+BU86+CB86+CI86+CP86+CW86 -> 0 | DD86: =N86+U86+AB86+AF86+AM86+BA86+BH86+BV86+CC86+CJ86+CQ86+CX86 -> 0 | DE86: =O86+V86+AG86+AN86+BB86+BI86+BW86+CD86+CK86+CR86+CY86 -> 0 | DF86: =P86+W86+AH86+AO86+BC86+BJ86+BX86+CE86+CL86+CS86+CZ86 -> 0 | DG86: =Q86+X86+AI86+AP86+BD86+BK86+BY86+CF86+CM86+CT86+DA86 -> 0
B87: =B86+1 -> 81 | C87: =+#REF! -> #REF! | D87: K | E87: =#REF! -> #REF! | F87: =SUMIF(#REF!,$E87,#REF!) -> #REF! | G87: =SUMIF(#REF!,$E87,#REF!) -> #REF! | H87: =+G87+F87 -> #REF! | I87: =H87 -> #REF! | M87: =(L87/1.18)/2+((L87/1.18)*0.18) -> 0 | N87: =(L87/1.18)/2 -> 0 | T87: =(S87/1.18)/2+((S87/1.18)*0.18) -> 0 | U87: =(S87/1.18)/2 -> 0 | AA87: =(Z87/1.18)/2+((Z87/1.18)*0.18) -> 0 | AB87: =(Z87/1.18)/2 -> 0 | AE87: =(AD87/1.18)/2+((AD87/1.18)*0.18) -> 0 | AF87: =(AD87/1.18)/2 -> 0 | AL87: =(AK87/1.18)/2+((AK87/1.18)*0.18) -> 0 | AM87: =(AK87/1.18)/2 -> 0 | AZ87: =(AY87/1.18)/2+((AY87/1.18)*0.18) -> 0 | BA87: =(AY87/1.18)/2 -> 0 | BG87: =(BF87/1.18)/2+((BF87/1.18)*0.18) -> 0 | BH87: =(BF87/1.18)/2 -> 0 | BU87: =(BT87/1.18)/2+((BT87/1.18)*0.18) -> 0 | BV87: =(BT87/1.18)/2 -> 0 | CB87: =(CA87/1.18)/2+((CA87/1.18)*0.18) -> 0 | CC87: =(CA87/1.18)/2 -> 0 | CI87: =(CH87/1.18)/2+((CH87/1.18)*0.18) -> 0 | CJ87: =(CH87/1.18)/2 -> 0 | CP87: =(CO87/1.18)/2+((CO87/1.18)*0.18) -> 0 | CQ87: =(CO87/1.18)/2 -> 0 | CW87: =(CV87/1.18)/2+((CV87/1.18)*0.18) -> 0 | CX87: =(CV87/1.18)/2 -> 0 | DB87: =L87+S87+Z87+AD87+AK87+AY87+BF87+BT87+CA87+CH87+CO87+CV87 -> 0 | DC87: =M87+T87+AA87+AE87+AL87+AZ87+BG87+BU87+CB87+CI87+CP87+CW87 -> 0 | DD87: =N87+U87+AB87+AF87+AM87+BA87+BH87+BV87+CC87+CJ87+CQ87+CX87 -> 0 | DE87: =O87+V87+AG87+AN87+BB87+BI87+BW87+CD87+CK87+CR87+CY87 -> 0 | DF87: =P87+W87+AH87+AO87+BC87+BJ87+BX87+CE87+CL87+CS87+CZ87 -> 0 | DG87: =Q87+X87+AI87+AP87+BD87+BK87+BY87+CF87+CM87+CT87+DA87 -> 0
B88: =B87+1 -> 82 | C88: =+#REF! -> #REF! | D88: K | E88: =#REF! -> #REF! | F88: =SUMIF(#REF!,$E88,#REF!) -> #REF! | G88: =SUMIF(#REF!,$E88,#REF!) -> #REF! | H88: =+G88+F88 -> #REF! | I88: =H88 -> #REF! | M88: =(L88/1.18)/2+((L88/1.18)*0.18) -> 0 | N88: =(L88/1.18)/2 -> 0 | T88: =(S88/1.18)/2+((S88/1.18)*0.18) -> 0 | U88: =(S88/1.18)/2 -> 0 | AA88: =(Z88/1.18)/2+((Z88/1.18)*0.18) -> 0 | AB88: =(Z88/1.18)/2 -> 0 | AE88: =(AD88/1.18)/2+((AD88/1.18)*0.18) -> 0 | AF88: =(AD88/1.18)/2 -> 0 | AL88: =(AK88/1.18)/2+((AK88/1.18)*0.18) -> 0 | AM88: =(AK88/1.18)/2 -> 0 | AZ88: =(AY88/1.18)/2+((AY88/1.18)*0.18) -> 0 | BA88: =(AY88/1.18)/2 -> 0 | BG88: =(BF88/1.18)/2+((BF88/1.18)*0.18) -> 0 | BH88: =(BF88/1.18)/2 -> 0 | BU88: =(BT88/1.18)/2+((BT88/1.18)*0.18) -> 0 | BV88: =(BT88/1.18)/2 -> 0 | CB88: =(CA88/1.18)/2+((CA88/1.18)*0.18) -> 0 | CC88: =(CA88/1.18)/2 -> 0 | CI88: =(CH88/1.18)/2+((CH88/1.18)*0.18) -> 0 | CJ88: =(CH88/1.18)/2 -> 0 | CP88: =(CO88/1.18)/2+((CO88/1.18)*0.18) -> 0 | CQ88: =(CO88/1.18)/2 -> 0 | CW88: =(CV88/1.18)/2+((CV88/1.18)*0.18) -> 0 | CX88: =(CV88/1.18)/2 -> 0 | DB88: =L88+S88+Z88+AD88+AK88+AY88+BF88+BT88+CA88+CH88+CO88+CV88 -> 0 | DC88: =M88+T88+AA88+AE88+AL88+AZ88+BG88+BU88+CB88+CI88+CP88+CW88 -> 0 | DD88: =N88+U88+AB88+AF88+AM88+BA88+BH88+BV88+CC88+CJ88+CQ88+CX88 -> 0 | DE88: =O88+V88+AG88+AN88+BB88+BI88+BW88+CD88+CK88+CR88+CY88 -> 0 | DF88: =P88+W88+AH88+AO88+BC88+BJ88+BX88+CE88+CL88+CS88+CZ88 -> 0 | DG88: =Q88+X88+AI88+AP88+BD88+BK88+BY88+CF88+CM88+CT88+DA88 -> 0
B89: =B88+1 -> 83 | C89: =+#REF! -> #REF! | D89: K | E89: =#REF! -> #REF! | F89: =SUMIF(#REF!,$E89,#REF!) -> #REF! | G89: =SUMIF(#REF!,$E89,#REF!) -> #REF! | H89: =+G89+F89 -> #REF! | I89: =H89 -> #REF! | M89: =(L89/1.18)/2+((L89/1.18)*0.18) -> 0 | N89: =(L89/1.18)/2 -> 0 | T89: =(S89/1.18)/2+((S89/1.18)*0.18) -> 0 | U89: =(S89/1.18)/2 -> 0 | AA89: =(Z89/1.18)/2+((Z89/1.18)*0.18) -> 0 | AB89: =(Z89/1.18)/2 -> 0 | AE89: =(AD89/1.18)/2+((AD89/1.18)*0.18) -> 0 | AF89: =(AD89/1.18)/2 -> 0 | AL89: =(AK89/1.18)/2+((AK89/1.18)*0.18) -> 0 | AM89: =(AK89/1.18)/2 -> 0 | AZ89: =(AY89/1.18)/2+((AY89/1.18)*0.18) -> 0 | BA89: =(AY89/1.18)/2 -> 0 | BG89: =(BF89/1.18)/2+((BF89/1.18)*0.18) -> 0 | BH89: =(BF89/1.18)/2 -> 0 | BU89: =(BT89/1.18)/2+((BT89/1.18)*0.18) -> 0 | BV89: =(BT89/1.18)/2 -> 0 | CB89: =(CA89/1.18)/2+((CA89/1.18)*0.18) -> 0 | CC89: =(CA89/1.18)/2 -> 0 | CI89: =(CH89/1.18)/2+((CH89/1.18)*0.18) -> 0 | CJ89: =(CH89/1.18)/2 -> 0 | CP89: =(CO89/1.18)/2+((CO89/1.18)*0.18) -> 0 | CQ89: =(CO89/1.18)/2 -> 0 | CW89: =(CV89/1.18)/2+((CV89/1.18)*0.18) -> 0 | CX89: =(CV89/1.18)/2 -> 0 | DB89: =L89+S89+Z89+AD89+AK89+AY89+BF89+BT89+CA89+CH89+CO89+CV89 -> 0 | DC89: =M89+T89+AA89+AE89+AL89+AZ89+BG89+BU89+CB89+CI89+CP89+CW89 -> 0 | DD89: =N89+U89+AB89+AF89+AM89+BA89+BH89+BV89+CC89+CJ89+CQ89+CX89 -> 0 | DE89: =O89+V89+AG89+AN89+BB89+BI89+BW89+CD89+CK89+CR89+CY89 -> 0 | DF89: =P89+W89+AH89+AO89+BC89+BJ89+BX89+CE89+CL89+CS89+CZ89 -> 0 | DG89: =Q89+X89+AI89+AP89+BD89+BK89+BY89+CF89+CM89+CT89+DA89 -> 0
B90: =B89+1 -> 84 | C90: =+#REF! -> #REF! | D90: K | E90: =#REF! -> #REF! | F90: =SUMIF(#REF!,$E90,#REF!) -> #REF! | G90: =SUMIF(#REF!,$E90,#REF!) -> #REF! | H90: =+G90+F90 -> #REF! | I90: =H90 -> #REF! | M90: =(L90/1.18)/2+((L90/1.18)*0.18) -> 0 | N90: =(L90/1.18)/2 -> 0 | T90: =(S90/1.18)/2+((S90/1.18)*0.18) -> 0 | U90: =(S90/1.18)/2 -> 0 | AA90: =(Z90/1.18)/2+((Z90/1.18)*0.18) -> 0 | AB90: =(Z90/1.18)/2 -> 0 | AE90: =(AD90/1.18)/2+((AD90/1.18)*0.18) -> 0 | AF90: =(AD90/1.18)/2 -> 0 | AL90: =(AK90/1.18)/2+((AK90/1.18)*0.18) -> 0 | AM90: =(AK90/1.18)/2 -> 0 | AZ90: =(AY90/1.18)/2+((AY90/1.18)*0.18) -> 0 | BA90: =(AY90/1.18)/2 -> 0 | BG90: =(BF90/1.18)/2+((BF90/1.18)*0.18) -> 0 | BH90: =(BF90/1.18)/2 -> 0 | BU90: =(BT90/1.18)/2+((BT90/1.18)*0.18) -> 0 | BV90: =(BT90/1.18)/2 -> 0 | CB90: =(CA90/1.18)/2+((CA90/1.18)*0.18) -> 0 | CC90: =(CA90/1.18)/2 -> 0 | CI90: =(CH90/1.18)/2+((CH90/1.18)*0.18) -> 0 | CJ90: =(CH90/1.18)/2 -> 0 | CP90: =(CO90/1.18)/2+((CO90/1.18)*0.18) -> 0 | CQ90: =(CO90/1.18)/2 -> 0 | CW90: =(CV90/1.18)/2+((CV90/1.18)*0.18) -> 0 | CX90: =(CV90/1.18)/2 -> 0 | DB90: =L90+S90+Z90+AD90+AK90+AY90+BF90+BT90+CA90+CH90+CO90+CV90 -> 0 | DC90: =M90+T90+AA90+AE90+AL90+AZ90+BG90+BU90+CB90+CI90+CP90+CW90 -> 0 | DD90: =N90+U90+AB90+AF90+AM90+BA90+BH90+BV90+CC90+CJ90+CQ90+CX90 -> 0 | DE90: =O90+V90+AG90+AN90+BB90+BI90+BW90+CD90+CK90+CR90+CY90 -> 0 | DF90: =P90+W90+AH90+AO90+BC90+BJ90+BX90+CE90+CL90+CS90+CZ90 -> 0 | DG90: =Q90+X90+AI90+AP90+BD90+BK90+BY90+CF90+CM90+CT90+DA90 -> 0
B91: =B90+1 -> 85 | C91: =+#REF! -> #REF! | D91: K | E91: =#REF! -> #REF! | F91: =SUMIF(#REF!,$E91,#REF!) -> #REF! | G91: =SUMIF(#REF!,$E91,#REF!) -> #REF! | H91: =+G91+F91 -> #REF! | I91: =H91 -> #REF! | M91: =(L91/1.18)/2+((L91/1.18)*0.18) -> 0 | N91: =(L91/1.18)/2 -> 0 | T91: =(S91/1.18)/2+((S91/1.18)*0.18) -> 0 | U91: =(S91/1.18)/2 -> 0 | AA91: =(Z91/1.18)/2+((Z91/1.18)*0.18) -> 0 | AB91: =(Z91/1.18)/2 -> 0 | AE91: =(AD91/1.18)/2+((AD91/1.18)*0.18) -> 0 | AF91: =(AD91/1.18)/2 -> 0 | AL91: =(AK91/1.18)/2+((AK91/1.18)*0.18) -> 0 | AM91: =(AK91/1.18)/2 -> 0 | AZ91: =(AY91/1.18)/2+((AY91/1.18)*0.18) -> 0 | BA91: =(AY91/1.18)/2 -> 0 | BG91: =(BF91/1.18)/2+((BF91/1.18)*0.18) -> 0 | BH91: =(BF91/1.18)/2 -> 0 | BU91: =(BT91/1.18)/2+((BT91/1.18)*0.18) -> 0 | BV91: =(BT91/1.18)/2 -> 0 | CB91: =(CA91/1.18)/2+((CA91/1.18)*0.18) -> 0 | CC91: =(CA91/1.18)/2 -> 0 | CI91: =(CH91/1.18)/2+((CH91/1.18)*0.18) -> 0 | CJ91: =(CH91/1.18)/2 -> 0 | CP91: =(CO91/1.18)/2+((CO91/1.18)*0.18) -> 0 | CQ91: =(CO91/1.18)/2 -> 0 | CW91: =(CV91/1.18)/2+((CV91/1.18)*0.18) -> 0 | CX91: =(CV91/1.18)/2 -> 0 | DB91: =L91+S91+Z91+AD91+AK91+AY91+BF91+BT91+CA91+CH91+CO91+CV91 -> 0 | DC91: =M91+T91+AA91+AE91+AL91+AZ91+BG91+BU91+CB91+CI91+CP91+CW91 -> 0 | DD91: =N91+U91+AB91+AF91+AM91+BA91+BH91+BV91+CC91+CJ91+CQ91+CX91 -> 0 | DE91: =O91+V91+AG91+AN91+BB91+BI91+BW91+CD91+CK91+CR91+CY91 -> 0 | DF91: =P91+W91+AH91+AO91+BC91+BJ91+BX91+CE91+CL91+CS91+CZ91 -> 0 | DG91: =Q91+X91+AI91+AP91+BD91+BK91+BY91+CF91+CM91+CT91+DA91 -> 0
B92: =B91+1 -> 86 | C92: =+#REF! -> #REF! | D92: K | E92: =#REF! -> #REF! | F92: =SUMIF(#REF!,$E92,#REF!) -> #REF! | G92: =SUMIF(#REF!,$E92,#REF!) -> #REF! | H92: =+G92+F92 -> #REF! | I92: =H92 -> #REF! | M92: =(L92/1.18)/2+((L92/1.18)*0.18) -> 0 | N92: =(L92/1.18)/2 -> 0 | T92: =(S92/1.18)/2+((S92/1.18)*0.18) -> 0 | U92: =(S92/1.18)/2 -> 0 | AA92: =(Z92/1.18)/2+((Z92/1.18)*0.18) -> 0 | AB92: =(Z92/1.18)/2 -> 0 | AE92: =(AD92/1.18)/2+((AD92/1.18)*0.18) -> 0 | AF92: =(AD92/1.18)/2 -> 0 | AL92: =(AK92/1.18)/2+((AK92/1.18)*0.18) -> 0 | AM92: =(AK92/1.18)/2 -> 0 | AZ92: =(AY92/1.18)/2+((AY92/1.18)*0.18) -> 0 | BA92: =(AY92/1.18)/2 -> 0 | BG92: =(BF92/1.18)/2+((BF92/1.18)*0.18) -> 0 | BH92: =(BF92/1.18)/2 -> 0 | BU92: =(BT92/1.18)/2+((BT92/1.18)*0.18) -> 0 | BV92: =(BT92/1.18)/2 -> 0 | CB92: =(CA92/1.18)/2+((CA92/1.18)*0.18) -> 0 | CC92: =(CA92/1.18)/2 -> 0 | CI92: =(CH92/1.18)/2+((CH92/1.18)*0.18) -> 0 | CJ92: =(CH92/1.18)/2 -> 0 | CP92: =(CO92/1.18)/2+((CO92/1.18)*0.18) -> 0 | CQ92: =(CO92/1.18)/2 -> 0 | CW92: =(CV92/1.18)/2+((CV92/1.18)*0.18) -> 0 | CX92: =(CV92/1.18)/2 -> 0 | DB92: =L92+S92+Z92+AD92+AK92+AY92+BF92+BT92+CA92+CH92+CO92+CV92 -> 0 | DC92: =M92+T92+AA92+AE92+AL92+AZ92+BG92+BU92+CB92+CI92+CP92+CW92 -> 0 | DD92: =N92+U92+AB92+AF92+AM92+BA92+BH92+BV92+CC92+CJ92+CQ92+CX92 -> 0 | DE92: =O92+V92+AG92+AN92+BB92+BI92+BW92+CD92+CK92+CR92+CY92 -> 0 | DF92: =P92+W92+AH92+AO92+BC92+BJ92+BX92+CE92+CL92+CS92+CZ92 -> 0 | DG92: =Q92+X92+AI92+AP92+BD92+BK92+BY92+CF92+CM92+CT92+DA92 -> 0
B93: =B92+1 -> 87 | C93: =+#REF! -> #REF! | D93: K | E93: =#REF! -> #REF! | F93: =SUMIF(#REF!,$E93,#REF!) -> #REF! | G93: =SUMIF(#REF!,$E93,#REF!) -> #REF! | H93: =+G93+F93 -> #REF! | I93: =H93 -> #REF! | M93: =(L93/1.18)/2+((L93/1.18)*0.18) -> 0 | N93: =(L93/1.18)/2 -> 0 | T93: =(S93/1.18)/2+((S93/1.18)*0.18) -> 0 | U93: =(S93/1.18)/2 -> 0 | AA93: =(Z93/1.18)/2+((Z93/1.18)*0.18) -> 0 | AB93: =(Z93/1.18)/2 -> 0 | AE93: =(AD93/1.18)/2+((AD93/1.18)*0.18) -> 0 | AF93: =(AD93/1.18)/2 -> 0 | AL93: =(AK93/1.18)/2+((AK93/1.18)*0.18) -> 0 | AM93: =(AK93/1.18)/2 -> 0 | AZ93: =(AY93/1.18)/2+((AY93/1.18)*0.18) -> 0 | BA93: =(AY93/1.18)/2 -> 0 | BG93: =(BF93/1.18)/2+((BF93/1.18)*0.18) -> 0 | BH93: =(BF93/1.18)/2 -> 0 | BU93: =(BT93/1.18)/2+((BT93/1.18)*0.18) -> 0 | BV93: =(BT93/1.18)/2 -> 0 | CB93: =(CA93/1.18)/2+((CA93/1.18)*0.18) -> 0 | CC93: =(CA93/1.18)/2 -> 0 | CI93: =(CH93/1.18)/2+((CH93/1.18)*0.18) -> 0 | CJ93: =(CH93/1.18)/2 -> 0 | CP93: =(CO93/1.18)/2+((CO93/1.18)*0.18) -> 0 | CQ93: =(CO93/1.18)/2 -> 0 | CW93: =(CV93/1.18)/2+((CV93/1.18)*0.18) -> 0 | CX93: =(CV93/1.18)/2 -> 0 | DB93: =L93+S93+Z93+AD93+AK93+AY93+BF93+BT93+CA93+CH93+CO93+CV93 -> 0 | DC93: =M93+T93+AA93+AE93+AL93+AZ93+BG93+BU93+CB93+CI93+CP93+CW93 -> 0 | DD93: =N93+U93+AB93+AF93+AM93+BA93+BH93+BV93+CC93+CJ93+CQ93+CX93 -> 0 | DE93: =O93+V93+AG93+AN93+BB93+BI93+BW93+CD93+CK93+CR93+CY93 -> 0 | DF93: =P93+W93+AH93+AO93+BC93+BJ93+BX93+CE93+CL93+CS93+CZ93 -> 0 | DG93: =Q93+X93+AI93+AP93+BD93+BK93+BY93+CF93+CM93+CT93+DA93 -> 0
... B100: =B99+1 -> 94 | C100: =+#REF! -> #REF! | D100: K | E100: =#REF! -> #REF! | F100: =SUMIF(#REF!,$E100,#REF!) -> #REF! | G100: =SUMIF(#REF!,$E100,#REF!) -> #REF! | H100: =+G100+F100 -> #REF! | I100: =H100 -> #REF! | M100: =(L100/1.18)/2+((L100/1.18)*0.18) -> 0 | N100: =(L100/1.18)/2 -> 0 | T100: =(S100/1.18)/2+((S100/1.18)*0.18) -> 0 | U100: =(S100/1.18)/2 -> 0 | AA100: =(Z100/1.18)/2+((Z100/1.18)*0.18) -> 0 | AB100: =(Z100/1.18)/2 -> 0 | AE100: =(AD100/1.18)/2+((AD100/1.18)*0.18) -> 0 | AF100: =(AD100/1.18)/2 -> 0 | AL100: =(AK100/1.18)/2+((AK100/1.18)*0.18) -> 0 | AM100: =(AK100/1.18)/2 -> 0 | AZ100: =(AY100/1.18)/2+((AY100/1.18)*0.18) -> 0 | BA100: =(AY100/1.18)/2 -> 0 | BG100: =(BF100/1.18)/2+((BF100/1.18)*0.18) -> 0 | BH100: =(BF100/1.18)/2 -> 0 | BU100: =(BT100/1.18)/2+((BT100/1.18)*0.18) -> 0 | BV100: =(BT100/1.18)/2 -> 0 | CB100: =(CA100/1.18)/2+((CA100/1.18)*0.18) -> 0 | CC100: =(CA100/1.18)/2 -> 0 | CI100: =(CH100/1.18)/2+((CH100/1.18)*0.18) -> 0 | CJ100: =(CH100/1.18)/2 -> 0 | CP100: =(CO100/1.18)/2+((CO100/1.18)*0.18) -> 0 | CQ100: =(CO100/1.18)/2 -> 0 | CW100: =(CV100/1.18)/2+((CV100/1.18)*0.18) -> 0 | CX100: =(CV100/1.18)/2 -> 0 | DB100: =L100+S100+Z100+AD100+AK100+AY100+BF100+BT100+CA100+CH100+CO100+CV100 -> 0 | DC100: =M100+T100+AA100+AE100+AL100+AZ100+BG100+BU100+CB100+CI100+CP100+CW100 -> 0 | DD100: =N100+U100+AB100+AF100+AM100+BA100+BH100+BV100+CC100+CJ100+CQ100+CX100 -> 0 | DE100: =O100+V100+AG100+AN100+BB100+BI100+BW100+CD100+CK100+CR100+CY100 -> 0 | DF100: =P100+W100+AH100+AO100+BC100+BJ100+BX100+CE100+CL100+CS100+CZ100 -> 0 | DG100: =Q100+X100+AI100+AP100+BD100+BK100+BY100+CF100+CM100+CT100+DA100 -> 0
B101: =B100+1 -> 95 | C101: =+#REF! -> #REF! | D101: K | E101: =#REF! -> #REF! | F101: =SUMIF(#REF!,$E101,#REF!) -> #REF! | G101: =SUMIF(#REF!,$E101,#REF!) -> #REF! | H101: =+G101+F101 -> #REF! | I101: =H101 -> #REF! | M101: =(L101/1.18)/2+((L101/1.18)*0.18) -> 0 | N101: =(L101/1.18)/2 -> 0 | T101: =(S101/1.18)/2+((S101/1.18)*0.18) -> 0 | U101: =(S101/1.18)/2 -> 0 | AA101: =Z101/2 -> 0 | AB101: =Z101/2 -> 0 | AE101: =(AD101/1.18)/2+((AD101/1.18)*0.18) -> 0 | AF101: =(AD101/1.18)/2 -> 0 | AL101: =(AK101/1.18)/2+((AK101/1.18)*0.18) -> 0 | AM101: =(AK101/1.18)/2 -> 0 | AZ101: =(AY101/1.18)/2+((AY101/1.18)*0.18) -> 0 | BA101: =(AY101/1.18)/2 -> 0 | BG101: =(BF101/1.18)/2+((BF101/1.18)*0.18) -> 0 | BH101: =(BF101/1.18)/2 -> 0 | BU101: =(BT101/1.18)/2+((BT101/1.18)*0.18) -> 0 | BV101: =(BT101/1.18)/2 -> 0 | CB101: =(CA101/1.18)/2+((CA101/1.18)*0.18) -> 0 | CC101: =(CA101/1.18)/2 -> 0 | CI101: =(CH101/1.18)/2+((CH101/1.18)*0.18) -> 0 | CJ101: =(CH101/1.18)/2 -> 0 | CP101: =(CO101/1.18)/2+((CO101/1.18)*0.18) -> 0 | CQ101: =(CO101/1.18)/2 -> 0 | CW101: =(CV101/1.18)/2+((CV101/1.18)*0.18) -> 0 | CX101: =(CV101/1.18)/2 -> 0 | DB101: =L101+S101+Z101+AD101+AK101+AY101+BF101+BT101+CA101+CH101+CO101+CV101 -> 0 | DC101: =M101+T101+AA101+AE101+AL101+AZ101+BG101+BU101+CB101+CI101+CP101+CW101 -> 0 | DD101: =N101+U101+AB101+AF101+AM101+BA101+BH101+BV101+CC101+CJ101+CQ101+CX101 -> 0 | DE101: =O101+V101+AG101+AN101+BB101+BI101+BW101+CD101+CK101+CR101+CY101 -> 0 | DF101: =P101+W101+AH101+AO101+BC101+BJ101+BX101+CE101+CL101+CS101+CZ101 -> 0 | DG101: =Q101+X101+AI101+AP101+BD101+BK101+BY101+CF101+CM101+CT101+DA101 -> 0
